Workbook
Name BASPC29: #REF!
Name CENTRAL_ADMINISTRATIVA_Y_CONTABLE_ESPECIALIZADA_TELEMÁTICA: #REF!
Name Rubros: #REF!

Sheet DISTRIBUCION PRESUPUESTAL
B2: TIPO DE GASTO | C2: CTA | D2: SUB | E2: OBJG | F2: ORD | G2: SUB - ORD | H2: FUENTE | I2: REC | J2: C/S | K2: DESCRIPCIÓN | L2: VALOR
B3: A | C3: 02 | D3: 02 | E3: 01 | F3: 004 | G3: 003 | H3: NACIÓN | I3: 16 | J3: CSF | K3: MAQUINA PARA USO GENERAL | L3: =+'PRESUPUESTO POR UNIDAD'!#REF! -> #REF!
B4: A | C4: 02 | D4: 02 | E4: 02 | F4: 008 | G4: 007 | H4: NACIÓN | I4: 10 | J4: SSF | K4: SERVICIOS DE MANTENIMIENTO Y REPARACIÓN DE OTRA MAQUINARIA Y OTRO E QUIPO | L4: =+'PRESUPUESTO POR UNIDAD'!#REF! -> #REF!
B5: TOTAL PRESUPUESTO ASIGNADO VIGENCIA 2024 | L5: =SUM(L3:L4) -> #REF!

Sheet ANALISIS DE COTIZACIONES
B4: ANÁLISIS DE COTIZACIONES
E5: PRECIOS HISTÓRICOS | F5: =+#REF! -> #REF! | G5: =+#REF! -> #REF! | H5: =+#REF! -> #REF! | I5: =+#REF! -> #REF! | J5: MENOR VALOR | K5: PROMEDIO | L5: MEDIA GEOMETRICA | M5: MEDIA ARMONICA | N5: DESVIACIÓN ESTANDAR | O5: COEFICIENTE DE VARIACIÓN | P5: PRECIO DE REFERENCIA | Q5: METRICA UTILIZADA
B6: ÍTEM | C6: DESCRIPCIÓN DEL BIEN Y/O SERVICIO | D6: UNIDAD MEDIDA | F6: VALOR UNITARIO IVA INCLUIDO (si aplica) | G6: VALOR UNITARIO IVA INCLUIDO (si aplica) | H6: VALOR UNITARIO IVA INCLUIDO (si aplica)
B7: 1 | C7: OVEROL IMPERMEABLE DE 2 PIEZAS: Tipo industrial calibre 18. Tallas de acuerdo a la necesidad de la unidad (S/M/L/XL) | D7: UNIDAD | F7: 89250 | G7: 119000 | H7: 146399.75 | I7: 213150 | J7: =ROUND(MIN(E7,F7,G7,H7),0) -> 89250 | K7: =ROUND(AVERAGE(E7,F7,G7,H7),0) -> 118217 | L7: =ROUND(GEOMEAN(E7,F7,G7,H7),0) -> 115851 | M7: =ROUND(HARMEAN(E7,F7,G7,H7),0) -> 113471 | N7: =ROUND(_xlfn.STDEV.P(E7,F7,G7,H7),0) -> 23338 | O7: =N7/K7 -> 0.19741662 | P7: =ROUND(IF(O7<=0.4,J7,IF(AND(O7>0.4,O7<=0.8),M7,IF(AND(O7>0.8,O7<=1.1),L7,K7))),0) -> 89250 | Q7: =IF(P7=J7,"MENOR VALOR",IF(P7=K7,"PROMEDIO",IF(P7=L7,"MEDIA GEOMETRICA",IF(P7=M7,"MEDIA ARMONICA")))) -> MENOR VALOR
B8: 2 | C8: OVEROL TIPO PILOTO (overol completo modelo piloto (12 cremalleras) en ristok milimetrado color verde militar, con cierre frontal doble carro nylon. 100% algodón cuello ajustado con cierre de contacto. dos bolsillos (centrados) en pecho con dimensiones de 14 centímetros de ancho por 22 centímetros de alto con cierres diagonales y cremallera en nylon. bolsillo portalápices en pecho izquierdo de 3.81 centímetros de ancho y 12.7 centímetros de largo. mangas con puños rectos ajustados con cierre en cremallera de 13.78 centímetros de largo. piernas rectas con cierre cremallera en nylon de 15.32 centímetros de largo. dos bolsillos de parche en la parte trasera de 14 centímetros de ancho por 22 centímetros de alto con cierres en cremallera nylon, espalda con fuelle y cintura elasticada. refuerzos acolchados (guata 500 x 2) en codos y rodillas de tipo rectangular de 20.32 centímetros, un bolsillo interior lateral a cada lado. dos bolsillos laterales en muslos de 14 centímetros de ancho por 22 centímetros de alto con cierres en cremallera nylon. tallas s – m – l – xl,) | D8: UNIDAD | F8: 142800 | G8: 214200 | H8: 211123.85 | I8: 281200 | J8: =ROUND(MIN(E8,F8,G8,H8),0) -> 142800 | K8: =ROUND(AVERAGE(E8,F8,G8,H8),0) -> 189375 | L8: =ROUND(GEOMEAN(E8,F8,G8,H8),0) -> 186221 | M8: =ROUND(HARMEAN(E8,F8,G8,H8),0) -> 182839 | N8: =ROUND(_xlfn.STDEV.P(E8,F8,G8,H8),0) -> 32957 | O8: =N8/K8 -> 0.17403036 | P8: =ROUND(IF(O8<=0.4,J8,IF(AND(O8>0.4,O8<=0.8),M8,IF(AND(O8>0.8,O8<=1.1),L8,K8))),0) -> 142800 | Q8: =IF(P8=J8,"MENOR VALOR",IF(P8=K8,"PROMEDIO",IF(P8=L8,"MEDIA GEOMETRICA",IF(P8=M8,"MEDIA ARMONICA")))) -> MENOR VALOR
B9: 3 | C9: TRAJE ENTERIZO CON CAPOTA O CAPUCHA, CON BOTAS ADHERIDAS AL TRAJE (VULCANIZADAS) Overol tipo fontanero fabricado bajo norma NTC 4615 en tela vinílica compacta con soporte textil en poliéster. Elaborado por proceso de electro sellado de alta frecuencia. Con bota integrada en PVC y con puntera. Color de bota Amarillo. Talla de acuerdo a la necesidad de la unidad (S/M/L/XL) | D9: UNIDAD | F9: 297500 | G9: 226100 | H9: 539368 | I9: 434000 | J9: =ROUND(MIN(E9,F9,G9,H9),0) -> 226100 | K9: =ROUND(AVERAGE(E9,F9,G9,H9),0) -> 354323 | L9: =ROUND(GEOMEAN(E9,F9,G9,H9),0) -> 331048 | M9: =ROUND(HARMEAN(E9,F9,G9,H9),0) -> 311262 | N9: =ROUND(_xlfn.STDEV.P(E9,F9,G9,H9),0) -> 134054 | O9: =N9/K9 -> 0.37833841 | P9: =ROUND(IF(O9<=0.4,J9,IF(AND(O9>0.4,O9<=0.8),M9,IF(AND(O9>0.8,O9<=1.1),L9,K9))),0) -> 226100 | Q9: =IF(P9=J9,"MENOR VALOR",IF(P9=K9,"PROMEDIO",IF(P9=L9,"MEDIA GEOMETRICA",IF(P9=M9,"MEDIA ARMONICA")))) -> MENOR VALOR
B10: 4 | C10: DELANTAL PARA SUSTANCIAS QUÍMICAS: sujeción de cuatro puntos, 2 cuello y 2 cintura. en poliéster recubierto pvc calibre 25 (0,58mm) sistema electro sellado. 82cm largo x 115cm ancho. materiales bajo norma astm, ntc3583, iso 9001. x und. tallas de acuerdo a la necesidad de la unidad (S/M/L/XL) | D10: UNIDAD | F10: 59500 | G10: 71400 | H10: 87179.4 | I10: 165600 | J10: =ROUND(MIN(E10,F10,G10,H10),0) -> 59500 | K10: =ROUND(AVERAGE(E10,F10,G10,H10),0) -> 72693 | L10: =ROUND(GEOMEAN(E10,F10,G10,H10),0) -> 71814 | M10: =ROUND(HARMEAN(E10,F10,G10,H10),0) -> 70951 | N10: =ROUND(_xlfn.STDEV.P(E10,F10,G10,H10),0) -> 11337 | O10: =N10/K10 -> 0.15595724 | P10: =ROUND(IF(O10<=0.4,J10,IF(AND(O10>0.4,O10<=0.8),M10,IF(AND(O10>0.8,O10<=1.1),L10,K10))),0) -> 59500 | Q10: =IF(P10=J10,"MENOR VALOR",IF(P10=K10,"PROMEDIO",IF(P10=L10,"MEDIA GEOMETRICA",IF(P10=M10,"MEDIA ARMONICA")))) -> MENOR VALOR
B11: 5 | C11: DELANTAL IMPERMEABLE RESISTENCIA QUIMICA: Delantal impermeable de PVC , material vinílico con soporte textil, electrosellado que hace de la prenda impermeable, tiras de sujeción en el cuello y la cintura. Protege la zona pectoral y ventral de salpicaduras y sprays de productos químicos. Protección contra productos químicos líquidos en forma de pulverización. Ideal para manipulación de químicos y limpiezas industriales. Muy alta resistencia mecánica y alta durabilidad. tallas de acuerdo a la necesidad de la unidad. | D11: UNIDAD | F11: 41650 | G11: 95200 | H11: 198795.45 | I11: 154800 | J11: =ROUND(MIN(E11,F11,G11,H11),0) -> 41650 | K11: =ROUND(AVERAGE(E11,F11,G11,H11),0) -> 111882 | L11: =ROUND(GEOMEAN(E11,F11,G11,H11),0) -> 92375 | M11: =ROUND(HARMEAN(E11,F11,G11,H11),0) -> 75865 | N11: =ROUND(_xlfn.STDEV.P(E11,F11,G11,H11),0) -> 65230 | O11: =N11/K11 -> 0.58302497 | P11: =ROUND(IF(O11<=0.4,J11,IF(AND(O11>0.4,O11<=0.8),M11,IF(AND(O11>0.8,O11<=1.1),L11,K11))),0) -> 75865 | Q11: =IF(P11=J11,"MENOR VALOR",IF(P11=K11,"PROMEDIO",IF(P11=L11,"MEDIA GEOMETRICA",IF(P11=M11,"MEDIA ARMONICA")))) -> MEDIA ARMONICA
B12: 6 | C12: GUANTES QUÍMICOS DE NITRILO resistentes a quimicos que proporcionan proteccion de las manos cuando es necesario entrar en contacto con solventes combustibles y grasas Con un recubrimiento externo en nitrilo verde que proporciona la barrera contra la penetracion de sustancias quimicas Los guates son texturizados en la punta de los dedos y en la palma para brindar mayor agarre en seco y en humedo y son lisos en las demas areas para evitar la acumulacion de sustancias que puedan degradarlos en el tiempo Estos elementos de proteccion de manos estan libres de costuras para mayor destreza y comodidad y no tienen latex ni siliconas en su composicion Minimo 18 de longitud Espesor maximo 22 milesimas Tallas sujetas a las necesidades de la Unidad | D12: PAR | F12: 41650 | G12: 23800 | H12: 149481.85 | I12: 121550 | J12: =ROUND(MIN(E12,F12,G12,H12),0) -> 23800 | K12: =ROUND(AVERAGE(E12,F12,G12,H12),0) -> 71644 | L12: =ROUND(GEOMEAN(E12,F12,G12,H12),0) -> 52917 | M12: =ROUND(HARMEAN(E12,F12,G12,H12),0) -> 41256 | N12: =ROUND(_xlfn.STDEV.P(E12,F12,G12,H12),0) -> 55520 | O12: =N12/K12 -> 0.77494277 | P12: =ROUND(IF(O12<=0.4,J12,IF(AND(O12>0.4,O12<=0.8),M12,IF(AND(O12>0.8,O12<=1.1),L12,K12))),0) -> 41256 | Q12: =IF(P12=J12,"MENOR VALOR",IF(P12=K12,"PROMEDIO",IF(P12=L12,"MEDIA GEOMETRICA",IF(P12=M12,"MEDIA ARMONICA")))) -> MEDIA ARMONICA | R12: =+P12*20% -> 8251.2 | S12: =+P12-R12 -> 33004.8
B13: 7 | C13: Guante de nitrilo Largo: El guante está fabricado con una capa de 15 mils (milésimas de pulgada) de nitrilo y tiene una longitud de 13”. Los guantes deben de utilizarse para manipular los productos químicos ALTAQ evitando el contacto directo con la mano, así prevenimos cualquier alergia, irritación o quemadura. El interior del guante tiene un revestimiento de algodón que brinda mayor comodidad y facilita la postu ra y remoción del mismo. La punta de los dedos son texturizadas con un patrón en forma de rombos para darle más agarre tanto en húmedo como en seco. El resto del guante es liso, para evitar acumulación de químicos que puedan con el tiempo degradar el guante. Norma EN 420:2003 CAJA X 100 UNIDADES | D13: CAJA | F13: 23800 | G13: 41650 | H13: 81455.5 | I13: 111350 | J13: =ROUND(MIN(E13,F13,G13,H13),0) -> 23800 | K13: =ROUND(AVERAGE(E13,F13,G13,H13),0) -> 48969 | L13: =ROUND(GEOMEAN(E13,F13,G13,H13),0) -> 43222 | M13: =ROUND(HARMEAN(E13,F13,G13,H13),0) -> 38313 | N13: =ROUND(_xlfn.STDEV.P(E13,F13,G13,H13),0) -> 24100 | O13: =N13/K13 -> 0.49214809 | P13: =ROUND(IF(O13<=0.4,J13,IF(AND(O13>0.4,O13<=0.8),M13,IF(AND(O13>0.8,O13<=1.1),L13,K13))),0) -> 38313 | Q13: =IF(P13=J13,"MENOR VALOR",IF(P13=K13,"PROMEDIO",IF(P13=L13,"MEDIA GEOMETRICA",IF(P13=M13,"MEDIA ARMONICA")))) -> MEDIA ARMONICA
B14: 8 | C14: BOTAS DE SEGURIDAD: Bota de seguridad: Caña alta de 8" , fabricado en cuero con puntera reforzada. NTC 2396 Botas seguridad. Tallas de acuerdo a la necesidad de la unidad | D14: PAR | F14: 142800 | G14: 214200 | H14: 297202.5 | I14: 228000 | J14: =ROUND(MIN(E14,F14,G14,H14),0) -> 142800 | K14: =ROUND(AVERAGE(E14,F14,G14,H14),0) -> 218068 | L14: =ROUND(GEOMEAN(E14,F14,G14,H14),0) -> 208705 | M14: =ROUND(HARMEAN(E14,F14,G14,H14),0) -> 199521 | N14: =ROUND(_xlfn.STDEV.P(E14,F14,G14,H14),0) -> 63094 | O14: =N14/K14 -> 0.28933177 | P14: =ROUND(IF(O14<=0.4,J14,IF(AND(O14>0.4,O14<=0.8),M14,IF(AND(O14>0.8,O14<=1.1),L14,K14))),0) -> 142800 | Q14: =IF(P14=J14,"MENOR VALOR",IF(P14=K14,"PROMEDIO",IF(P14=L14,"MEDIA GEOMETRICA",IF(P14=M14,"MEDIA ARMONICA")))) -> MENOR VALOR
B15: 9 | C15: GUANTE DE CAUCHO NEGRO INDUSTRIAL Fabricado en PVC calibre 35, NTC 444 - 445 - 446 tallas 7- 8-9 | D15: CAJA | F15: 17850 | G15: 119000 | H15: 22015 | I15: 17640 | J15: =ROUND(MIN(E15,F15,G15,H15),0) -> 17850 | K15: =ROUND(AVERAGE(E15,F15,G15,H15),0) -> 52955 | L15: =ROUND(GEOMEAN(E15,F15,G15,H15),0) -> 36028 | M15: =ROUND(HARMEAN(E15,F15,G15,H15),0) -> 27310 | N15: =ROUND(_xlfn.STDEV.P(E15,F15,G15,H15),0) -> 46732 | O15: =N15/K15 -> 0.88248513 | P15: =ROUND(IF(O15<=0.4,J15,IF(AND(O15>0.4,O15<=0.8),M15,IF(AND(O15>0.8,O15<=1.1),L15,K15))),0) -> 36028 | Q15: =IF(P15=J15,"MENOR VALOR",IF(P15=K15,"PROMEDIO",IF(P15=L15,"MEDIA GEOMETRICA",IF(P15=M15,"MEDIA ARMONICA")))) -> MEDIA GEOMETRICA
B16: 1 | C16: MANGAS EN CARNAZA: Cuero vacuno de calibre 2.4 MM, según NTC E-79 y cosidos con hilo 100% algodón según lo indicado en la NTC-1981, las costuras deben ser uniformes, no debe presentar pliegues ni fruncidos. | D16: UNIDAD | E16: =+#REF! -> #REF! | F16: 41650 | G16: 29750 | H16: 65494.625 | I16: 30500 | J16: =ROUND(MIN(E16,F16,G16,H16),0) -> #REF! | K16: =ROUND(AVERAGE(E16,F16,G16,H16),0) -> #REF! | L16: =ROUND(GEOMEAN(E16,F16,G16,H16),0) -> #REF! | M16: =ROUND(HARMEAN(E16,F16,G16,H16),0) -> #REF! | N16: =ROUND(_xlfn.STDEV.P(E16,F16,G16,H16),0) -> #REF! | O16: =N16/K16 -> #REF! | P16: =ROUND(IF(O16<=0.4,J16,IF(AND(O16>0.4,O16<=0.8),M16,IF(AND(O16>0.8,O16<=1.1),L16,K16))),0) -> #REF! | Q16: =IF(P16=J16,"MENOR VALOR",IF(P16=K16,"PROMEDIO",IF(P16=L16,"MEDIA GEOMETRICA",IF(P16=M16,"MEDIA ARMONICA")))) -> #REF!
B17: 2 | C17: OVEROL ENTERIZO: tela drill 100% algodón, manga larga, cremallera completa. x und. tallas de acuerdo a la necesidad de la unidad (s/m/l/xl) | D17: UNIDAD | F17: 178500 | G17: 95200 | H17: 159168.45 | I17: 184150 | J17: =ROUND(MIN(E17,F17,G17,H17),0) -> 95200 | K17: =ROUND(AVERAGE(E17,F17,G17,H17),0) -> 144289 | L17: =ROUND(GEOMEAN(E17,F17,G17,H17),0) -> 139330 | M17: =ROUND(HARMEAN(E17,F17,G17,H17),0) -> 133994 | N17: =ROUND(_xlfn.STDEV.P(E17,F17,G17,H17),0) -> 35597 | O17: =N17/K17 -> 0.24670626 | P17: =ROUND(IF(O17<=0.4,J17,IF(AND(O17>0.4,O17<=0.8),M17,IF(AND(O17>0.8,O17<=1.1),L17,K17))),0) -> 95200 | Q17: =IF(P17=J17,"MENOR VALOR",IF(P17=K17,"PROMEDIO",IF(P17=L17,"MEDIA GEOMETRICA",IF(P17=M17,"MEDIA ARMONICA")))) -> MENOR VALOR
B18: 3 | C18: OVEROL IMPERMEABLE DE 2 PIEZAS: Tipo industrial calibre 18. Tallas de acuerdo a la necesidad de la unidad (S/M/L/XL) | D18: UNIDAD | F18: 89250 | G18: 119000 | H18: 146399.75 | I18: 201550 | J18: =ROUND(MIN(E18,F18,G18,H18),0) -> 89250 | K18: =ROUND(AVERAGE(E18,F18,G18,H18),0) -> 118217 | L18: =ROUND(GEOMEAN(E18,F18,G18,H18),0) -> 115851 | M18: =ROUND(HARMEAN(E18,F18,G18,H18),0) -> 113471 | N18: =ROUND(_xlfn.STDEV.P(E18,F18,G18,H18),0) -> 23338 | O18: =N18/K18 -> 0.19741662 | P18: =ROUND(IF(O18<=0.4,J18,IF(AND(O18>0.4,O18<=0.8),M18,IF(AND(O18>0.8,O18<=1.1),L18,K18))),0) -> 89250 | Q18: =IF(P18=J18,"MENOR VALOR",IF(P18=K18,"PROMEDIO",IF(P18=L18,"MEDIA GEOMETRICA",IF(P18=M18,"MEDIA ARMONICA")))) -> MENOR VALOR
B19: 4 | C19: OVEROL TIPO PILOTO (overol completo modelo piloto (12 cremalleras) en ristok milimetrado color verde militar, con cierre frontal doble carro nylon. 100% algodón cuello ajustado con cierre de contacto. dos bolsillos (centrados) en pecho con dimensiones de 14 centímetros de ancho por 22 centímetros de alto con cierres diagonales y cremallera en nylon. bolsillo portalápices en pecho izquierdo de 3.81 centímetros de ancho y 12.7 centímetros de largo. mangas con puños rectos ajustados con cierre en cremallera de 13.78 centímetros de largo. piernas rectas con cierre cremallera en nylon de 15.32 centímetros de largo. dos bolsillos de parche en la parte trasera de 14 centímetros de ancho por 22 centímetros de alto con cierres en cremallera nylon, espalda con fuelle y cintura elasticada. refuerzos acolchados (guata 500 x 2) en codos y rodillas de tipo rectangular de 20.32 centímetros, un bolsillo interior lateral a cada lado. dos bolsillos laterales en muslos de 14 centímetros de ancho por 22 centímetros de alto con cierres en cremallera nylon. tallas s – m – l – xl,) | D19: UNIDAD | F19: 142800 | G19: 226100 | H19: 211123.85 | I19: 264100 | J19: =ROUND(MIN(E19,F19,G19,H19),0) -> 142800 | K19: =ROUND(AVERAGE(E19,F19,G19,H19),0) -> 193341 | L19: =ROUND(GEOMEAN(E19,F19,G19,H19),0) -> 189607 | M19: =ROUND(HARMEAN(E19,F19,G19,H19),0) -> 185619 | N19: =ROUND(_xlfn.STDEV.P(E19,F19,G19,H19),0) -> 36257 | O19: =N19/K19 -> 0.18752877 | P19: =ROUND(IF(O19<=0.4,J19,IF(AND(O19>0.4,O19<=0.8),M19,IF(AND(O19>0.8,O19<=1.1),L19,K19))),0) -> 142800 | Q19: =IF(P19=J19,"MENOR VALOR",IF(P19=K19,"PROMEDIO",IF(P19=L19,"MEDIA GEOMETRICA",IF(P19=M19,"MEDIA ARMONICA")))) -> MENOR VALOR
B20: 5 | C20: TRAJE ENTERIZO CON CAPOTA O CAPUCHA, CON BOTAS ADHERIDAS AL TRAJE (VULCANIZADAS) Overol tipo fontanero fabricado bajo norma NTC 4615 en tela vinílica compacta con soporte textil en poliéster. Elaborado por proceso de electro sellado de alta frecuencia. Con bota integrada en PVC y con puntera. Color de bota Amarillo. Talla de acuerdo a la necesidad de la unidad (S/M/L/XL) | D20: UNIDAD | F20: 297500 | G20: 226100 | H20: 539368 | I20: 296100 | J20: =ROUND(MIN(E20,F20,G20,H20),0) -> 226100 | K20: =ROUND(AVERAGE(E20,F20,G20,H20),0) -> 354323 | L20: =ROUND(GEOMEAN(E20,F20,G20,H20),0) -> 331048 | M20: =ROUND(HARMEAN(E20,F20,G20,H20),0) -> 311262 | N20: =ROUND(_xlfn.STDEV.P(E20,F20,G20,H20),0) -> 134054 | O20: =N20/K20 -> 0.37833841 | P20: =ROUND(IF(O20<=0.4,J20,IF(AND(O20>0.4,O20<=0.8),M20,IF(AND(O20>0.8,O20<=1.1),L20,K20))),0) -> 226100 | Q20: =IF(P20=J20,"MENOR VALOR",IF(P20=K20,"PROMEDIO",IF(P20=L20,"MEDIA GEOMETRICA",IF(P20=M20,"MEDIA ARMONICA")))) -> MENOR VALOR
B21: 6 | C21: DELANTAL PARA SUSTANCIAS QUÍMICAS: sujeción de cuatro puntos, 2 cuello y 2 cintura. en poliéster recubierto pvc calibre 25 (0,58mm) sistema electro sellado. 82cm largo x 115cm ancho. materiales bajo norma astm, ntc3583, iso 9001. x und. tallas de acuerdo a la necesidad de la unidad (S/M/L/XL) | D21: UNIDAD | F21: 41650 | G21: 71400 | H21: 87179.4 | I21: 146400 | J21: =ROUND(MIN(E21,F21,G21,H21),0) -> 41650 | K21: =ROUND(AVERAGE(E21,F21,G21,H21),0) -> 66743 | L21: =ROUND(GEOMEAN(E21,F21,G21,H21),0) -> 63764 | M21: =ROUND(HARMEAN(E21,F21,G21,H21),0) -> 60623 | N21: =ROUND(_xlfn.STDEV.P(E21,F21,G21,H21),0) -> 18877 | O21: =N21/K21 -> 0.28283116 | P21: =ROUND(IF(O21<=0.4,J21,IF(AND(O21>0.4,O21<=0.8),M21,IF(AND(O21>0.8,O21<=1.1),L21,K21))),0) -> 41650 | Q21: =IF(P21=J21,"MENOR VALOR",IF(P21=K21,"PROMEDIO",IF(P21=L21,"MEDIA GEOMETRICA",IF(P21=M21,"MEDIA ARMONICA")))) -> MENOR VALOR
B22: 7 | C22: DELANTAL IMPERMEABLE RESISTENCIA QUIMICA: Delantal impermeable de PVC , material vinílico con soporte textil, electrosellado que hace de la prenda impermeable, tiras de sujeción en el cuello y la cintura. Protege la zona pectoral y ventral de salpicaduras y sprays de productos químicos. Protección contra productos químicos líquidos en forma de pulverización. Ideal para manipulación de químicos y limpiezas industriales. Muy alta resistencia mecánica y alta durabilidad. t | D22: UNIDAD | F22: 41650 | G22: 95200 | H22: 198795.45 | I22: 153600 | J22: =ROUND(MIN(E22,F22,G22,H22),0) -> 41650 | K22: =ROUND(AVERAGE(E22,F22,G22,H22),0) -> 111882 | L22: =ROUND(GEOMEAN(E22,F22,G22,H22),0) -> 92375 | M22: =ROUND(HARMEAN(E22,F22,G22,H22),0) -> 75865 | N22: =ROUND(_xlfn.STDEV.P(E22,F22,G22,H22),0) -> 65230 | O22: =N22/K22 -> 0.58302497 | P22: =ROUND(IF(O22<=0.4,J22,IF(AND(O22>0.4,O22<=0.8),M22,IF(AND(O22>0.8,O22<=1.1),L22,K22))),0) -> 75865 | Q22: =IF(P22=J22,"MENOR VALOR",IF(P22=K22,"PROMEDIO",IF(P22=L22,"MEDIA GEOMETRICA",IF(P22=M22,"MEDIA ARMONICA")))) -> MEDIA ARMONICA
B23: 8 | C23: GUANTES QUÍMICOS DE NITRILO resistentes a quimicos que proporcionan proteccion de las manos cuando es necesario entrar en contacto con solventes combustibles y grasas Con un recubrimiento externo en nitrilo verde que proporciona la barrera contra la penetracion de sustancias quimicas Los guates son texturizados en la punta de los dedos y en la palma para brindar mayor agarre en seco y en humedo y son lisos en las demas areas para evitar la acumulacion de sustancias que puedan degradarlos en el tiempo Estos elementos de proteccion de manos estan libres de costuras para mayor destreza y comodidad y no tienen latex ni siliconas en su composicion Minimo 18 de longitud Espesor maximo 22 milesimas Tallas sujetas a las necesidades de la Unidad | D23: PAR | F23: 41650 | G23: 23800 | H23: 149481.85 | I23: 113900 | J23: =ROUND(MIN(E23,F23,G23,H23),0) -> 23800 | K23: =ROUND(AVERAGE(E23,F23,G23,H23),0) -> 71644 | L23: =ROUND(GEOMEAN(E23,F23,G23,H23),0) -> 52917 | M23: =ROUND(HARMEAN(E23,F23,G23,H23),0) -> 41256 | N23: =ROUND(_xlfn.STDEV.P(E23,F23,G23,H23),0) -> 55520 | O23: =N23/K23 -> 0.77494277 | P23: =ROUND(IF(O23<=0.4,J23,IF(AND(O23>0.4,O23<=0.8),M23,IF(AND(O23>0.8,O23<=1.1),L23,K23))),0) -> 41256 | Q23: =IF(P23=J23,"MENOR VALOR",IF(P23=K23,"PROMEDIO",IF(P23=L23,"MEDIA GEOMETRICA",IF(P23=M23,"MEDIA ARMONICA")))) -> MEDIA ARMONICA
B24: 9 | C24: BOTAS DE CAUCHO (NEGRO): Bota fabricada a mano en 100% caucho vulcanizado, impermeable. Proceso: Armado por pieza, vulcanizados en autoclave Forro: 100% algodón, super absorbente Plantilla: en espuma de caucho, forrada 100% algodón Suela: antideslizantes, resistentes a la abrasión Refuerzos: en capellada y contrafuerte Caña: reforzada Impermeabilidad: 100% Uso: industrial de construcción y uso general con suela antideslizante. Talla de acuerdo a la necesidad de la unidad | D24: PAR | F24: 101150 | G24: 113050 | H24: 131869.85 | I24: 81600 | J24: =ROUND(MIN(E24,F24,G24,H24),0) -> 101150 | K24: =ROUND(AVERAGE(E24,F24,G24,H24),0) -> 115357 | L24: =ROUND(GEOMEAN(E24,F24,G24,H24),0) -> 114673 | M24: =ROUND(HARMEAN(E24,F24,G24,H24),0) -> 114003 | N24: =ROUND(_xlfn.STDEV.P(E24,F24,G24,H24),0) -> 12647 | O24: =N24/K24 -> 0.10963357 | P24: =ROUND(IF(O24<=0.4,J24,IF(AND(O24>0.4,O24<=0.8),M24,IF(AND(O24>0.8,O24<=1.1),L24,K24))),0) -> 101150 | Q24: =IF(P24=J24,"MENOR VALOR",IF(P24=K24,"PROMEDIO",IF(P24=L24,"MEDIA GEOMETRICA",IF(P24=M24,"MEDIA ARMONICA")))) -> MENOR VALOR
B25: 10 | C25: BOTAS DE SEGURIDAD: Bota de seguridad: Caña alta de 8" , fabricado en cuero con puntera reforzada. NTC 2396 Botas seguridad. Tallas de acuerdo a la necesidad de la unidad | D25: PAR | F25: 142800 | G25: 214200 | H25: 297202.5 | I25: 247000 | J25: =ROUND(MIN(E25,F25,G25,H25),0) -> 142800 | K25: =ROUND(AVERAGE(E25,F25,G25,H25),0) -> 218068 | L25: =ROUND(GEOMEAN(E25,F25,G25,H25),0) -> 208705 | M25: =ROUND(HARMEAN(E25,F25,G25,H25),0) -> 199521 | N25: =ROUND(_xlfn.STDEV.P(E25,F25,G25,H25),0) -> 63094 | O25: =N25/K25 -> 0.28933177 | P25: =ROUND(IF(O25<=0.4,J25,IF(AND(O25>0.4,O25<=0.8),M25,IF(AND(O25>0.8,O25<=1.1),L25,K25))),0) -> 142800 | Q25: =IF(P25=J25,"MENOR VALOR",IF(P25=K25,"PROMEDIO",IF(P25=L25,"MEDIA GEOMETRICA",IF(P25=M25,"MEDIA ARMONICA")))) -> MENOR VALOR
B26: 11 | C26: GUANTES elaborados en carnaza y cuero vaqueta de calibre 2.4 mm cosidos con hilo 100 algodon refuerzo en palma y dedos amplios de facil manejo puño corto de 7 cm Color Gris | D26: PAR | F26: 17850 | G26: 23800 | H26: 24216.5 | I26: 32000 | J26: =ROUND(MIN(E26,F26,G26,H26),0) -> 17850 | K26: =ROUND(AVERAGE(E26,F26,G26,H26),0) -> 21956 | L26: =ROUND(GEOMEAN(E26,F26,G26,H26),0) -> 21749 | M26: =ROUND(HARMEAN(E26,F26,G26,H26),0) -> 21531 | N26: =ROUND(_xlfn.STDEV.P(E26,F26,G26,H26),0) -> 2908 | O26: =N26/K26 -> 0.13244671 | P26: =ROUND(IF(O26<=0.4,J26,IF(AND(O26>0.4,O26<=0.8),M26,IF(AND(O26>0.8,O26<=1.1),L26,K26))),0) -> 17850 | Q26: =IF(P26=J26,"MENOR VALOR",IF(P26=K26,"PROMEDIO",IF(P26=L26,"MEDIA GEOMETRICA",IF(P26=M26,"MEDIA ARMONICA")))) -> MENOR VALOR
B27: 12 | C27: GUANTES DE LATEX: seguridad biológica, evita el contagio de enfermedades, caucho natural, ambidiestros, borde enrollado, desechables con talco, guantes anatómicos 12 x 21.5 cm. caja x 100 und. | D27: CAJA | F27: 23800 | G27: 41650 | H27: 43809.85 | I27: 81600 | J27: =ROUND(MIN(E27,F27,G27,H27),0) -> 23800 | K27: =ROUND(AVERAGE(E27,F27,G27,H27),0) -> 36420 | L27: =ROUND(GEOMEAN(E27,F27,G27,H27),0) -> 35150 | M27: =ROUND(HARMEAN(E27,F27,G27,H27),0) -> 33764 | N27: =ROUND(_xlfn.STDEV.P(E27,F27,G27,H27),0) -> 8967 | O27: =N27/K27 -> 0.24621087 | P27: =ROUND(IF(O27<=0.4,J27,IF(AND(O27>0.4,O27<=0.8),M27,IF(AND(O27>0.8,O27<=1.1),L27,K27))),0) -> 23800 | Q27: =IF(P27=J27,"MENOR VALOR",IF(P27=K27,"PROMEDIO",IF(P27=L27,"MEDIA GEOMETRICA",IF(P27=M27,"MEDIA ARMONICA")))) -> MENOR VALOR
B28: 13 | C28: GUANTE DE CAUCHO NEGRO INDUSTRIAL Fabricado en PVC calibre 35, NTC 444 - 445 - 446 tallas 7- 8-9 | D28: CAJA | F28: 17850 | G28: 107100 | H28: 22015 | I28: 110250 | J28: =ROUND(MIN(E28,F28,G28,H28),0) -> 17850 | K28: =ROUND(AVERAGE(E28,F28,G28,H28),0) -> 48988 | L28: =ROUND(GEOMEAN(E28,F28,G28,H28),0) -> 34784 | M28: =ROUND(HARMEAN(E28,F28,G28,H28),0) -> 27080 | N28: =ROUND(_xlfn.STDEV.P(E28,F28,G28,H28),0) -> 41126 | O28: =N28/K28 -> 0.83951172 | P28: =ROUND(IF(O28<=0.4,J28,IF(AND(O28>0.4,O28<=0.8),M28,IF(AND(O28>0.8,O28<=1.1),L28,K28))),0) -> 34784 | Q28: =IF(P28=J28,"MENOR VALOR",IF(P28=K28,"PROMEDIO",IF(P28=L28,"MEDIA GEOMETRICA",IF(P28=M28,"MEDIA ARMONICA")))) -> MEDIA GEOMETRICA
... B30: 15 | C30: OVEROL DE 2 PIEZAS: Tela drill verde oliva en tejido diagonal 3x1 vulcano. La mezcla de hilo en trama y urdimbre. color verde oliva para botones, cremalleras, hilos y velcros. La camisa Debe llevar parche que cubra todo el ancho de la parte del codo, con sistema de cierre botones. Debe llevar 2 cintas reflectoras color gris plata compuesta de lentes expuestos de gran ángulo reflectivo, adheridos en las mangas en la parte delantera debe llevar porta presillas confeccionadas en forma rectangular terminada en punta con ojal, ubicada en los hombros. El pantalón simétrico, bota recta, con pretina con 7 pasadores para ajuste en la cintura, la cual tiene como sistema de cierre un botón. El pantalón lleva cinta reflectora en forma simétrica ubicadas a la altura de la rodilla. Tallas de acuerdo a la necesidad de la unidad. | D30: UNIDAD | F30: 238000 | G30: 178500 | H30: 245687.4 | I30: 86400 | J30: =ROUND(MIN(E30,F30,G30,H30),0) -> 178500 | K30: =ROUND(AVERAGE(E30,F30,G30,H30),0) -> 220729 | L30: =ROUND(GEOMEAN(E30,F30,G30,H30),0) -> 218541 | M30: =ROUND(HARMEAN(E30,F30,G30,H30),0) -> 216230 | N30: =ROUND(_xlfn.STDEV.P(E30,F30,G30,H30),0) -> 30025 | O30: =N30/K30 -> 0.13602653 | P30: =ROUND(IF(O30<=0.4,J30,IF(AND(O30>0.4,O30<=0.8),M30,IF(AND(O30>0.8,O30<=1.1),L30,K30))),0) -> 178500 | Q30: =IF(P30=J30,"MENOR VALOR",IF(P30=K30,"PROMEDIO",IF(P30=L30,"MEDIA GEOMETRICA",IF(P30=M30,"MEDIA ARMONICA")))) -> MENOR VALOR
F31: =SUM(F7:F30) -> 2314550 | G31: =SUM(G7:G30) -> 2790550 | H31: =SUM(H7:H30) -> 4257151.6 | I31: =SUM(I7:I30) -> 3902740
B33: ITEM | C33: DESCRIPCIÓN DEL BIEN Y/O SERVICIO | D33: UNIDAD MEDIDA
B34: 1 | C34: MANGAS EN CARNAZA: Cuero vacuno de calibre 2.4 MM, según NTC E-79 y cosidos con hilo 100% algodón según lo indicado en la NTC-1981, las costuras deben ser uniformes, no debe presentar pliegues ni fruncidos. | D34: UNIDAD | E34: 24173 | F34: 41650 | G34: 29750 | H34: 65494.625 | I34: 30500
B35: 2 | C35: OVEROL ENTERIZO: tela drill 100% algodón, manga larga, cremallera completa. x und. tallas de acuerdo a la necesidad de la unidad (s/m/l/xl) | D35: UNIDAD | F35: 178500 | G35: 95200 | H35: 159168.45 | I35: 184150
B36: 3 | C36: OVEROL IMPERMEABLE DE 2 PIEZAS: Tipo industrial calibre 18. Tallas de acuerdo a la necesidad de la unidad (S/M/L/XL) | D36: UNIDAD | F36: 89250 | G36: 119000 | H36: 146399.75 | I36: 201550
B37: 4 | C37: OVEROL TIPO PILOTO (overol completo modelo piloto (12 cremalleras) en ristok milimetrado color verde militar, con cierre frontal doble carro nylon. 100% algodón cuello ajustado con cierre de contacto. dos bolsillos (centrados) en pecho con dimensiones de 14 centímetros de ancho por 22 centímetros de alto con cierres diagonales y cremallera en nylon. bolsillo portalápices en pecho izquierdo de 3.81 centímetros de ancho y 12.7 centímetros de largo. mangas con puños rectos ajustados con cierre en cremallera de 13.78 centímetros de largo. piernas rectas con cierre cremallera en nylon de 15.32 centímetros de largo. dos bolsillos de parche en la parte trasera de 14 centímetros de ancho por 22 centímetros de alto con cierres en cremallera nylon, espalda con fuelle y cintura elasticada. refuerzos acolchados (guata 500 x 2) en codos y rodillas de tipo rectangular de 20.32 centímetros, un bolsillo interior lateral a cada lado. dos bolsillos laterales en muslos de 14 centímetros de ancho por 22 centímetros de alto con cierres en cremallera nylon. tallas s – m – l – xl,) | D37: UNIDAD | F37: 142800 | G37: 214200 | H37: 211123.85 | I37: 281200
B38: 5 | C38: TRAJE ENTERIZO CON CAPOTA O CAPUCHA, CON BOTAS ADHERIDAS AL TRAJE (VULCANIZADAS) Overol tipo fontanero fabricado bajo norma NTC 4615 en tela vinílica compacta con soporte textil en poliéster. Elaborado por proceso de electro sellado de alta frecuencia. Con bota integrada en PVC y con puntera. Color de bota Amarillo. Talla de acuerdo a la necesidad de la unidad (S/M/L/XL) | D38: UNIDAD | F38: 297500 | G38: 226100 | H38: 539368 | I38: 296100
B39: 6 | C39: DELANTAL PARA SUSTANCIAS QUÍMICAS: sujeción de cuatro puntos, 2 cuello y 2 cintura. en poliéster recubierto pvc calibre 25 (0,58mm) sistema electro sellado. 82cm largo x 115cm ancho. materiales bajo norma astm, ntc3583, iso 9001. x und. tallas de acuerdo a la necesidad de la unidad (S/M/L/XL) | D39: UNIDAD | F39: 41650 | G39: 71400 | H39: 87179.4 | I39: 146400
B40: 7 | C40: DELANTAL IMPERMEABLE RESISTENCIA QUIMICA: Delantal impermeable de PVC , material vinílico con soporte textil, electrosellado que hace de la prenda impermeable, tiras de sujeción en el cuello y la cintura. Protege la zona pectoral y ventral de salpicaduras y sprays de productos químicos. Protección contra productos químicos líquidos en forma de pulverización. Ideal para manipulación de químicos y limpiezas industriales. Muy alta resistencia mecánica y alta durabilidad. tallas de acuerdo a la necesidad de la unidad. | D40: UNIDAD | F40: 41650 | G40: 95200 | H40: 198795 | I40: 153600
B41: 8 | C41: GUANTES QUÍMICOS DE NITRILO resistentes a quimicos que proporcionan proteccion de las manos cuando es necesario entrar en contacto con solventes combustibles y grasas Con un recubrimiento externo en nitrilo verde que proporciona la barrera contra la penetracion de sustancias quimicas Los guates son texturizados en la punta de los dedos y en la palma para brindar mayor agarre en seco y en humedo y son lisos en las demas areas para evitar la acumulacion de sustancias que puedan degradarlos en el tiempo Estos elementos de proteccion de manos estan libres de costuras para mayor destreza y comodidad y no tienen latex ni siliconas en su composicion Minimo 18 de longitud Espesor maximo 22 milesimas Tallas sujetas a las necesidades de la Unidad | D41: PAR | F41: 41650 | G41: 23800 | H41: 149482 | I41: 113900
B42: 9 | C42: Guante de nitrilo Largo: El guante está fabricado con una capa de 15 mils (milésimas de pulgada) de nitrilo y tiene una longitud de 13”. Los guantes deben de utilizarse para manipular los productos químicos ALTAQ evitando el contacto directo con la mano, así prevenimos cualquier alergia, irritación o quemadura. El interior del guante tiene un revestimiento de algodón que brinda mayor comodidad y facilita la postu ra y remoción del mismo. La punta de los dedos son texturizadas con un patrón en forma de rombos para darle más agarre tanto en húmedo como en seco. El resto del guante es liso, para evitar acumulación de químicos que puedan con el tiempo degradar el guante. Norma EN 420:2003 CAJA X 100 UNIDADES | D42: CAJA | F42: 23800 | G42: 41650 | H42: 81455.5 | I42: 111350
B43: 10 | C43: BOTAS DE CAUCHO (NEGRO): Bota fabricada a mano en 100% caucho vulcanizado, impermeable. Proceso: Armado por pieza, vulcanizados en autoclave Forro: 100% algodón, super absorbente Plantilla: en espuma de caucho, forrada 100% algodón Suela: antideslizantes, resistentes a la abrasión Refuerzos: en capellada y contrafuerte Caña: reforzada Impermeabilidad: 100% Uso: industrial de construcción y uso general con suela antideslizante. Talla de acuerdo a la necesidad de la unidad | D43: PAR | F43: 101150 | G43: 113050 | H43: 131869.85 | I43: 81600
B44: 11 | C44: BOTAS DE SEGURIDAD: Bota de seguridad: Caña alta de 8" , fabricado en cuero con puntera reforzada. NTC 2396 Botas seguridad. Tallas de acuerdo a la necesidad de la unidad | D44: PAR | F44: 142800 | G44: 214200 | H44: 297202.5 | I44: 228000
B45: 12 | C45: GUANTES elaborados en carnaza y cuero vaqueta de calibre 2.4 mm cosidos con hilo 100 algodon refuerzo en palma y dedos amplios de facil manejo puño corto de 7 cm Color Gris | D45: PAR | F45: 17850 | G45: 23800 | H45: 24216.5 | I45: 32000
B46: 13 | C46: GUANTES DE LATEX: seguridad biológica, evita el contagio de enfermedades, caucho natural, ambidiestros, borde enrollado, desechables con talco, guantes anatómicos 12 x 21.5 cm. caja x 100 und. | D46: CAJA | F46: 23800 | G46: 41650 | H46: 43809.85 | I46: 81600
... B49: 16 | C49: OVEROL DE 2 PIEZAS: Tela drill verde oliva en tejido diagonal 3x1 vulcano. La mezcla de hilo en trama y urdimbre. color verde oliva para botones, cremalleras, hilos y velcros. La camisa Debe llevar parche que cubra todo el ancho de la parte del codo, con sistema de cierre botones. Debe llevar 2 cintas reflectoras color gris plata compuesta de lentes expuestos de gran ángulo reflectivo, adheridos en las mangas en la parte delantera debe llevar porta presillas confeccionadas en forma rectangular terminada en punta con ojal, ubicada en los hombros. El pantalón simétrico, bota recta, con pretina con 7 pasadores para ajuste en la cintura, la cual tiene como sistema de cierre un botón. El pantalón lleva cinta reflectora en forma simétrica ubicadas a la altura de la rodilla. Tallas de acuerdo a la necesidad de la unidad. | D49: UNIDAD | F49: 238000 | G49: 178500 | H49: 245687.4 | I49: 86400

Sheet analisis 2
B4: ANÁLISIS DE COTIZACIONES
E5: PRECIOS HISTÓRICOS ACEPTACIÓN DE OFERTA N.º 024-CENACBUC-2025 | F5: PRECIOS HISTÓRICOS ACEPTACIÓN DE OFERTA No. 027-CENACBUCARAMANGA-2024 | G5: =+#REF! -> #REF! | H5: =+#REF! -> #REF! | I5: =+#REF! -> #REF! | J5: =+#REF! -> #REF! | K5: MENOR VALOR | L5: PROMEDIO | M5: MEDIA GEOMETRICA | N5: MEDIA ARMONICA | O5: DESVIACIÓN ESTANDAR | P5: COEFICIENTE DE VARIACIÓN | Q5: PRECIO DE REFERENCIA | R5: METRICA UTILIZADA
B6: ÍTEM | C6: DESCRIPCIÓN DEL BIEN Y/O SERVICIO | D6: UNIDAD MEDIDA | E6: VALOR UNITARIO IVA INCLUIDO (si aplica) | F6: VALOR UNITARIO IVA INCLUIDO (si aplica) | G6: VALOR UNITARIO IVA INCLUIDO (si aplica) | H6: VALOR UNITARIO IVA INCLUIDO (si aplica) | I6: VALOR UNITARIO IVA INCLUIDO (si aplica) | J6: VALOR UNITARIO IVA INCLUIDO (si aplica) | S6: revisar
B7: 1 | C7: MANGAS EN CARNAZA: Cuero vacuno de calibre 2.4 MM, según NTC E-79 y cosidos con hilo 100% algodón según lo indicado en la NTC-1981, las costuras deben ser uniformes, no debe presentar pliegues ni fruncidos. | D7: UNIDAD | E7: =+#REF! -> #REF! | F7: =+#REF! -> #REF! | G7: 41600 | H7: 29750 | I7: 65494.625 | J7: 30500 | K7: =ROUND(MIN(E7,F7,G7,H7,I7,J7),0) -> #REF! | L7: =ROUND(AVERAGE(E7,F7,G7,H7,I7,J7),0) -> #REF! | M7: =ROUND(GEOMEAN(E7,F7,G7,H7,I7,J7),0) -> #REF! | N7: =ROUND(HARMEAN(E7,F7,G7,H7,I7,J7),0) -> #REF! | O7: =ROUND(_xlfn.STDEV.P(E7,F7,G7,H7,I7,J7),0) -> #REF! | P7: =O7/L7 -> #REF! | Q7: =ROUND(IF(P7<=0.5,K7,IF(AND(P7>0.5,P7<=1),N7,IF(AND(P7>1,P7<=1.5),M7,L7))),0) -> #REF! | R7: =IF(Q7=K7,"MENOR VALOR",IF(Q7=L7,"PROMEDIO",IF(Q7=M7,"MEDIA GEOMETRICA",IF(Q7=N7,"MEDIA ARMONICA")))) -> #REF! | S7: =+MEDIAN(E7:J7) -> #REF!
B8: 2 | C8: OVEROL ENTERIZO: tela drill 100% algodón, manga larga, cremallera completa. x und. tallas de acuerdo a la necesidad de la unidad (s/m/l/xl) | D8: UNIDAD | E8: =+#REF! -> #REF! | F8: =+#REF! -> #REF! | G8: 178500 | H8: 95200 | I8: 159168.45 | J8: 184150 | K8: =ROUND(MIN(E8,F8,G8,H8,I8,J8),0) -> #REF! | L8: =ROUND(AVERAGE(E8,F8,G8,H8,I8,J8),0) -> #REF! | M8: =ROUND(GEOMEAN(E8,F8,G8,H8,I8,J8),0) -> #REF! | N8: =ROUND(HARMEAN(E8,F8,G8,H8,I8,J8),0) -> #REF! | O8: =ROUND(_xlfn.STDEV.P(E8,F8,G8,H8,I8,J8),0) -> #REF! | P8: =O8/L8 -> #REF! | Q8: =ROUND(IF(P8<=0.5,K8,IF(AND(P8>0.5,P8<=1),N8,IF(AND(P8>1,P8<=1.5),M8,L8))),0) -> #REF! | R8: =IF(Q8=K8,"MENOR VALOR",IF(Q8=L8,"PROMEDIO",IF(Q8=M8,"MEDIA GEOMETRICA",IF(Q8=N8,"MEDIA ARMONICA")))) -> #REF! | S8: =+MEDIAN(E8:J8) -> #REF!
B9: 3 | C9: OVEROL IMPERMEABLE DE 2 PIEZAS: Tipo industrial calibre 18. Tallas de acuerdo a la necesidad de la unidad (S/M/L/XL) | D9: UNIDAD | E9: =+#REF! -> #REF! | F9: =+#REF! -> #REF! | G9: 89250 | H9: 119000 | I9: 146399.75 | J9: 213150 | K9: =ROUND(MIN(E9,F9,G9,H9,I9,J9),0) -> #REF! | L9: =ROUND(AVERAGE(E9,F9,G9,H9,I9,J9),0) -> #REF! | M9: =ROUND(GEOMEAN(E9,F9,G9,H9,I9,J9),0) -> #REF! | N9: =ROUND(HARMEAN(E9,F9,G9,H9,I9,J9),0) -> #REF! | O9: =ROUND(_xlfn.STDEV.P(E9,F9,G9,H9,I9,J9),0) -> #REF! | P9: =O9/L9 -> #REF! | Q9: =ROUND(IF(P9<=0.5,K9,IF(AND(P9>0.5,P9<=1),N9,IF(AND(P9>1,P9<=1.5),M9,L9))),0) -> #REF! | R9: =IF(Q9=K9,"MENOR VALOR",IF(Q9=L9,"PROMEDIO",IF(Q9=M9,"MEDIA GEOMETRICA",IF(Q9=N9,"MEDIA ARMONICA")))) -> #REF! | S9: =+MEDIAN(E9:J9) -> #REF!
B10: 4 | C10: OVEROL TIPO PILOTO (overol completo modelo piloto (12 cremalleras) en ristok milimetrado color verde militar, con cierre frontal doble carro nylon. 100% algodón cuello ajustado con cierre de contacto. dos bolsillos (centrados) en pecho con dimensiones de 14 centímetros de ancho por 22 centímetros de alto con cierres diagonales y cremallera en nylon. bolsillo portalápices en pecho izquierdo de 3.81 centímetros de ancho y 12.7 centímetros de largo. mangas con puños rectos ajustados con cierre en cremallera de 13.78 centímetros de largo. piernas rectas con cierre cremallera en nylon de 15.32 centímetros de largo. dos bolsillos de parche en la parte trasera de 14 centímetros de ancho por 22 centímetros de alto con cierres en cremallera nylon, espalda con fuelle y cintura elasticada. refuerzos acolchados (guata 500 x 2) en codos y rodillas de tipo rectangular de 20.32 centímetros, un bolsillo interior lateral a cada lado. dos bolsillos laterales en muslos de 14 centímetros de ancho por 22 centímetros de alto con cierres en cremallera nylon. tallas s – m – l – xl,) | D10: UNIDAD | E10: =+#REF! -> #REF! | F10: =+#REF! -> #REF! | G10: 142800 | H10: 214200 | I10: 211123.85 | J10: 281200 | K10: =ROUND(MIN(E10,F10,G10,H10,I10,J10),0) -> #REF! | L10: =ROUND(AVERAGE(E10,F10,G10,H10,I10,J10),0) -> #REF! | M10: =ROUND(GEOMEAN(E10,F10,G10,H10,I10,J10),0) -> #REF! | N10: =ROUND(HARMEAN(E10,F10,G10,H10,I10,J10),0) -> #REF! | O10: =ROUND(_xlfn.STDEV.P(E10,F10,G10,H10,I10,J10),0) -> #REF! | P10: =O10/L10 -> #REF! | Q10: =ROUND(IF(P10<=0.5,K10,IF(AND(P10>0.5,P10<=1),N10,IF(AND(P10>1,P10<=1.5),M10,L10))),0) -> #REF! | R10: =IF(Q10=K10,"MENOR VALOR",IF(Q10=L10,"PROMEDIO",IF(Q10=M10,"MEDIA GEOMETRICA",IF(Q10=N10,"MEDIA ARMONICA")))) -> #REF! | S10: =+MEDIAN(E10:J10) -> #REF!
B11: 5 | C11: TRAJE ENTERIZO CON CAPOTA O CAPUCHA, CON BOTAS ADHERIDAS AL TRAJE (VULCANIZADAS) Overol tipo fontanero fabricado bajo norma NTC 4615 en tela vinílica compacta con soporte textil en poliéster. Elaborado por proceso de electro sellado de alta frecuencia. Con bota integrada en PVC y con puntera. Color de bota Amarillo. Talla de acuerdo a la necesidad de la unidad (S/M/L/XL) | D11: UNIDAD | E11: =+#REF! -> #REF! | F11: =+#REF! -> #REF! | G11: 297500 | H11: 226100 | I11: 539368 | J11: 350000 | K11: =ROUND(MIN(E11,F11,G11,H11,I11,J11),0) -> #REF! | L11: =ROUND(AVERAGE(E11,F11,G11,H11,I11,J11),0) -> #REF! | M11: =ROUND(GEOMEAN(E11,F11,G11,H11,I11,J11),0) -> #REF! | N11: =ROUND(HARMEAN(E11,F11,G11,H11,I11,J11),0) -> #REF! | O11: =ROUND(_xlfn.STDEV.P(E11,F11,G11,H11,I11,J11),0) -> #REF! | P11: =O11/L11 -> #REF! | Q11: =ROUND(IF(P11<=0.5,K11,IF(AND(P11>0.5,P11<=1),N11,IF(AND(P11>1,P11<=1.5),M11,L11))),0) -> #REF! | R11: =IF(Q11=K11,"MENOR VALOR",IF(Q11=L11,"PROMEDIO",IF(Q11=M11,"MEDIA GEOMETRICA",IF(Q11=N11,"MEDIA ARMONICA")))) -> #REF! | S11: =+MEDIAN(E11:J11) -> #REF!
B12: 6 | C12: DELANTAL PARA SUSTANCIAS QUÍMICAS: sujeción de cuatro puntos, 2 cuello y 2 cintura. en poliéster recubierto pvc calibre 25 (0,58mm) sistema electro sellado. 82cm largo x 115cm ancho. materiales bajo norma astm, ntc3583, iso 9001. x und. tallas de acuerdo a la necesidad de la unidad (S/M/L/XL) | D12: UNIDAD | E12: =+#REF! -> #REF! | F12: =+#REF! -> #REF! | G12: 41650 | H12: 71400 | I12: 87179.4 | J12: 165600 | K12: =ROUND(MIN(E12,F12,G12,H12,I12,J12),0) -> #REF! | L12: =ROUND(AVERAGE(E12,F12,G12,H12,I12,J12),0) -> #REF! | M12: =ROUND(GEOMEAN(E12,F12,G12,H12,I12,J12),0) -> #REF! | N12: =ROUND(HARMEAN(E12,F12,G12,H12,I12,J12),0) -> #REF! | O12: =ROUND(_xlfn.STDEV.P(E12,F12,G12,H12,I12,J12),0) -> #REF! | P12: =O12/L12 -> #REF! | Q12: =ROUND(IF(P12<=0.5,K12,IF(AND(P12>0.5,P12<=1),N12,IF(AND(P12>1,P12<=1.5),M12,L12))),0) -> #REF! | R12: =IF(Q12=K12,"MENOR VALOR",IF(Q12=L12,"PROMEDIO",IF(Q12=M12,"MEDIA GEOMETRICA",IF(Q12=N12,"MEDIA ARMONICA")))) -> #REF! | S12: =+MEDIAN(E12:J12) -> #REF! | T12: =+Q12-S12 -> #REF!
B13: 7 | C13: DELANTAL IMPERMEABLE RESISTENCIA QUIMICA: Delantal impermeable de PVC , material vinílico con soporte textil, electrosellado que hace de la prenda impermeable, tiras de sujeción en el cuello y la cintura. Protege la zona pectoral y ventral de salpicaduras y sprays de productos químicos. Protección contra productos químicos líquidos en forma de pulverización. Ideal para manipulación de químicos y limpiezas industriales. Muy alta resistencia mecánica y alta durabilidad. tallas de acuerdo a la necesidad de la unidad. | D13: UNIDAD | E13: =+#REF! -> #REF! | F13: =+#REF! -> #REF! | G13: 41650 | H13: 95200 | I13: 198795 | J13: 154800 | K13: =ROUND(MIN(E13,F13,G13,H13,I13,J13),0) -> #REF! | L13: =ROUND(AVERAGE(E13,F13,G13,H13,I13,J13),0) -> #REF! | M13: =ROUND(GEOMEAN(E13,F13,G13,H13,I13,J13),0) -> #REF! | N13: =ROUND(HARMEAN(E13,F13,G13,H13,I13,J13),0) -> #REF! | O13: =ROUND(_xlfn.STDEV.P(E13,F13,G13,H13,I13,J13),0) -> #REF! | P13: =O13/L13 -> #REF! | Q13: =ROUND(IF(P13<=0.5,K13,IF(AND(P13>0.5,P13<=1),N13,IF(AND(P13>1,P13<=1.5),M13,L13))),0) -> #REF! | R13: =IF(Q13=K13,"MENOR VALOR",IF(Q13=L13,"PROMEDIO",IF(Q13=M13,"MEDIA GEOMETRICA",IF(Q13=N13,"MEDIA ARMONICA")))) -> #REF! | S13: =+MEDIAN(E13:J13) -> #REF!
B14: 8 | C14: GUANTES QUÍMICOS DE NITRILO resistentes a quimicos que proporcionan proteccion de las manos cuando es necesario entrar en contacto con solventes combustibles y grasas Con un recubrimiento externo en nitrilo verde que proporciona la barrera contra la penetracion de sustancias quimicas Los guates son texturizados en la punta de los dedos y en la palma para brindar mayor agarre en seco y en humedo y son lisos en las demas areas para evitar la acumulacion de sustancias que puedan degradarlos en el tiempo Estos elementos de proteccion de manos estan libres de costuras para mayor destreza y comodidad y no tienen latex ni siliconas en su composicion Minimo 18 de longitud Espesor maximo 22 milesimas Tallas sujetas a las necesidades de la Unidad | D14: PAR | E14: =+#REF! -> #REF! | F14: =+#REF! -> #REF! | G14: 41650 | H14: 23800 | I14: 149482 | J14: 113900 | K14: =ROUND(MIN(E14,F14,G14,H14,I14,J14),0) -> #REF! | L14: =ROUND(AVERAGE(E14,F14,G14,H14,I14,J14),0) -> #REF! | M14: =ROUND(GEOMEAN(E14,F14,G14,H14,I14,J14),0) -> #REF! | N14: =ROUND(HARMEAN(E14,F14,G14,H14,I14,J14),0) -> #REF! | O14: =ROUND(_xlfn.STDEV.P(E14,F14,G14,H14,I14,J14),0) -> #REF! | P14: =O14/L14 -> #REF! | Q14: =ROUND(IF(P14<=0.5,K14,IF(AND(P14>0.5,P14<=1),N14,IF(AND(P14>1,P14<=1.5),M14,L14))),0) -> #REF! | R14: =IF(Q14=K14,"MENOR VALOR",IF(Q14=L14,"PROMEDIO",IF(Q14=M14,"MEDIA GEOMETRICA",IF(Q14=N14,"MEDIA ARMONICA")))) -> #REF! | S14: =+MEDIAN(E14:J14) -> #REF!
B15: 9 | C15: Guante de nitrilo Largo: El guante está fabricado con una capa de 15 mils (milésimas de pulgada) de nitrilo y tiene una longitud de 13”. Los guantes deben de utilizarse para manipular los productos químicos ALTAQ evitando el contacto directo con la mano, así prevenimos cualquier alergia, irritación o quemadura. El interior del guante tiene un revestimiento de algodón que brinda mayor comodidad y facilita la postu ra y remoción del mismo. La punta de los dedos son texturizadas con un patrón en forma de rombos para darle más agarre tanto en húmedo como en seco. El resto del guante es liso, para evitar acumulación de químicos que puedan con el tiempo degradar el guante. Norma EN 420:2003 CAJA X 100 UNIDADES | D15: CAJA | E15: =+#REF! -> #REF! | F15: =+#REF! -> #REF! | G15: 23800 | H15: 41650 | I15: 81455.5 | J15: 111350 | K15: =ROUND(MIN(E15,F15,G15,H15,I15,J15),0) -> #REF! | L15: =ROUND(AVERAGE(E15,F15,G15,H15,I15,J15),0) -> #REF! | M15: =ROUND(GEOMEAN(E15,F15,G15,H15,I15,J15),0) -> #REF! | N15: =ROUND(HARMEAN(E15,F15,G15,H15,I15,J15),0) -> #REF! | O15: =ROUND(_xlfn.STDEV.P(E15,F15,G15,H15,I15,J15),0) -> #REF! | P15: =O15/L15 -> #REF! | Q15: =ROUND(IF(P15<=0.5,K15,IF(AND(P15>0.5,P15<=1),N15,IF(AND(P15>1,P15<=1.5),M15,L15))),0) -> #REF! | R15: =IF(Q15=K15,"MENOR VALOR",IF(Q15=L15,"PROMEDIO",IF(Q15=M15,"MEDIA GEOMETRICA",IF(Q15=N15,"MEDIA ARMONICA")))) -> #REF! | S15: =+MEDIAN(E15:J15) -> #REF!
B16: 10 | C16: BOTAS DE CAUCHO (NEGRO): Bota fabricada a mano en 100% caucho vulcanizado, impermeable. Proceso: Armado por pieza, vulcanizados en autoclave Forro: 100% algodón, super absorbente Plantilla: en espuma de caucho, forrada 100% algodón Suela: antideslizantes, resistentes a la abrasión Refuerzos: en capellada y contrafuerte Caña: reforzada Impermeabilidad: 100% Uso: industrial de construcción y uso general con suela antideslizante. Talla de acuerdo a la necesidad de la unidad | D16: PAR | E16: =+#REF! -> #REF! | F16: =+#REF! -> #REF! | G16: 101150 | H16: 113050 | I16: 131869.85 | J16: 81600 | K16: =ROUND(MIN(E16,F16,G16,H16,I16,J16),0) -> #REF! | L16: =ROUND(AVERAGE(E16,F16,G16,H16,I16,J16),0) -> #REF! | M16: =ROUND(GEOMEAN(E16,F16,G16,H16,I16,J16),0) -> #REF! | N16: =ROUND(HARMEAN(E16,F16,G16,H16,I16,J16),0) -> #REF! | O16: =ROUND(_xlfn.STDEV.P(E16,F16,G16,H16,I16,J16),0) -> #REF! | P16: =O16/L16 -> #REF! | Q16: =ROUND(IF(P16<=0.5,K16,IF(AND(P16>0.5,P16<=1),N16,IF(AND(P16>1,P16<=1.5),M16,L16))),0) -> #REF! | R16: =IF(Q16=K16,"MENOR VALOR",IF(Q16=L16,"PROMEDIO",IF(Q16=M16,"MEDIA GEOMETRICA",IF(Q16=N16,"MEDIA ARMONICA")))) -> #REF! | S16: =+MEDIAN(E16:J16) -> #REF!
B17: 11 | C17: BOTAS DE SEGURIDAD: Bota de seguridad: Caña alta de 8" , fabricado en cuero con puntera reforzada. NTC 2396 Botas seguridad. Tallas de acuerdo a la necesidad de la unidad | D17: PAR | E17: =+#REF! -> #REF! | F17: =+#REF! -> #REF! | G17: 142800 | H17: 214200 | I17: 297202.5 | J17: 247000 | K17: =ROUND(MIN(E17,F17,G17,H17,I17,J17),0) -> #REF! | L17: =ROUND(AVERAGE(E17,F17,G17,H17,I17,J17),0) -> #REF! | M17: =ROUND(GEOMEAN(E17,F17,G17,H17,I17,J17),0) -> #REF! | N17: =ROUND(HARMEAN(E17,F17,G17,H17,I17,J17),0) -> #REF! | O17: =ROUND(_xlfn.STDEV.P(E17,F17,G17,H17,I17,J17),0) -> #REF! | P17: =O17/L17 -> #REF! | Q17: =ROUND(IF(P17<=0.5,K17,IF(AND(P17>0.5,P17<=1),N17,IF(AND(P17>1,P17<=1.5),M17,L17))),0) -> #REF! | R17: =IF(Q17=K17,"MENOR VALOR",IF(Q17=L17,"PROMEDIO",IF(Q17=M17,"MEDIA GEOMETRICA",IF(Q17=N17,"MEDIA ARMONICA")))) -> #REF!
B18: 12 | C18: GUANTES elaborados en carnaza y cuero vaqueta de calibre 2.4 mm cosidos con hilo 100 algodon refuerzo en palma y dedos amplios de facil manejo puño corto de 7 cm Color Gris | D18: PAR | E18: =+#REF! -> #REF! | F18: =+#REF! -> #REF! | G18: 17850 | H18: 23800 | I18: 24216.5 | J18: 32000 | K18: =ROUND(MIN(E18,F18,G18,H18,I18,J18),0) -> #REF! | L18: =ROUND(AVERAGE(E18,F18,G18,H18,I18,J18),0) -> #REF! | M18: =ROUND(GEOMEAN(E18,F18,G18,H18,I18,J18),0) -> #REF! | N18: =ROUND(HARMEAN(E18,F18,G18,H18,I18,J18),0) -> #REF! | O18: =ROUND(_xlfn.STDEV.P(E18,F18,G18,H18,I18,J18),0) -> #REF! | P18: =O18/L18 -> #REF! | Q18: =ROUND(IF(P18<=0.5,K18,IF(AND(P18>0.5,P18<=1),N18,IF(AND(P18>1,P18<=1.5),M18,L18))),0) -> #REF! | R18: =IF(Q18=K18,"MENOR VALOR",IF(Q18=L18,"PROMEDIO",IF(Q18=M18,"MEDIA GEOMETRICA",IF(Q18=N18,"MEDIA ARMONICA")))) -> #REF!
B19: 13 | C19: GUANTES DE LATEX: seguridad biológica, evita el contagio de enfermedades, caucho natural, ambidiestros, borde enrollado, desechables con talco, guantes anatómicos 12 x 21.5 cm. caja x 100 und. | D19: CAJA | E19: =+#REF! -> #REF! | F19: =+#REF! -> #REF! | G19: 23800 | H19: 41650 | I19: 43809.85 | J19: 81600 | K19: =ROUND(MIN(E19,F19,G19,H19,I19,J19),0) -> #REF! | L19: =ROUND(AVERAGE(E19,F19,G19,H19,I19,J19),0) -> #REF! | M19: =ROUND(GEOMEAN(E19,F19,G19,H19,I19,J19),0) -> #REF! | N19: =ROUND(HARMEAN(E19,F19,G19,H19,I19,J19),0) -> #REF! | O19: =ROUND(_xlfn.STDEV.P(E19,F19,G19,H19,I19,J19),0) -> #REF! | P19: =O19/L19 -> #REF! | Q19: =ROUND(IF(P19<=0.5,K19,IF(AND(P19>0.5,P19<=1),N19,IF(AND(P19>1,P19<=1.5),M19,L19))),0) -> #REF! | R19: =IF(Q19=K19,"MENOR VALOR",IF(Q19=L19,"PROMEDIO",IF(Q19=M19,"MEDIA GEOMETRICA",IF(Q19=N19,"MEDIA ARMONICA")))) -> #REF!
B20: 14 | C20: GUANTE DE CAUCHO NEGRO INDUSTRIAL Fabricado en PVC calibre 35, NTC 444 - 445 - 446 tallas 7- 8-9 | D20: PAR | E20: =+#REF! -> #REF! | F20: =+#REF! -> #REF! | G20: 17850 | H20: 14280 | I20: 22015 | J20: 17640 | K20: =ROUND(MIN(E20,F20,G20,H20,I20,J20),0) -> #REF! | L20: =ROUND(AVERAGE(E20,F20,G20,H20,I20,J20),0) -> #REF! | M20: =ROUND(GEOMEAN(E20,F20,G20,H20,I20,J20),0) -> #REF! | N20: =ROUND(HARMEAN(E20,F20,G20,H20,I20,J20),0) -> #REF! | O20: =ROUND(_xlfn.STDEV.P(E20,F20,G20,H20,I20,J20),0) -> #REF! | P20: =O20/L20 -> #REF! | Q20: =ROUND(IF(P20<=0.5,K20,IF(AND(P20>0.5,P20<=1),N20,IF(AND(P20>1,P20<=1.5),M20,L20))),0) -> #REF! | R20: =IF(Q20=K20,"MENOR VALOR",IF(Q20=L20,"PROMEDIO",IF(Q20=M20,"MEDIA GEOMETRICA",IF(Q20=N20,"MEDIA ARMONICA")))) -> #REF!
B21: 15 | C21: DELANTAL DE SOLDADOR: Espesor con refuerzo 2,30 cm, dimensiones totales 60 x 120 cm, material cuero vacuno | D21: UNIDAD | E21: =+#REF! -> #REF! | F21: =+#REF! -> #REF! | G21: 41650 | H21: 101150 | I21: 202317.85 | J21: 146300 | K21: =ROUND(MIN(E21,F21,G21,H21,I21,J21),0) -> #REF! | L21: =ROUND(AVERAGE(E21,F21,G21,H21,I21,J21),0) -> #REF! | M21: =ROUND(GEOMEAN(E21,F21,G21,H21,I21,J21),0) -> #REF! | N21: =ROUND(HARMEAN(E21,F21,G21,H21,I21,J21),0) -> #REF! | O21: =ROUND(_xlfn.STDEV.P(E21,F21,G21,H21,I21,J21),0) -> #REF! | P21: =O21/L21 -> #REF! | Q21: =ROUND(IF(P21<=0.5,K21,IF(AND(P21>0.5,P21<=1),N21,IF(AND(P21>1,P21<=1.5),M21,L21))),0) -> #REF! | R21: =IF(Q21=K21,"MENOR VALOR",IF(Q21=L21,"PROMEDIO",IF(Q21=M21,"MEDIA GEOMETRICA",IF(Q21=N21,"MEDIA ARMONICA")))) -> #REF!
B22: 16 | C22: OVEROL DE 2 PIEZAS: Tela drill verde oliva en tejido diagonal 3x1 vulcano. La mezcla de hilo en trama y urdimbre. color verde oliva para botones, cremalleras, hilos y velcros. La camisa Debe llevar parche que cubra todo el ancho de la parte del codo, con sistema de cierre botones. Debe llevar 2 cintas reflectoras color gris plata compuesta de lentes expuestos de gran ángulo reflectivo, adheridos en las mangas en la parte delantera debe llevar porta presillas confeccionadas en forma rectangular terminada en punta con ojal, ubicada en los hombros. El pantalón simétrico, bota recta, con pretina con 7 pasadores para ajuste en la cintura, la cual tiene como sistema de cierre un botón. El pantalón lleva cinta reflectora en forma simétrica ubicadas a la altura de la rodilla. Tallas de acuerdo a la necesidad de la unidad. | D22: UNIDAD | E22: =+#REF! -> #REF! | G22: 238000 | H22: 178500 | I22: 245687.4 | J22: 86400 | K22: =ROUND(MIN(E22,F22,G22,H22,I22,J22),0) -> #REF! | L22: =ROUND(AVERAGE(E22,F22,G22,H22,I22,J22),0) -> #REF! | M22: =ROUND(GEOMEAN(E22,F22,G22,H22,I22,J22),0) -> #REF! | N22: =ROUND(HARMEAN(E22,F22,G22,H22,I22,J22),0) -> #REF! | O22: =ROUND(_xlfn.STDEV.P(E22,F22,G22,H22,I22,J22),0) -> #REF! | P22: =O22/L22 -> #REF! | Q22: =ROUND(IF(P22<=0.5,K22,IF(AND(P22>0.5,P22<=1),N22,IF(AND(P22>1,P22<=1.5),M22,L22))),0) -> #REF! | R22: =IF(Q22=K22,"MENOR VALOR",IF(Q22=L22,"PROMEDIO",IF(Q22=M22,"MEDIA GEOMETRICA",IF(Q22=N22,"MEDIA ARMONICA")))) -> #REF!

Sheet cantidad original
B2: MANTENIMIENTO PLANTAS DE TRATAMIENTO DE AGUA POTABLE (PTAP)
B3: CLASIFICADOR POR OBJETO DEL GASTO | D3: NOMBRE CUENTA
B4: A-02-02-02-005-004-02 | D4: SERVICIOS GENERALES DE CONSTRUCCIÓN DE OBRAS DE INGENIERÍA CIVIL
B5: ITEM | C5: DESCRIPCIÓN DEL BIEN Y/O SERVICIO | D5: UNIDAD MEDIDA | E5: NECESIDAD | F5: BASRO 48 | G5: BIREY | H5: BAACA 5 | I5: BAADA 2 | J5: BILUD | K5: TOTAL | L5: COSTO DIRECTO | M5: =+#REF! -> #REF! | N5: =+#REF! -> #REF! | O5: =+#REF! -> #REF! | P5: =+#REF! -> #REF! | Q5: PRECIO REFERENCIA | R5: BASRO 48 | S5: BIREY | T5: BAACA 5 | U5: BAADA 2 | V5: BILUD | W5: TOTAL
B6: 1 | C6: ADECUACIÓN DE SALIDAS DE LODOS Y SUCCIÓN BOMBA DE FILTRACIÓN, NIPLES ROSCADOS 2"X20 Ø 2" HG. | D6: SERVICIO | E6: 1 | G6: 1 | K6: =SUM(F6:J6) -> 1 | L6: =+#REF! -> #REF! | M6: 70255 | N6: 13172 | O6: 17564 | P6: 3337 | Q6: =SUM(L6:P6) -> #REF! | R6: =F6*Q6 -> #REF! | S6: =+G6*Q6 -> #REF! | T6: =+H6*Q6 -> #REF! | U6: =+I6*Q6 -> #REF! | V6: =+J6*Q6 -> #REF! | W6: =SUM(R6:V6) -> #REF!
B7: 2 | C7: CAMBIO DE LECHO FILTRANTE, 2 TON DE ARENA SILICE MALLA 16-30 2 TON DE ANTRACITA. | D7: SERVICIO | E7: 4 | F7: 3 | G7: 1 | K7: =SUM(F7:J7) -> 4 | L7: =+#REF! -> #REF! | M7: 351238 | N7: 65857 | O7: 87808 | P7: 16684 | Q7: =SUM(L7:P7) -> #REF! | R7: =F7*Q7 -> #REF! | S7: =+G7*Q7 -> #REF! | T7: =+H7*Q7 -> #REF! | U7: =+I7*Q7 -> #REF! | V7: =+J7*Q7 -> #REF! | W7: =SUM(R7:V7) -> #REF!
B8: 3 | C8: EXTRACCIÓN LODOS POZO EYECTOR Y/O TANQUE SÉPTICO Y/O TANQUE DE SEDIMENTACIÓN EXISTENTE - MEDIANTE EQUIPO DE BOMBEO, INCLUYE DISPOSICIÓN FINAL CONTROLADA DE LOS LODOS EN SITIO AUTORIZADO POR LA AUTORIDAD AMBIENTAL COMPETENTE. INCLUYE MANEJO DE LODOS EN ACTIVIDADES DE COMPOSTAJE PARA REUTILIZACIÓN DE LOS MISMOS O SIMILAR. | D8: M3 | E8: 15 | G8: 15 | K8: =SUM(F8:J8) -> 15 | L8: =+#REF! -> #REF! | M8: 44030 | N8: 8257 | O8: 11007 | P8: 2091 | Q8: =SUM(L8:P8) -> #REF! | R8: =F8*Q8 -> #REF! | S8: =+G8*Q8 -> #REF! | T8: =+H8*Q8 -> #REF! | U8: =+I8*Q8 -> #REF! | V8: =+J8*Q8 -> #REF! | W8: =SUM(R8:V8) -> #REF!
B9: 4 | C9: MANTENIMIENTO A TANQUE DESARENADOR CAPACIDAD 7,5 M3 CONSISTENTE EN EXTRACCIÓN DE SEDIMENTOS, LAVADO A PRESIÓN, CORRECCIÓN DE GRIETAS IMPERMEABILIZACIÓN. | D9: SERVICIO | E9: 1 | G9: 1 | K9: =SUM(F9:J9) -> 1 | L9: =+#REF! -> #REF! | M9: 74318 | N9: 13934 | O9: 18579 | P9: 3530 | Q9: =SUM(L9:P9) -> #REF! | R9: =F9*Q9 -> #REF! | S9: =+G9*Q9 -> #REF! | T9: =+H9*Q9 -> #REF! | U9: =+I9*Q9 -> #REF! | V9: =+J9*Q9 -> #REF! | W9: =SUM(R9:V9) -> #REF!
B10: 5 | C10: MANTENIMIENTO A TORRE DE AIREACIÓN DE 05 BANDEJAS: LIMPIEZA GENERAL, APLICACIÓN DE PINTURA EPÓXICA APROPIADA PARA CONTACTO CON AGUA POTABLE. | D10: M2 | E10: 15 | G10: 15 | K10: =SUM(F10:J10) -> 15 | L10: =+#REF! -> #REF! | M10: 10802 | N10: 2025 | O10: 2701 | P10: 513 | Q10: =SUM(L10:P10) -> #REF! | R10: =F10*Q10 -> #REF! | S10: =+G10*Q10 -> #REF! | T10: =+H10*Q10 -> #REF! | U10: =+I10*Q10 -> #REF! | V10: =+J10*Q10 -> #REF! | W10: =SUM(R10:V10) -> #REF!
B11: 6 | C11: MANTENIMIENTO DE FILTRO DE FIBRA DE VIDRIO DE 36" CAPACIDAD 1,5 M3: RETIRO DE MATERIAL FILTRANTE, LAVADO A PRESIÓN, CAMBIO 10 M DE 1 PULGADA DE TUBERÍA INTERNA EN MAL ESTADO, TOBERAS. | D11: SERVICIO | E11: 1 | G11: 1 | K11: =SUM(F11:J11) -> 1 | L11: =+#REF! -> #REF! | M11: 137577 | N11: 25796 | O11: 34394 | P11: 6535 | Q11: =SUM(L11:P11) -> #REF! | R11: =F11*Q11 -> #REF! | S11: =+G11*Q11 -> #REF! | T11: =+H11*Q11 -> #REF! | U11: =+I11*Q11 -> #REF! | V11: =+J11*Q11 -> #REF! | W11: =SUM(R11:V11) -> #REF!
B12: 7 | C12: MANTENIMIENTO MEDIO FILTRANTE ADSORBENTE (INCLUYE EXTENDIDO Y NIVELACIÓN DE LA SUPERFICIE, LAVADO CON AGUA DESTILADA) INCLUYE EL SUMINISTRO E INSTALACIÓN DE CARBÓN COQUE TAMAÑOS ENTRE 1" A 2" (DENSIDAD > 1.50 G/CM3) | D12: M2 | E12: 5 | G12: 5 | K12: =SUM(F12:J12) -> 5 | L12: =+#REF! -> #REF! | M12: 42607 | N12: 7989 | O12: 10652 | P12: 2023 | Q12: =SUM(L12:P12) -> #REF! | R12: =F12*Q12 -> #REF! | S12: =+G12*Q12 -> #REF! | T12: =+H12*Q12 -> #REF! | U12: =+I12*Q12 -> #REF! | V12: =+J12*Q12 -> #REF! | W12: =SUM(R12:V12) -> #REF!
B13: 8 | C13: MANTENIMIENTO MEDIO FILTRANTE ADSORBENTE (INCLUYE EXTENDIDO Y NIVELACIÓN DE LA SUPERFICIE, LAVADO CON AGUA DESTILADA) INCLUYE SUMINISTRO E INSTALACIÓN DE CARBÓN VEGETAL TAMAÑOS ENTRE 1" A 2" (DENSIDAD > 0.50 G/CM3) | D13: M2 | E13: 5 | G13: 5 | K13: =SUM(F13:J13) -> 5 | L13: =+#REF! -> #REF! | M13: 40249 | N13: 7547 | O13: 10062 | P13: 1912 | Q13: =SUM(L13:P13) -> #REF! | R13: =F13*Q13 -> #REF! | S13: =+G13*Q13 -> #REF! | T13: =+H13*Q13 -> #REF! | U13: =+I13*Q13 -> #REF! | V13: =+J13*Q13 -> #REF! | W13: =SUM(R13:V13) -> #REF!
B14: 9 | C14: MANTENIMIENTO PREVENTIVO A ELECTROBOMBA AUTOCEBANTE DE 2 HP CONSISTENTE EN CAMBIO DE RODAMIENTOS, BALINERAS, SELLOS, CHEQUES, EMPAQUES Y PINTURA DE CORAZA. | D14: SERVICIO | E14: 3 | F14: 2 | G14: 1 | K14: =SUM(F14:J14) -> 3 | L14: =+#REF! -> #REF! | M14: 122007 | N14: 22876 | O14: 30502 | P14: 5794 | Q14: =SUM(L14:P14) -> #REF! | R14: =F14*Q14 -> #REF! | S14: =+G14*Q14 -> #REF! | T14: =+H14*Q14 -> #REF! | U14: =+I14*Q14 -> #REF! | V14: =+J14*Q14 -> #REF! | W14: =SUM(R14:V14) -> #REF!
B15: 10 | C15: MANTENIMIENTO TANQUE DE AGUA TRATADA 100 M3: LAVADO A PRESIÓN, CORRECCIÓN DE GRIETAS E IMPERMEABILIZACIÓN. | D15: SERVICIO | E15: 1 | G15: 1 | K15: =SUM(F15:J15) -> 1 | L15: =+#REF! -> #REF! | M15: 187639 | N15: 35182 | O15: 46910 | P15: 8913 | Q15: =SUM(L15:P15) -> #REF! | R15: =F15*Q15 -> #REF! | S15: =+G15*Q15 -> #REF! | T15: =+H15*Q15 -> #REF! | U15: =+I15*Q15 -> #REF! | V15: =+J15*Q15 -> #REF! | W15: =SUM(R15:V15) -> #REF!
B16: 11 | C16: RECUBRIMIENTO EPÓXICO FLEXIBLE DE ALTO DESEMPEÑO SE COMPONE DE DOS COMPONENTES ALTA RESISTENCIA QUÍMICA. (INCLUYE 2 MANOS DE RECUBRIMIENTO, FILOS Y DILATACIONES). | D16: M2 | E16: 30 | F16: 15 | G16: 15 | K16: =SUM(F16:J16) -> 30 | L16: =+#REF! -> #REF! | M16: 16115 | N16: 3021 | O16: 4029 | P16: 766 | Q16: =SUM(L16:P16) -> #REF! | R16: =F16*Q16 -> #REF! | S16: =+G16*Q16 -> #REF! | T16: =+H16*Q16 -> #REF! | U16: =+I16*Q16 -> #REF! | V16: =+J16*Q16 -> #REF! | W16: =SUM(R16:V16) -> #REF!
B17: 12 | C17: SUMINISTRO E INSTALACION DE FILTRO DE MEMBRANA HUECA DE DIAMETRO: DIÁMETRO INTERNO 15,5 CM, DIÁMETRO EXTERNO 18,5 CM, DIÁMETRO DE COLLAR 1.5 CM, LARGO 90 CM, ANCHO 15,5 CM. | D17: SERVICIO | E17: 3 | F17: 2 | G17: 1 | K17: =SUM(F17:J17) -> 3 | L17: =+#REF! -> #REF! | M17: 173716 | N17: 32572 | O17: 43429 | P17: 8252 | Q17: =SUM(L17:P17) -> #REF! | R17: =F17*Q17 -> #REF! | S17: =+G17*Q17 -> #REF! | T17: =+H17*Q17 -> #REF! | U17: =+I17*Q17 -> #REF! | V17: =+J17*Q17 -> #REF! | W17: =SUM(R17:V17) -> #REF!
B18: 13 | C18: SUMINISTRO E INSTALACION DE BOMBA DOSIFICADORA DE QUIMICOS (INCLUYE ACCESORIOS) | D18: SERVICIO | E18: 2 | F18: 1 | G18: 1 | K18: =SUM(F18:J18) -> 2 | L18: =+#REF! -> #REF! | M18: 195652 | N18: 36685 | O18: 48913 | P18: 9293 | Q18: =SUM(L18:P18) -> #REF! | R18: =F18*Q18 -> #REF! | S18: =+G18*Q18 -> #REF! | T18: =+H18*Q18 -> #REF! | U18: =+I18*Q18 -> #REF! | V18: =+J18*Q18 -> #REF! | W18: =SUM(R18:V18) -> #REF!
B19: 14 | C19: SUMINISTRO E INSTALACION DEL TABLERO DE CONTROL DEL POZO PROFUNDO (INCLUYE ACCESORIOS) | D19: SERVICIO | E19: 1 | G19: 1 | K19: =SUM(F19:J19) -> 1 | L19: =+#REF! -> #REF! | M19: 141694 | N19: 26568 | O19: 35423 | P19: 6730 | Q19: =SUM(L19:P19) -> #REF! | R19: =F19*Q19 -> #REF! | S19: =+G19*Q19 -> #REF! | T19: =+H19*Q19 -> #REF! | U19: =+I19*Q19 -> #REF! | V19: =+J19*Q19 -> #REF! | W19: =SUM(R19:V19) -> #REF!
B20: 15 | C20: SUMINISTRO E INSTALACION LUMINARIA INTERNA (3 LAMPARAS REFLECTORES LED Y 04 REFLECTORES EXTERNOS LED) INCLUYE ACCESORIOS Y CABLEADO | D20: SERVICIO | E20: 5 | F20: 4 | G20: 1 | K20: =SUM(F20:J20) -> 5 | L20: =+#REF! -> #REF! | M20: 89861 | N20: 16849 | O20: 22465 | P20: 4268 | Q20: =SUM(L20:P20) -> #REF! | R20: =F20*Q20 -> #REF! | S20: =+G20*Q20 -> #REF! | T20: =+H20*Q20 -> #REF! | U20: =+I20*Q20 -> #REF! | V20: =+J20*Q20 -> #REF! | W20: =SUM(R20:V20) -> #REF!
B21: 16 | C21: PINTURA DE TANQUE CEDIMENTADOR CON PINTURA EPOXICA GRIS, Y EL RESTO DE LA PLANTA ( 02 FILTROS GRUESOS, 02 FILTROS FINOS Y 02 MTS DE TUBERIA DE 2" CON PINTURA A BASE DE ACEITE COLOR AZUL) INCLUYE , MATERIAL PARA LA RESPECTIVA PINTADA Y MANO DE OBRA | D21: SERVICIO | E21: 2 | F21: 1 | G21: 1 | K21: =SUM(F21:J21) -> 2 | L21: =+#REF! -> #REF! | M21: 128000 | N21: 24000 | O21: 32000 | P21: 6080 | Q21: =SUM(L21:P21) -> #REF! | R21: =F21*Q21 -> #REF! | S21: =+G21*Q21 -> #REF! | T21: =+H21*Q21 -> #REF! | U21: =+I21*Q21 -> #REF! | V21: =+J21*Q21 -> #REF! | W21: =SUM(R21:V21) -> #REF!
F22: =SUM(F6:F21) -> 28 | G22: =SUM(G6:G21) -> 66 | H22: =SUM(H6:H21) -> 0 | I22: =SUM(I6:I21) -> 0 | J22: =SUM(J6:J21) -> 0 | K22: =SUM(K6:K21) -> 94 | L22: =SUM(L6:L21) -> #REF! | M22: =SUM(M6:M21) -> 1825760 | ... W22: =SUM(W6:W21) -> #REF!
B24: MANTENIMIENTO PLANTAS DE TRATAMIENTO DE AGUA RESIDUAL (PTAR)
B25: CLASIFICADOR POR OBJETO DEL GASTO | D25: NOMBRE CUENTA
B26: A-02-02-02-005-004-02 | D26: SERVICIOS GENERALES DE CONSTRUCCIÓN DE OBRAS DE INGENIERÍA CIVIL
B27: ITEM | C27: DESCRIPCIÓN DEL BIEN Y/O SERVICIO | D27: UNIDAD MEDIDA | E27: NECESIDAD | F27: BASRO 48 | G27: BIREY | H27: BAACA 5 | I27: BAADA 2 | J27: BILUD | K27: TOTAL | L27: COSTO DIRECTO | M27: =+#REF! -> #REF! | N27: =+#REF! -> #REF! | O27: =+#REF! -> #REF! | P27: =+#REF! -> #REF! | Q27: PRECIO REFERENCIA | R27: BASRO 48 | S27: BIREY | T27: BAACA 5 | U27: BAADA 2 | V27: BILUD | W27: TOTAL
B28: 1 | C28: ADECUACIÓN DE SALIDAS DE LODOS Y SUCCIÓN BOMBA DE FILTRACIÓN, NIPLES ROSCADOS 2"X20 Ø 2" HG. | D28: SERVICIO | E28: 2 | G28: 1 | J28: 1 | K28: =SUM(F28:J28) -> 2 | L28: =+#REF! -> #REF! | M28: 70255 | N28: 13172 | O28: 17564 | P28: 3337 | Q28: =SUM(L28:P28) -> #REF! | R28: =F28*Q28 -> #REF! | S28: =+G28*Q28 -> #REF! | T28: =+H28*Q28 -> #REF! | U28: =+I28*Q28 -> #REF! | V28: =+J28*Q28 -> #REF! | W28: =SUM(R28:V28) -> #REF!
B29: 2 | C29: CAMBIO DE DIFUSORES DE BURBUJA FINA DE 12" QUE ESTÁN EN MAL ESTADO, POR NUEVOS DIFUSORES. QUE INCLUYE CAMBIO DE TUBERÍA DE 10 METROS DE 2 PULGADAS. | D29: SERVICIO | E29: 1 | G29: 1 | K29: =SUM(F29:J29) -> 1 | L29: =+#REF! -> #REF! | M29: 58688 | N29: 11004 | O29: 14672 | P29: 2788 | Q29: =SUM(L29:P29) -> #REF! | R29: =F29*Q29 -> #REF! | S29: =+G29*Q29 -> #REF! | T29: =+H29*Q29 -> #REF! | U29: =+I29*Q29 -> #REF! | V29: =+J29*Q29 -> #REF! | W29: =SUM(R29:V29) -> #REF!
B30: 3 | C30: CAMBIO DE FILTRO DE AIRE DEL MOTOR SOPLADOR. | D30: SERVICIO | E30: 3 | G30: 1 | H30: 2 | K30: =SUM(F30:J30) -> 3 | L30: =+#REF! -> #REF! | M30: 52846 | N30: 9909 | O30: 13211 | P30: 2510 | Q30: =SUM(L30:P30) -> #REF! | R30: =F30*Q30 -> #REF! | S30: =+G30*Q30 -> #REF! | T30: =+H30*Q30 -> #REF! | U30: =+I30*Q30 -> #REF! | V30: =+J30*Q30 -> #REF! | W30: =SUM(R30:V30) -> #REF!
B31: 4 | C31: EXTRACCIÓN LODOS LAGUNA ESTABILIZACIÓN - MEDIANTE EQUIPO EQUIPO DE BOMBEO, INCLUYE DISPOSICIÓN FINAL CONTROLADA DE LOS LODOS A SITIO AUTORIZADO POR LA AUTORIDAD AMBIENTAL COMPETENTE (INCLUYE REMOCIÓN MECÁNICA DE LODOS) | D31: M3 | E31: 12 | G31: 10 | H31: 2 | K31: =SUM(F31:J31) -> 12 | L31: =+#REF! -> #REF! | M31: 30491 | N31: 5717 | O31: 7623 | P31: 1448 | Q31: =SUM(L31:P31) -> #REF! | R31: =F31*Q31 -> #REF! | S31: =+G31*Q31 -> #REF! | T31: =+H31*Q31 -> #REF! | U31: =+I31*Q31 -> #REF! | V31: =+J31*Q31 -> #REF! | W31: =SUM(R31:V31) -> #REF!
B32: 5 | C32: EXTRACCIÓN LODOS POZO EYECTOR Y/O TANQUE SÉPTICO Y/O TANQUE DE SEDIMENTACIÓN EXISTENTE - MEDIANTE EQUIPO DE BOMBEO, INCLUYE DISPOSICIÓN FINAL CONTROLADA DE LOS LODOS EN SITIO AUTORIZADO POR LA AUTORIDAD AMBIENTAL COMPETENTE. INCLUYE MANEJO DE LODOS EN ACTIVIDADES DE COMPOSTAJE PARA REUTILIZACIÓN DE LOS MISMOS O SIMILAR. | D32: M3 | E32: 87 | G32: 10 | H32: 2 | I32: 20 | J32: 55 | K32: =SUM(F32:J32) -> 87 | L32: =+#REF! -> #REF! | M32: 27561 | N32: 5168 | O32: 6890 | P32: 1309 | Q32: =SUM(L32:P32) -> #REF! | R32: =F32*Q32 -> #REF! | S32: =+G32*Q32 -> #REF! | T32: =+H32*Q32 -> #REF! | U32: =+I32*Q32 -> #REF! | V32: =+J32*Q32 -> #REF! | W32: =SUM(R32:V32) -> #REF!
B33: 6 | C33: INSTALACIÓN DE GEOMEMBRANA CAL 20 MILS DE 0,5 MM (incluye todo lo ncesario para su funcionamiento) | D33: M2 | E33: 32 | G33: 30 | H33: 2 | K33: =SUM(F33:J33) -> 32 | L33: =+#REF! -> #REF! | M33: 8139 | N33: 1526 | O33: 2035 | P33: 387 | Q33: =SUM(L33:P33) -> #REF! | R33: =F33*Q33 -> #REF! | S33: =+G33*Q33 -> #REF! | T33: =+H33*Q33 -> #REF! | U33: =+I33*Q33 -> #REF! | V33: =+J33*Q33 -> #REF! | W33: =SUM(R33:V33) -> #REF!
B34: 7 | C34: LIMPIEZA MANUAL DE LAGUNA DE OXIDACIÓN (AGUAS RESIDUALES), INCLUYE: RECOGIDA Y BOTADA DE ESCOMBROS. | D34: M2 | E34: 87 | G34: 30 | H34: 2 | J34: 55 | K34: =SUM(F34:J34) -> 87 | L34: =+#REF! -> #REF! | M34: 11200 | N34: 2100 | O34: 2800 | P34: 532 | Q34: =SUM(L34:P34) -> #REF! | R34: =F34*Q34 -> #REF! | S34: =+G34*Q34 -> #REF! | T34: =+H34*Q34 -> #REF! | U34: =+I34*Q34 -> #REF! | V34: =+J34*Q34 -> #REF! | W34: =SUM(R34:V34) -> #REF!
B35: 8 | C35: MANTENIMIENTO A CANALETA PARCHAL CORRECCIÓN DE GRIETAS E IMPERMEABILIZACIÓN | D35: ML | E35: 1 | H35: 1 | K35: =SUM(F35:J35) -> 1 | L35: =+#REF! -> #REF! | M35: 17484 | N35: 3278 | O35: 4371 | P35: 830 | Q35: =SUM(L35:P35) -> #REF! | R35: =F35*Q35 -> #REF! | S35: =+G35*Q35 -> #REF! | T35: =+H35*Q35 -> #REF! | U35: =+I35*Q35 -> #REF! | V35: =+J35*Q35 -> #REF! | W35: =SUM(R35:V35) -> #REF!
B36: 9 | C36: MANTENIMIENTO A LECHO DE SECADO DE LODOS CAPACIDAD 7 M3 LAVADO A PRESIÓN, CORRECCIÓN DE GRIETAS, REPOSICIÓN DE LECHO FILTRANTE. | D36: SERVICIO | E36: 1 | H36: 1 | K36: =SUM(F36:J36) -> 1 | L36: =+#REF! -> #REF! | M36: 77456 | N36: 14523 | O36: 19364 | P36: 3679 | Q36: =SUM(L36:P36) -> #REF! | R36: =F36*Q36 -> #REF! | S36: =+G36*Q36 -> #REF! | T36: =+H36*Q36 -> #REF! | U36: =+I36*Q36 -> #REF! | V36: =+J36*Q36 -> #REF! | W36: =SUM(R36:V36) -> #REF!
B37: 10 | C37: MANTENIMIENTO A TANQUE DE LODOS ACTIVADOS CAPACIDAD DE 100 M3, CONSISTENTE EN EXTRACCIÓN DE LODOS, LAVADO A PRESIÓN, CORRECCIÓN DE GRIETAS E IMPERMEABILIZACIÓN. | D37: SERVICIO | E37: 3 | H37: 2 | I37: 1 | K37: =SUM(F37:J37) -> 3 | L37: =+#REF! -> #REF! | M37: 268491 | N37: 50342 | O37: 67123 | P37: 12753 | Q37: =SUM(L37:P37) -> #REF! | R37: =F37*Q37 -> #REF! | S37: =+G37*Q37 -> #REF! | T37: =+H37*Q37 -> #REF! | U37: =+I37*Q37 -> #REF! | V37: =+J37*Q37 -> #REF! | W37: =SUM(R37:V37) -> #REF!
B38: 11 | C38: MANTENIMIENTO A TANQUE HOMOGENIZADOR CAPACIDAD DE 100 M3 CONSISTENTE EN EXTRACCIÓN DE LODOS, LAVADO A PRESIÓN, CORRECCIÓN DE GRIETAS E IMPERMEABILIZACIÓN. | D38: SERVICIO | E38: 2 | I38: 1 | J38: 1 | K38: =SUM(F38:J38) -> 2 | L38: =+#REF! -> #REF! | M38: 268491 | N38: 50342 | O38: 67123 | P38: 12753 | Q38: =SUM(L38:P38) -> #REF! | R38: =F38*Q38 -> #REF! | S38: =+G38*Q38 -> #REF! | T38: =+H38*Q38 -> #REF! | U38: =+I38*Q38 -> #REF! | V38: =+J38*Q38 -> #REF! | W38: =SUM(R38:V38) -> #REF!
B39: 12 | C39: MANTENIMIENTO BOMBA EYECTORA SUMERGIBLE. INSTALACIÓN Y PUESTA EN FUNCIONAMIENTO. A TODO COSTO- INCLUYE, TABLERO DE CONTROL Y ACCESORIOS CONEXIÓN A SISTEMA HIDRÁULICO Y ELÉCTRICO + SUMINISTRO E INSTALACIÓN Y PUESTA EN FUNCIONAMIENTO). | D39: UND | E39: 4 | G39: 1 | H39: 2 | I39: 1 | K39: =SUM(F39:J39) -> 4 | L39: =+#REF! -> #REF! | M39: 145696 | N39: 27317 | O39: 36424 | P39: 6921 | Q39: =SUM(L39:P39) -> #REF! | R39: =F39*Q39 -> #REF! | S39: =+G39*Q39 -> #REF! | T39: =+H39*Q39 -> #REF! | U39: =+I39*Q39 -> #REF! | V39: =+J39*Q39 -> #REF! | W39: =SUM(R39:V39) -> #REF!
B40: 13 | C40: MANTENIMIENTO DE CAJA DE INSPECCIÓN (INCLUYE RETIRO DE VEGETACIÓN, PIEDRAS Y/O SEDIMENTACIÓN). INCLUYE EL CAMBIO DE TAPA CORRESPONDIENTE A LAS CAJA DE INSPECCIÓN QUE POR SU DETERIORO LO REQUIERA. | D40: SERVICIO | E40: 1 | I40: 1 | K40: =SUM(F40:J40) -> 1 | L40: =+#REF! -> #REF! | M40: 56938 | N40: 10676 | O40: 14235 | P40: 2705 | Q40: =SUM(L40:P40) -> #REF! | R40: =F40*Q40 -> #REF! | S40: =+G40*Q40 -> #REF! | T40: =+H40*Q40 -> #REF! | U40: =+I40*Q40 -> #REF! | V40: =+J40*Q40 -> #REF! | W40: =SUM(R40:V40) -> #REF!
B41: 14 | C41: MANTENIMIENTO DE EQUIPO DE BOMBEO, INCLUYE VERIFICACIÓN Y SUPERVISIÓN DEL FUNCIONAMIENTO CORRECTO DEL MOTOR, CIRCUITO DE ALIMENTACIÓN, FRECUENCIA DE ENCENDIDO, ESTADO DE LOS TANQUES DE PRESIÓN; REVISIÓN Y AJUSTE DE LOS CONTROLADORES DE NIVEL, LIMPIEZA DE LOS CONTROLES DE ALIMENTACIÓN Y REVISIÓN DE LA INSTALACIÓN HIDRÁULICA EN EL CUARTO DE MÁQUINAS; REVISIÓN Y AJUSTES DE RELÉS, BREAKER Y PRESOSTATOS, ANÁLISIS DE FALLAS EN VARIADOR SEGÚN EL CASO, REPORTES VARIADOR SEGÚN EL CASO, PRESIÓN RANGO MÍNIMOS Y MÁXIMOS EN PSI, VOLTAJES POR FASE RANGO MÍNIMOS Y MÁXIMOS EN VOL., AMPERAJE RANGO MÍNIMOS Y MÁXIMOS EN AMP, REVISIÓN DE ALTERNACIÓN DE BOMBAS, REVISIÓN DE TEMPERATURA DE BOMBAS, REVISIÓN MANÓMETROS DE PRESIÓN - PSI CON VARIADOR, REVISIÓN DE RUIDOS DE BOMBAS, LIMPIEZA DE LAS BOMBAS Y TABLEROS (LIMPIEZA BÁSICA EXTERIOR), REVISIÓN DE FLOTADORES, REVISIÓN DE TABLERO, REVISIÓN DE SENTIDO DE GIRO, REVISIÓN DE ALINEAMIENTOS, VERIFICACIÓN DE EMPAQUES, ACOPLES Y BRIDAS, ESTADO DE RODAMIENTOS, LIMPIEZA DE TODOS LOS COMPONENTES Y LUBRICACIÓN REVISIÓN DE SOPORTES Y ANCLAJES DE BOMBAS, AJUSTE DE TORNILLERÍA, REVISIÓN GENERAL Y PROGRAMACIÓN DE VARIADOR, REVISIÓN DE SIRENAS, REVISIÓN DE SOPORTES Y AJUSTES EN VERTICALES Y HORIZONTALES, INFORME DE MANTENIMIENTO; (INCLUYE EL CAMBIO O INSTALACIÓN DE 1 CHEQUE HIDRO DE 1_1/2" X 150 PSI; 2 REGISTRO CORTINA DE 1_1/2"; Y 2 MANÓMETROS DE 100 PSI) - NO INCLUYE EL COSTO DE LOS REPUESTOS QUE SE NECESITAREN PARA EL BUEN FUNCIONAMIENTO DE LOS EQUIPOS, NI EL LAVADO DE TANQUES. | D41: SERVICIO | E41: 3 | H41: 2 | I41: 1 | K41: =SUM(F41:J41) -> 3 | L41: =+#REF! -> #REF! | M41: 137891 | N41: 25855 | O41: 34473 | P41: 6550 | Q41: =SUM(L41:P41) -> #REF! | R41: =F41*Q41 -> #REF! | S41: =+G41*Q41 -> #REF! | T41: =+H41*Q41 -> #REF! | U41: =+I41*Q41 -> #REF! | V41: =+J41*Q41 -> #REF! | W41: =SUM(R41:V41) -> #REF!
B42: 15 | C42: MANTENIMIENTO DE LECHO FILTRANTE EXTRACCIÓN DE SEDIMIENTOS Y LAVADO A PRESIÓN | D42: M3 | E42: 20 | I42: 20 | K42: =SUM(F42:J42) -> 20 | L42: =+#REF! -> #REF! | M42: 15862 | N42: 2973 | O42: 3966 | P42: 754 | Q42: =SUM(L42:P42) -> #REF! | R42: =F42*Q42 -> #REF! | S42: =+G42*Q42 -> #REF! | T42: =+H42*Q42 -> #REF! | U42: =+I42*Q42 -> #REF! | V42: =+J42*Q42 -> #REF! | W42: =SUM(R42:V42) -> #REF!
B43: 16 | C43: MANTENIMIENTO DE TABLERO ELÉCTRICO PARA ELECTROBOMBAS DE 5 HP, INCLUYENDO CONTACTORES Y PROTECCIONES TÉRMICAS, PROTECCIÓN CONTRA PICOS DE VOLTAJE, ARRANCADORES, INSTALACIÓN DE BREAKE TRIPOLAR. | D43: SERVICIO | E43: 2 | H43: 1 | I43: 1 | K43: =SUM(F43:J43) -> 2 | L43: =+#REF! -> #REF! | M43: 110217 | N43: 20666 | O43: 27554 | P43: 5235 | Q43: =SUM(L43:P43) -> #REF! | R43: =F43*Q43 -> #REF! | S43: =+G43*Q43 -> #REF! | T43: =+H43*Q43 -> #REF! | U43: =+I43*Q43 -> #REF! | V43: =+J43*Q43 -> #REF! | W43: =SUM(R43:V43) -> #REF!
B44: 17 | C44: MANTENIMIENTO DE TABLERO ELÉCTRICO PARA MOTOR SOPLADOR DE AIRE DE 11 HP Y MOTOBOMBA DE 2 HP, INCLUYENDO CONTACTORES Y PROTECCIONES TÉRMICAS, PROTECCIÓN CONTRA PICOS DE VOLTAJE, ARRANCADORES, INSTALACIÓN DE BREAKE TRIPOLAR. | D44: SERVICIO | E44: 2 | H44: 1 | I44: 1 | K44: =SUM(F44:J44) -> 2 | L44: =+#REF! -> #REF! | M44: 158472 | N44: 29713 | O44: 39618 | P44: 7527 | Q44: =SUM(L44:P44) -> #REF! | R44: =F44*Q44 -> #REF! | S44: =+G44*Q44 -> #REF! | T44: =+H44*Q44 -> #REF! | U44: =+I44*Q44 -> #REF! | V44: =+J44*Q44 -> #REF! | W44: =SUM(R44:V44) -> #REF!
B45: 18 | C45: MANTENIMIENTO GENERAL DE ELECTROBOMBA DE 5 HP CONSISTENTE EN CAMBIO DE RODAMIENTOS, SELLO, EMPAQUES. | D45: SERVICIO | E45: 3 | G45: 1 | H45: 2 | K45: =SUM(F45:J45) -> 3 | L45: =+#REF! -> #REF! | M45: 124708 | N45: 23383 | O45: 31177 | P45: 5924 | Q45: =SUM(L45:P45) -> #REF! | R45: =F45*Q45 -> #REF! | S45: =+G45*Q45 -> #REF! | T45: =+H45*Q45 -> #REF! | U45: =+I45*Q45 -> #REF! | V45: =+J45*Q45 -> #REF! | W45: =SUM(R45:V45) -> #REF!
B46: 19 | C46: MANTENIMIENTO GENERAL DE VÁLVULAS DEL MOTOR DE LA PLANTA DE TRATAMIENTO | D46: SERVICIO | E46: 1 | H46: 1 | K46: =SUM(F46:J46) -> 1 | L46: =+#REF! -> #REF! | M46: 50759 | N46: 9517 | O46: 12690 | P46: 2411 | Q46: =SUM(L46:P46) -> #REF! | R46: =F46*Q46 -> #REF! | S46: =+G46*Q46 -> #REF! | T46: =+H46*Q46 -> #REF! | U46: =+I46*Q46 -> #REF! | V46: =+J46*Q46 -> #REF! | W46: =SUM(R46:V46) -> #REF!
B47: 20 | C47: MANTENIMIENTO GENERAL DE VÁLVULAS. | D47: SERVICIO | E47: 2 | H47: 1 | I47: 1 | K47: =SUM(F47:J47) -> 2 | L47: =+#REF! -> #REF! | M47: 51861 | N47: 9724 | O47: 12965 | P47: 2463 | Q47: =SUM(L47:P47) -> #REF! | R47: =F47*Q47 -> #REF! | S47: =+G47*Q47 -> #REF! | T47: =+H47*Q47 -> #REF! | U47: =+I47*Q47 -> #REF! | V47: =+J47*Q47 -> #REF! | W47: =SUM(R47:V47) -> #REF!
B48: 21 | C48: MANTENIMIENTO LECHO DE SECADO DE LODOS. (INCLUYE CAMBIO DE TUBERÍA PERFORADA, MATERIAL FILTRANTE COMPUESTO POR GRAVA Y ARENA DE VARIAS GRANULOMETRÍAS Y LADRILLO SUPERPUESTO PARA PROTECCIÓN MATERIAL FILTRANTE). | D48: M2 | E48: 20 | I48: 20 | K48: =SUM(F48:J48) -> 20 | L48: =+#REF! -> #REF! | M48: 19200 | N48: 3600 | O48: 4800 | P48: 912 | Q48: =SUM(L48:P48) -> #REF! | R48: =F48*Q48 -> #REF! | S48: =+G48*Q48 -> #REF! | T48: =+H48*Q48 -> #REF! | U48: =+I48*Q48 -> #REF! | V48: =+J48*Q48 -> #REF! | W48: =SUM(R48:V48) -> #REF!
B49: 22 | C49: MANTENIMIENTO PREVENTIVO A ELECTROBOMBA AUTOCEBANTE DE 2 HP CONSISTENTE EN CAMBIO DE RODAMIENTOS, BALINERAS, SELLOS, CHEQUES, EMPAQUES Y PINTURA DE CORAZA. | D49: SERVICIO | E49: 1 | G49: 1 | K49: =SUM(F49:J49) -> 1 | L49: =+#REF! -> #REF! | M49: 114299 | N49: 21431 | O49: 28574 | P49: 5429 | Q49: =SUM(L49:P49) -> #REF! | R49: =F49*Q49 -> #REF! | S49: =+G49*Q49 -> #REF! | T49: =+H49*Q49 -> #REF! | U49: =+I49*Q49 -> #REF! | V49: =+J49*Q49 -> #REF! | W49: =SUM(R49:V49) -> #REF!
B50: 23 | C50: MANTENIMIENTO REJILLAS DE CRIBADO EN LA ESTRUCTURA DE ENTRADA A LA PLANTA QUE INCLUYE APLICACIÓN PINTURA ANTICORROSIVA. | D50: SERVICIO | E50: 2 | I50: 1 | J50: 1 | K50: =SUM(F50:J50) -> 2 | L50: =+#REF! -> #REF! | M50: 56040 | N50: 10508 | O50: 14010 | P50: 2662 | Q50: =SUM(L50:P50) -> #REF! | R50: =F50*Q50 -> #REF! | S50: =+G50*Q50 -> #REF! | T50: =+H50*Q50 -> #REF! | U50: =+I50*Q50 -> #REF! | V50: =+J50*Q50 -> #REF! | W50: =SUM(R50:V50) -> #REF!
B51: 24 | C51: REHABILITACIÓN Y MANTENIMIENTO DE CONJUNTO (MOTOR ELÉCTRICO 30HP + SOPLADOR) PARA AIREACIÓN DE PTAR, INCLUYE SUMINISTRO E INSTALACIÓN DE CORREAS, FILTROS PARA SOPLADOR. INCLUYE CAMBIO DE RODAMIENTOS , PINTURA Y BARNIZADA; SOPLADOR MECÁNICO INCLUYE DESMONTE, CAMBIO DE LUBRICANTE, REVISIÓN EQUIPO MECÁNICO, CAMBIO EMPAQUETADURA, SELLOS Y PINTURA. | D51: SERVICIO | E51: 3 | G51: 1 | H51: 2 | K51: =SUM(F51:J51) -> 3 | L51: =+#REF! -> #REF! | M51: 190241 | N51: 35670 | O51: 47560 | P51: 9035 | Q51: =SUM(L51:P51) -> #REF! | R51: =F51*Q51 -> #REF! | S51: =+G51*Q51 -> #REF! | T51: =+H51*Q51 -> #REF! | U51: =+I51*Q51 -> #REF! | V51: =+J51*Q51 -> #REF! | W51: =SUM(R51:V51) -> #REF!
B52: 25 | C52: REHABILITACIÓN Y MANTENIMIENTO GENERAL DEL TABLERO ELÉCTRICO DE LA PTAR, INCLUYE SUMINISTRO E INSTALACIÓN DE PUESTA A TIERRA, TERMINALES, PILOTOS, BALIZA, MEDIDOR MULTIFUNCIONAL, CABLEADO MANDO Y CONTROL, CAMBIO DE CONTACTORES, CORRECCIÓN GIRO MOTORES, AJUSTE DE FASES. | D52: SERVICIO | E52: 2 | G52: 1 | H52: 1 | K52: =SUM(F52:J52) -> 2 | L52: =+#REF! -> #REF! | M52: 120000 | N52: 22500 | O52: 30000 | P52: 5700 | Q52: =SUM(L52:P52) -> #REF! | R52: =F52*Q52 -> #REF! | S52: =+G52*Q52 -> #REF! | T52: =+H52*Q52 -> #REF! | U52: =+I52*Q52 -> #REF! | V52: =+J52*Q52 -> #REF! | W52: =SUM(R52:V52) -> #REF!
B53: 26 | C53: SUMINISTRO E INSTALACIÓN DE TUBERIAS 1", 3" Y 4 PULGADAS, ACCESORIOS PARA LOS DIFUSORES DE AIRE AIRLIFT | D53: M | E53: 10 | G53: 10 | K53: =SUM(F53:J53) -> 10 | L53: =+#REF! -> #REF! | M53: 19531 | N53: 3662 | O53: 4883 | P53: 928 | Q53: =SUM(L53:P53) -> #REF! | R53: =F53*Q53 -> #REF! | S53: =+G53*Q53 -> #REF! | T53: =+H53*Q53 -> #REF! | U53: =+I53*Q53 -> #REF! | V53: =+J53*Q53 -> #REF! | W53: =SUM(R53:V53) -> #REF!
B54: 27 | C54: INSTALACIÓN DE GEOMEMBRANA CAL 30 MILS 0.5 MM (incluye todo lo necesario para su funcionamiento) | D54: M2 | E54: 10 | G54: 10 | K54: =SUM(F54:J54) -> 10 | L54: =+#REF! -> #REF! | M54: 12388 | N54: 2323 | O54: 3097 | P54: 588 | Q54: =SUM(L54:P54) -> #REF! | R54: =F54*Q54 -> #REF! | S54: =+G54*Q54 -> #REF! | T54: =+H54*Q54 -> #REF! | U54: =+I54*Q54 -> #REF! | V54: =+J54*Q54 -> #REF! | W54: =SUM(R54:V54) -> #REF!
B55: 28 | C55: MANTENIMIENTO PREVENTIVO A MOTOR SOPLADOR DE AIRE DE 11 HP CONSISTENTE EN RECTIFICADO Y ENCAMISADO DE TAPAS, CAMBIO DE RODAMIENTOS, BALINERAS, SELLOS, CHEQUES, EMPAQUES Y PINTURA DE CORAZA, ENCAMISADO DE TAPAS. | D55: SERVICIO | E55: 2 | G55: 1 | I55: 1 | K55: =SUM(F55:J55) -> 2 | L55: =+#REF! -> #REF! | M55: 182189 | N55: 34160 | O55: 45547 | P55: 8654 | Q55: =SUM(L55:P55) -> #REF! | R55: =F55*Q55 -> #REF! | S55: =+G55*Q55 -> #REF! | T55: =+H55*Q55 -> #REF! | U55: =+I55*Q55 -> #REF! | V55: =+J55*Q55 -> #REF! | W55: =SUM(R55:V55) -> #REF!
B56: 29 | C56: SERVICIO DE MANTENIMIENTO, DE LA ELECTROBOMBA Y EQUIPO DE CIRCULACION DEL AGUA (INCLUYE REPUESTOS Y ACCESORIOS) | D56: SERVICIO | E56: 1 | G56: 1 | K56: =SUM(F56:J56) -> 1 | L56: =+#REF! -> #REF! | M56: 70514 | N56: 13222 | O56: 17629 | P56: 3350 | Q56: =SUM(L56:P56) -> #REF! | R56: =F56*Q56 -> #REF! | S56: =+G56*Q56 -> #REF! | T56: =+H56*Q56 -> #REF! | U56: =+I56*Q56 -> #REF! | V56: =+J56*Q56 -> #REF! | W56: =SUM(R56:V56) -> #REF!
B57: 30 | C57: MANTENIMIENTO DE TANQUE DE AGUA TRATADA 100 M3: LAVADO A PRESIÓN, RESANE Y SELLADO DE GRIETAS E IMPERMEABILIZACIÓN. | D57: SERVICIO | E57: 1 | G57: 1 | K57: =SUM(F57:J57) -> 1 | L57: =+#REF! -> #REF! | M57: 238126 | N57: 44649 | O57: 59531 | P57: 11311 | Q57: =SUM(L57:P57) -> #REF! | R57: =F57*Q57 -> #REF! | S57: =+G57*Q57 -> #REF! | T57: =+H57*Q57 -> #REF! | U57: =+I57*Q57 -> #REF! | V57: =+J57*Q57 -> #REF! | W57: =SUM(R57:V57) -> #REF!
B58: 31 | C58: MANTENIMIENTO TANQUE SÉPTICO 4.000 LTS EVACUACIÓN DE LODOS CON VACTOR Y POSTERIOR DISPOSICIÒN DE ACUERDO A LA REGLAMENTACIÒN VIGENTE, LAVADO CON HIDROLAVADORA, MANTENIMIENTO A REDES HIDRÁULICAS Y REINICIO DEL SISTEMA. | D58: SERVICIO | E58: 2 | I58: 1 | J58: 1 | K58: =SUM(F58:J58) -> 2 | L58: =+#REF! -> #REF! | M58: 160000 | N58: 30000 | O58: 40000 | P58: 7600 | Q58: =SUM(L58:P58) -> #REF! | R58: =F58*Q58 -> #REF! | S58: =+G58*Q58 -> #REF! | T58: =+H58*Q58 -> #REF! | U58: =+I58*Q58 -> #REF! | V58: =+J58*Q58 -> #REF! | W58: =SUM(R58:V58) -> #REF!
B59: 32 | C59: MANTENIMIENTO TANQUES SÉPTICOS 1.000 LTS EVACUACIÓN DE LODOS CON VACTOR Y POSTERIOR DISPOSICIÒN DE ACUERDO A LA REGLAMENTACIÒN VIGENTE, LAVADO CON HIDROLAVADORA, MANTENIMIENTO A REDES HIDRÁULICAS Y REINICIO DEL SISTEMA. | D59: SERVICIO | E59: 1 | I59: 1 | K59: =SUM(F59:J59) -> 1 | L59: =+#REF! -> #REF! | M59: 114349 | N59: 21440 | O59: 28587 | P59: 5432 | Q59: =SUM(L59:P59) -> #REF! | R59: =F59*Q59 -> #REF! | S59: =+G59*Q59 -> #REF! | T59: =+H59*Q59 -> #REF! | U59: =+I59*Q59 -> #REF! | V59: =+J59*Q59 -> #REF! | W59: =SUM(R59:V59) -> #REF!
B60: 33 | C60: MANTENIMIENTO, INSTALACIÓN Y PUESTA EN FUNCIONAMIENTO DE ESTACIÓN DE CLORACIÓN: BOMBA DOSIFICADORA PARA HIPOCLORITO DE SODIO, SULFATO DE ALUMINIO TIPO. B, SODA CAUSTICA, CON 50 MTS. DE MANGUERA DE 8MM, SUMINISTRO DE TANQUE DE 1000 LITROS, PARA PREPARACIÓN Y ALMACENAMIENTO DE SOLUCIÓN. | D60: SERVICIO | E60: 2 | G60: 1 | H60: 1 | K60: =SUM(F60:J60) -> 2 | L60: =+#REF! -> #REF! | M60: 202684 | N60: 38003 | O60: 50671 | P60: 9627 | Q60: =SUM(L60:P60) -> #REF! | R60: =F60*Q60 -> #REF! | S60: =+G60*Q60 -> #REF! | T60: =+H60*Q60 -> #REF! | U60: =+I60*Q60 -> #REF! | V60: =+J60*Q60 -> #REF! | W60: =SUM(R60:V60) -> #REF!
B61: 34 | C61: RECUBRIMIENTO EPÓXICO FLEXIBLE DE ALTO DESEMPEÑO SE COMPONE DE DOS COMPONENTES ALTA RESISTENCIA QUÍMICA. (INCLUYE 2 MANOS DE RECUBRIMIENTO, FILOS Y DILATACIONES). | D61: M2 | E61: 1 | H61: 1 | K61: =SUM(F61:J61) -> 1 | L61: =+#REF! -> #REF! | M61: 51704 | N61: 9695 | O61: 12926 | P61: 2456 | Q61: =SUM(L61:P61) -> #REF! | R61: =F61*Q61 -> #REF! | S61: =+G61*Q61 -> #REF! | T61: =+H61*Q61 -> #REF! | U61: =+I61*Q61 -> #REF! | V61: =+J61*Q61 -> #REF! | W61: =SUM(R61:V61) -> #REF!
B62: 35 | C62: REHABILITACIÓN Y MANTENIMIENTO DE ELECTROBOMBA SUMERGIBLE 3HP PARA BOMBEO DEL ESPESADOR DE LODO A LOS LECHOS DE SECADO, INCLUYE DESMONTE, REVISIÓN, CAMBIO DE RODAMIENTO 6206, SELLOS MECÁNICO 1'', CAMBIO DE ACEITE TIPO CAPELA, BARNIZADA Y PINTURA. | D62: SERVICIO | E62: 2 | H62: 2 | K62: =SUM(F62:J62) -> 2 | L62: =+#REF! -> #REF! | M62: 152450 | N62: 28584 | O62: 38112 | P62: 7241 | Q62: =SUM(L62:P62) -> #REF! | R62: =F62*Q62 -> #REF! | S62: =+G62*Q62 -> #REF! | T62: =+H62*Q62 -> #REF! | U62: =+I62*Q62 -> #REF! | V62: =+J62*Q62 -> #REF! | W62: =SUM(R62:V62) -> #REF!
B63: 36 | C63: SUMINISTRO E INSTALACIÓN DE ROSETÓN PLÁSTICO PARA LECHO FILTRANTE. | D63: UND | E63: 1 | I63: 1 | K63: =SUM(F63:J63) -> 1 | L63: =+#REF! -> #REF! | M63: 14523 | N63: 2723 | O63: 3631 | P63: 690 | Q63: =SUM(L63:P63) -> #REF! | R63: =F63*Q63 -> #REF! | S63: =+G63*Q63 -> #REF! | T63: =+H63*Q63 -> #REF! | U63: =+I63*Q63 -> #REF! | V63: =+J63*Q63 -> #REF! | W63: =SUM(R63:V63) -> #REF!
F64: =SUM(F28:F63) -> 0 | G64: =SUM(G28:G63) -> 112 | H64: =SUM(H28:H63) -> 31 | I64: =SUM(I28:I63) -> 73 | J64: =SUM(J28:J63) -> 114 | K64: =SUM(K28:K63) -> 330 | L64: =SUM(L28:L63) -> #REF! | M64: =SUM(M28:M63) -> 3461744 | ... W64: =SUM(W28:W63) -> #REF!

Sheet cantidad limitada
B2: MANTENIMIENTO PLANTAS DE TRATAMIENTO DE AGUA POTABLE (PTAP)
B3: CLASIFICADOR POR OBJETO DEL GASTO | D3: NOMBRE CUENTA
B4: A-02-02-02-005-004-02 | D4: SERVICIOS GENERALES DE CONSTRUCCIÓN DE OBRAS DE INGENIERÍA CIVIL
B5: ITEM | C5: DESCRIPCIÓN DEL BIEN Y/O SERVICIO | D5: UNIDAD MEDIDA | E5: NECESIDAD | F5: BASRO 48 | G5: BIREY | H5: BAACA 5 | I5: BAADA 2 | J5: BILUD | K5: TOTAL | L5: COSTO DIRECTO | M5: =+#REF! -> #REF! | N5: =+#REF! -> #REF! | O5: =+#REF! -> #REF! | P5: =+#REF! -> #REF! | Q5: PRECIO REFERENCIA | R5: BASRO 48 | S5: BIREY | T5: BAACA 5 | U5: BAADA 2 | V5: BILUD | W5: TOTAL | X5: ADMINISTRACION | Y5: IMPREVISTOS | Z5: UTILIDAD | AA5: IVA SOBRE LA UTILIDAD
B6: 1 | C6: ADECUACIÓN DE SALIDAS DE LODOS Y SUCCIÓN BOMBA DE FILTRACIÓN, NIPLES ROSCADOS 2"X20 Ø 2" HG. | D6: SERVICIO | E6: 1 | G6: 1 | K6: =SUM(F6:J6) -> 1 | L6: =+#REF! -> #REF! | M6: 70255 | N6: 13172 | O6: 17564 | P6: 3337 | Q6: =SUM(L6:P6) -> #REF! | R6: =F6*Q6 -> #REF! | S6: =+G6*Q6 -> #REF! | T6: =+H6*Q6 -> #REF! | U6: =+I6*Q6 -> #REF! | V6: =+J6*Q6 -> #REF! | W6: =SUM(R6:V6) -> #REF! | X6: =+K6*M6 -> 70255 | Y6: =+K6*N6 -> 13172 | Z6: =+K6*O6 -> 17564 | AA6: =+K6*P6 -> 3337
B7: 2 | C7: CAMBIO DE LECHO FILTRANTE, 2 TON DE ARENA SILICE MALLA 16-30 2 TON DE ANTRACITA. | D7: SERVICIO | E7: 4 | F7: 2 | G7: 1 | K7: =SUM(F7:J7) -> 3 | L7: =+#REF! -> #REF! | M7: 351238 | N7: 65857 | O7: 87808 | P7: 16684 | Q7: =SUM(L7:P7) -> #REF! | R7: =F7*Q7 -> #REF! | S7: =+G7*Q7 -> #REF! | T7: =+H7*Q7 -> #REF! | U7: =+I7*Q7 -> #REF! | V7: =+J7*Q7 -> #REF! | W7: =SUM(R7:V7) -> #REF! | X7: =+K7*M7 -> 1053714 | Y7: =+K7*N7 -> 197571 | Z7: =+K7*O7 -> 263424 | AA7: =+K7*P7 -> 50052
B8: 3 | C8: EXTRACCIÓN LODOS POZO EYECTOR Y/O TANQUE SÉPTICO Y/O TANQUE DE SEDIMENTACIÓN EXISTENTE - MEDIANTE EQUIPO DE BOMBEO, INCLUYE DISPOSICIÓN FINAL CONTROLADA DE LOS LODOS EN SITIO AUTORIZADO POR LA AUTORIDAD AMBIENTAL COMPETENTE. INCLUYE MANEJO DE LODOS EN ACTIVIDADES DE COMPOSTAJE PARA REUTILIZACIÓN DE LOS MISMOS O SIMILAR. | D8: M3 | E8: 15 | G8: 5 | K8: =SUM(F8:J8) -> 5 | L8: =+#REF! -> #REF! | M8: 44030 | N8: 8257 | O8: 11007 | P8: 2091 | Q8: =SUM(L8:P8) -> #REF! | R8: =F8*Q8 -> #REF! | S8: =+G8*Q8 -> #REF! | T8: =+H8*Q8 -> #REF! | U8: =+I8*Q8 -> #REF! | V8: =+J8*Q8 -> #REF! | W8: =SUM(R8:V8) -> #REF! | X8: =+K8*M8 -> 220150 | Y8: =+K8*N8 -> 41285 | Z8: =+K8*O8 -> 55035 | AA8: =+K8*P8 -> 10455
B9: 4 | C9: MANTENIMIENTO A TANQUE DESARENADOR CAPACIDAD 7,5 M3 CONSISTENTE EN EXTRACCIÓN DE SEDIMENTOS, LAVADO A PRESIÓN, CORRECCIÓN DE GRIETAS IMPERMEABILIZACIÓN. | D9: SERVICIO | E9: 1 | G9: 1 | K9: =SUM(F9:J9) -> 1 | L9: =+#REF! -> #REF! | M9: 74318 | N9: 13934 | O9: 18579 | P9: 3530 | Q9: =SUM(L9:P9) -> #REF! | R9: =F9*Q9 -> #REF! | S9: =+G9*Q9 -> #REF! | T9: =+H9*Q9 -> #REF! | U9: =+I9*Q9 -> #REF! | V9: =+J9*Q9 -> #REF! | W9: =SUM(R9:V9) -> #REF! | X9: =+K9*M9 -> 74318 | Y9: =+K9*N9 -> 13934 | Z9: =+K9*O9 -> 18579 | AA9: =+K9*P9 -> 3530
B10: 5 | C10: MANTENIMIENTO A TORRE DE AIREACIÓN DE 05 BANDEJAS: LIMPIEZA GENERAL, APLICACIÓN DE PINTURA EPÓXICA APROPIADA PARA CONTACTO CON AGUA POTABLE. | D10: M2 | E10: 15 | G10: 1 | K10: =SUM(F10:J10) -> 1 | L10: =+#REF! -> #REF! | M10: 10802 | N10: 2025 | O10: 2701 | P10: 513 | Q10: =SUM(L10:P10) -> #REF! | R10: =F10*Q10 -> #REF! | S10: =+G10*Q10 -> #REF! | T10: =+H10*Q10 -> #REF! | U10: =+I10*Q10 -> #REF! | V10: =+J10*Q10 -> #REF! | W10: =SUM(R10:V10) -> #REF! | X10: =+K10*M10 -> 10802 | Y10: =+K10*N10 -> 2025 | Z10: =+K10*O10 -> 2701 | AA10: =+K10*P10 -> 513
B11: 6 | C11: MANTENIMIENTO DE FILTRO DE FIBRA DE VIDRIO DE 36" CAPACIDAD 1,5 M3: RETIRO DE MATERIAL FILTRANTE, LAVADO A PRESIÓN, CAMBIO 10 M DE 1 PULGADA DE TUBERÍA INTERNA EN MAL ESTADO, TOBERAS. | D11: SERVICIO | E11: 1 | G11: 1 | K11: =SUM(F11:J11) -> 1 | L11: =+#REF! -> #REF! | M11: 137577 | N11: 25796 | O11: 34395 | P11: 6536 | Q11: =SUM(L11:P11) -> #REF! | R11: =F11*Q11 -> #REF! | S11: =+G11*Q11 -> #REF! | T11: =+H11*Q11 -> #REF! | U11: =+I11*Q11 -> #REF! | V11: =+J11*Q11 -> #REF! | W11: =SUM(R11:V11) -> #REF! | X11: =+K11*M11 -> 137577 | Y11: =+K11*N11 -> 25796 | Z11: =+K11*O11 -> 34395 | AA11: =+K11*P11 -> 6536
B12: 7 | C12: MANTENIMIENTO MEDIO FILTRANTE ADSORBENTE (INCLUYE EXTENDIDO Y NIVELACIÓN DE LA SUPERFICIE, LAVADO CON AGUA DESTILADA) INCLUYE EL SUMINISTRO E INSTALACIÓN DE CARBÓN COQUE TAMAÑOS ENTRE 1" A 2" (DENSIDAD > 1.50 G/CM3) | D12: M2 | E12: 5 | G12: 3 | K12: =SUM(F12:J12) -> 3 | L12: =+#REF! -> #REF! | M12: 42607 | N12: 7989 | O12: 10652 | P12: 2023 | Q12: =SUM(L12:P12) -> #REF! | R12: =F12*Q12 -> #REF! | S12: =+G12*Q12 -> #REF! | T12: =+H12*Q12 -> #REF! | U12: =+I12*Q12 -> #REF! | V12: =+J12*Q12 -> #REF! | W12: =SUM(R12:V12) -> #REF! | X12: =+K12*M12 -> 127821 | Y12: =+K12*N12 -> 23967 | Z12: =+K12*O12 -> 31956 | AA12: =+K12*P12 -> 6069
B13: 8 | C13: MANTENIMIENTO MEDIO FILTRANTE ADSORBENTE (INCLUYE EXTENDIDO Y NIVELACIÓN DE LA SUPERFICIE, LAVADO CON AGUA DESTILADA) INCLUYE SUMINISTRO E INSTALACIÓN DE CARBÓN VEGETAL TAMAÑOS ENTRE 1" A 2" (DENSIDAD > 0.50 G/CM3) | D13: M2 | E13: 5 | G13: 2 | K13: =SUM(F13:J13) -> 2 | L13: =+#REF! -> #REF! | M13: 40249 | N13: 7547 | O13: 10063 | P13: 1912 | Q13: =SUM(L13:P13) -> #REF! | R13: =F13*Q13 -> #REF! | S13: =+G13*Q13 -> #REF! | T13: =+H13*Q13 -> #REF! | U13: =+I13*Q13 -> #REF! | V13: =+J13*Q13 -> #REF! | W13: =SUM(R13:V13) -> #REF! | X13: =+K13*M13 -> 80498 | Y13: =+K13*N13 -> 15094 | Z13: =+K13*O13 -> 20126 | AA13: =+K13*P13 -> 3824
B14: 9 | C14: MANTENIMIENTO PREVENTIVO A ELECTROBOMBA AUTOCEBANTE DE 2 HP CONSISTENTE EN CAMBIO DE RODAMIENTOS, BALINERAS, SELLOS, CHEQUES, EMPAQUES Y PINTURA DE CORAZA. | D14: SERVICIO | E14: 3 | F14: 2 | G14: 1 | K14: =SUM(F14:J14) -> 3 | L14: =+#REF! -> #REF! | M14: 122007 | N14: 22876 | O14: 30502 | P14: 5794 | Q14: =SUM(L14:P14) -> #REF! | R14: =F14*Q14 -> #REF! | S14: =+G14*Q14 -> #REF! | T14: =+H14*Q14 -> #REF! | U14: =+I14*Q14 -> #REF! | V14: =+J14*Q14 -> #REF! | W14: =SUM(R14:V14) -> #REF! | X14: =+K14*M14 -> 366021 | Y14: =+K14*N14 -> 68628 | Z14: =+K14*O14 -> 91506 | AA14: =+K14*P14 -> 17382
B15: 10 | C15: MANTENIMIENTO TANQUE DE AGUA TRATADA 100 M3: LAVADO A PRESIÓN, CORRECCIÓN DE GRIETAS E IMPERMEABILIZACIÓN. | D15: SERVICIO | E15: 1 | G15: 1 | K15: =SUM(F15:J15) -> 1 | L15: =+#REF! -> #REF! | M15: 187639 | N15: 35182 | O15: 46910 | P15: 8913 | Q15: =SUM(L15:P15) -> #REF! | R15: =F15*Q15 -> #REF! | S15: =+G15*Q15 -> #REF! | T15: =+H15*Q15 -> #REF! | U15: =+I15*Q15 -> #REF! | V15: =+J15*Q15 -> #REF! | W15: =SUM(R15:V15) -> #REF! | X15: =+K15*M15 -> 187639 | Y15: =+K15*N15 -> 35182 | Z15: =+K15*O15 -> 46910 | AA15: =+K15*P15 -> 8913
B16: 11 | C16: RECUBRIMIENTO EPÓXICO FLEXIBLE DE ALTO DESEMPEÑO SE COMPONE DE DOS COMPONENTES ALTA RESISTENCIA QUÍMICA. (INCLUYE 2 MANOS DE RECUBRIMIENTO, FILOS Y DILATACIONES). | D16: M2 | E16: 30 | F16: 12 | G16: 4 | K16: =SUM(F16:J16) -> 16 | L16: =+#REF! -> #REF! | M16: 16115 | N16: 3021 | O16: 4029 | P16: 766 | Q16: =SUM(L16:P16) -> #REF! | R16: =F16*Q16 -> #REF! | S16: =+G16*Q16 -> #REF! | T16: =+H16*Q16 -> #REF! | U16: =+I16*Q16 -> #REF! | V16: =+J16*Q16 -> #REF! | W16: =SUM(R16:V16) -> #REF! | X16: =+K16*M16 -> 257840 | Y16: =+K16*N16 -> 48336 | Z16: =+K16*O16 -> 64464 | AA16: =+K16*P16 -> 12256
B17: 12 | C17: SUMINISTRO E INSTALACION DE FILTRO DE MEMBRANA HUECA DE DIAMETRO: DIÁMETRO INTERNO 15,5 CM, DIÁMETRO EXTERNO 18,5 CM, DIÁMETRO DE COLLAR 1.5 CM, LARGO 90 CM, ANCHO 15,5 CM. | D17: SERVICIO | E17: 3 | F17: 2 | G17: 1 | K17: =SUM(F17:J17) -> 3 | L17: =+#REF! -> #REF! | M17: 173716 | N17: 32572 | O17: 43429 | P17: 8252 | Q17: =SUM(L17:P17) -> #REF! | R17: =F17*Q17 -> #REF! | S17: =+G17*Q17 -> #REF! | T17: =+H17*Q17 -> #REF! | U17: =+I17*Q17 -> #REF! | V17: =+J17*Q17 -> #REF! | W17: =SUM(R17:V17) -> #REF! | X17: =+K17*M17 -> 521148 | Y17: =+K17*N17 -> 97716 | Z17: =+K17*O17 -> 130287 | AA17: =+K17*P17 -> 24756
B18: 13 | C18: SUMINISTRO E INSTALACION DE BOMBA DOSIFICADORA DE QUIMICOS (INCLUYE ACCESORIOS) | D18: SERVICIO | E18: 2 | F18: 1 | G18: 1 | K18: =SUM(F18:J18) -> 2 | L18: =+#REF! -> #REF! | M18: 195652 | N18: 36686 | O18: 48913 | P18: 9293 | Q18: =SUM(L18:P18) -> #REF! | R18: =F18*Q18 -> #REF! | S18: =+G18*Q18 -> #REF! | T18: =+H18*Q18 -> #REF! | U18: =+I18*Q18 -> #REF! | V18: =+J18*Q18 -> #REF! | W18: =SUM(R18:V18) -> #REF! | X18: =+K18*M18 -> 391304 | Y18: =+K18*N18 -> 73372 | Z18: =+K18*O18 -> 97826 | AA18: =+K18*P18 -> 18586
B19: 14 | C19: SUMINISTRO E INSTALACION DEL TABLERO DE CONTROL DEL POZO PROFUNDO (INCLUYE ACCESORIOS) | D19: SERVICIO | E19: 1 | G19: 1 | K19: =SUM(F19:J19) -> 1 | L19: =+#REF! -> #REF! | M19: 141693 | N19: 26568 | O19: 35423 | P19: 6730 | Q19: =SUM(L19:P19) -> #REF! | R19: =F19*Q19 -> #REF! | S19: =+G19*Q19 -> #REF! | T19: =+H19*Q19 -> #REF! | U19: =+I19*Q19 -> #REF! | V19: =+J19*Q19 -> #REF! | W19: =SUM(R19:V19) -> #REF! | X19: =+K19*M19 -> 141693 | Y19: =+K19*N19 -> 26568 | Z19: =+K19*O19 -> 35423 | AA19: =+K19*P19 -> 6730
B20: 15 | C20: SUMINISTRO E INSTALACION LUMINARIA INTERNA (3 LAMPARAS REFLECTORES LED Y 04 REFLECTORES EXTERNOS LED) INCLUYE ACCESORIOS Y CABLEADO | D20: SERVICIO | E20: 5 | F20: 4 | G20: 1 | K20: =SUM(F20:J20) -> 5 | L20: =+#REF! -> #REF! | M20: 89861 | N20: 16849 | O20: 22465 | P20: 4268 | Q20: =SUM(L20:P20) -> #REF! | R20: =F20*Q20 -> #REF! | S20: =+G20*Q20 -> #REF! | T20: =+H20*Q20 -> #REF! | U20: =+I20*Q20 -> #REF! | V20: =+J20*Q20 -> #REF! | W20: =SUM(R20:V20) -> #REF! | X20: =+K20*M20 -> 449305 | Y20: =+K20*N20 -> 84245 | Z20: =+K20*O20 -> 112325 | AA20: =+K20*P20 -> 21340
B21: 16 | C21: PINTURA DE TANQUE CEDIMENTADOR CON PINTURA EPOXICA GRIS, Y EL RESTO DE LA PLANTA ( 02 FILTROS GRUESOS, 02 FILTROS FINOS Y 02 MTS DE TUBERIA DE 2" CON PINTURA A BASE DE ACEITE COLOR AZUL) INCLUYE , MATERIAL PARA LA RESPECTIVA PINTADA Y MANO DE OBRA | D21: SERVICIO | E21: 2 | F21: 1 | G21: 1 | K21: =SUM(F21:J21) -> 2 | L21: =+#REF! -> #REF! | M21: 128000 | N21: 24000 | O21: 32000 | P21: 6080 | Q21: =SUM(L21:P21) -> #REF! | R21: =F21*Q21 -> #REF! | S21: =+G21*Q21 -> #REF! | T21: =+H21*Q21 -> #REF! | U21: =+I21*Q21 -> #REF! | V21: =+J21*Q21 -> #REF! | W21: =SUM(R21:V21) -> #REF! | X21: =+K21*M21 -> 256000 | Y21: =+K21*N21 -> 48000 | Z21: =+K21*O21 -> 64000 | AA21: =+K21*P21 -> 12160
F22: =SUM(F6:F21) -> 24 | G22: =SUM(G6:G21) -> 26 | H22: =SUM(H6:H21) -> 0 | I22: =SUM(I6:I21) -> 0 | J22: =SUM(J6:J21) -> 0 | K22: =SUM(K6:K21) -> 50 | L22: =SUM(L6:L21) -> #REF! | M22: =SUM(M6:M21) -> 1825759 | ... AB22: =SUM(AB6:AB21) -> 0
X23: 4346085 | Y23: 814891 | Z23: 1086521 | AA23: 206439
B24: MANTENIMIENTO PLANTAS DE TRATAMIENTO DE AGUA RESIDUAL (PTAR)
B25: CLASIFICADOR POR OBJETO DEL GASTO | D25: NOMBRE CUENTA
B26: A-02-02-02-005-004-02 | D26: SERVICIOS GENERALES DE CONSTRUCCIÓN DE OBRAS DE INGENIERÍA CIVIL
B27: ITEM | C27: DESCRIPCIÓN DEL BIEN Y/O SERVICIO | D27: UNIDAD MEDIDA | E27: NECESIDAD | F27: BASRO 48 | G27: BIREY | H27: BAACA 5 | I27: BAADA 2 | J27: BILUD | K27: TOTAL | L27: COSTO DIRECTO | M27: =+#REF! -> #REF! | N27: =+#REF! -> #REF! | O27: =+#REF! -> #REF! | P27: =+#REF! -> #REF! | Q27: PRECIO REFERENCIA | R27: BASRO 48 | S27: BIREY | T27: BAACA 5 | U27: BAADA 2 | V27: BILUD | W27: TOTAL | X27: ADMINISTRACION | Y27: IMPREVISTOS | Z27: UTILIDAD | AA27: IVA SOBRE LA UTILIDAD
B28: 1 | C28: ADECUACIÓN DE SALIDAS DE LODOS Y SUCCIÓN BOMBA DE FILTRACIÓN, NIPLES ROSCADOS 2"X20 Ø 2" HG. | D28: SERVICIO | E28: 2 | G28: 1 | J28: 1 | K28: =SUM(F28:J28) -> 2 | L28: =+#REF! -> #REF! | M28: 70255 | N28: 13172 | O28: 17564 | P28: 3337 | Q28: =SUM(L28:P28) -> #REF! | R28: =F28*Q28 -> #REF! | S28: =+G28*Q28 -> #REF! | T28: =+H28*Q28 -> #REF! | U28: =+I28*Q28 -> #REF! | V28: =+J28*Q28 -> #REF! | W28: =SUM(R28:V28) -> #REF! | X28: =+K28*M28 -> 140510 | Y28: =+K28*N28 -> 26344 | Z28: =+K28*O28 -> 35128 | AA28: =+K28*P28 -> 6674
B29: 2 | C29: CAMBIO DE DIFUSORES DE BURBUJA FINA DE 12" QUE ESTÁN EN MAL ESTADO, POR NUEVOS DIFUSORES. QUE INCLUYE CAMBIO DE TUBERÍA DE 10 METROS DE 2 PULGADAS. | D29: SERVICIO | E29: 1 | G29: 1 | K29: =SUM(F29:J29) -> 1 | L29: =+#REF! -> #REF! | M29: 58688 | N29: 11004 | O29: 14672 | P29: 2788 | Q29: =SUM(L29:P29) -> #REF! | R29: =F29*Q29 -> #REF! | S29: =+G29*Q29 -> #REF! | T29: =+H29*Q29 -> #REF! | U29: =+I29*Q29 -> #REF! | V29: =+J29*Q29 -> #REF! | W29: =SUM(R29:V29) -> #REF! | X29: =+K29*M29 -> 58688 | Y29: =+K29*N29 -> 11004 | Z29: =+K29*O29 -> 14672 | AA29: =+K29*P29 -> 2788
B30: 3 | C30: CAMBIO DE FILTRO DE AIRE DEL MOTOR SOPLADOR. | D30: SERVICIO | E30: 3 | G30: 1 | H30: 2 | K30: =SUM(F30:J30) -> 3 | L30: =+#REF! -> #REF! | M30: 52846 | N30: 9909 | O30: 13211 | P30: 2510 | Q30: =SUM(L30:P30) -> #REF! | R30: =F30*Q30 -> #REF! | S30: =+G30*Q30 -> #REF! | T30: =+H30*Q30 -> #REF! | U30: =+I30*Q30 -> #REF! | V30: =+J30*Q30 -> #REF! | W30: =SUM(R30:V30) -> #REF! | X30: =+K30*M30 -> 158538 | Y30: =+K30*N30 -> 29727 | Z30: =+K30*O30 -> 39633 | AA30: =+K30*P30 -> 7530
B31: 4 | C31: EXTRACCIÓN LODOS LAGUNA ESTABILIZACIÓN - MEDIANTE EQUIPO EQUIPO DE BOMBEO, INCLUYE DISPOSICIÓN FINAL CONTROLADA DE LOS LODOS A SITIO AUTORIZADO POR LA AUTORIDAD AMBIENTAL COMPETENTE (INCLUYE REMOCIÓN MECÁNICA DE LODOS) | D31: M3 | E31: 12 | G31: 5 | H31: 2 | K31: =SUM(F31:J31) -> 7 | L31: =+#REF! -> #REF! | M31: 30492 | N31: 5717 | O31: 7624 | P31: 1448 | Q31: =SUM(L31:P31) -> #REF! | R31: =F31*Q31 -> #REF! | S31: =+G31*Q31 -> #REF! | T31: =+H31*Q31 -> #REF! | U31: =+I31*Q31 -> #REF! | V31: =+J31*Q31 -> #REF! | W31: =SUM(R31:V31) -> #REF! | X31: =+K31*M31 -> 213444 | Y31: =+K31*N31 -> 40019 | Z31: =+K31*O31 -> 53368 | AA31: =+K31*P31 -> 10136
B32: 5 | C32: EXTRACCIÓN LODOS POZO EYECTOR Y/O TANQUE SÉPTICO Y/O TANQUE DE SEDIMENTACIÓN EXISTENTE - MEDIANTE EQUIPO DE BOMBEO, INCLUYE DISPOSICIÓN FINAL CONTROLADA DE LOS LODOS EN SITIO AUTORIZADO POR LA AUTORIDAD AMBIENTAL COMPETENTE. INCLUYE MANEJO DE LODOS EN ACTIVIDADES DE COMPOSTAJE PARA REUTILIZACIÓN DE LOS MISMOS O SIMILAR. | D32: M3 | E32: 87 | G32: 5 | H32: 1 | I32: 8 | J32: 47 | K32: =SUM(F32:J32) -> 61 | L32: =+#REF! -> #REF! | M32: 27561 | N32: 5168 | O32: 6890 | P32: 1309 | Q32: =SUM(L32:P32) -> #REF! | R32: =F32*Q32 -> #REF! | S32: =+G32*Q32 -> #REF! | T32: =+H32*Q32 -> #REF! | U32: =+I32*Q32 -> #REF! | V32: =+J32*Q32 -> #REF! | W32: =SUM(R32:V32) -> #REF! | X32: =+K32*M32 -> 1681221 | Y32: =+K32*N32 -> 315248 | Z32: =+K32*O32 -> 420290 | AA32: =+K32*P32 -> 79849
B33: 6 | C33: INSTALACIÓN DE GEOMEMBRANA CAL 20 MILS DE 0,5 MM (incluye todo lo ncesario para su funcionamiento) | D33: M2 | E33: 32 | G33: 5 | H33: 2 | K33: =SUM(F33:J33) -> 7 | L33: =+#REF! -> #REF! | M33: 8139 | N33: 1526 | O33: 2035 | P33: 387 | Q33: =SUM(L33:P33) -> #REF! | R33: =F33*Q33 -> #REF! | S33: =+G33*Q33 -> #REF! | T33: =+H33*Q33 -> #REF! | U33: =+I33*Q33 -> #REF! | V33: =+J33*Q33 -> #REF! | W33: =SUM(R33:V33) -> #REF! | X33: =+K33*M33 -> 56973 | Y33: =+K33*N33 -> 10682 | Z33: =+K33*O33 -> 14245 | AA33: =+K33*P33 -> 2709
B34: 7 | C34: LIMPIEZA MANUAL DE LAGUNA DE OXIDACIÓN (AGUAS RESIDUALES), INCLUYE: RECOGIDA Y BOTADA DE ESCOMBROS. | D34: M2 | E34: 87 | G34: 10 | H34: 1 | J34: 41 | K34: =SUM(F34:J34) -> 52 | L34: =+#REF! -> #REF! | M34: 11200 | N34: 2100 | O34: 2800 | P34: 532 | Q34: =SUM(L34:P34) -> #REF! | R34: =F34*Q34 -> #REF! | S34: =+G34*Q34 -> #REF! | T34: =+H34*Q34 -> #REF! | U34: =+I34*Q34 -> #REF! | V34: =+J34*Q34 -> #REF! | W34: =SUM(R34:V34) -> #REF! | X34: =+K34*M34 -> 582400 | Y34: =+K34*N34 -> 109200 | Z34: =+K34*O34 -> 145600 | AA34: =+K34*P34 -> 27664
B35: 8 | C35: MANTENIMIENTO A CANALETA PARCHAL CORRECCIÓN DE GRIETAS E IMPERMEABILIZACIÓN | D35: ML | E35: 1 | H35: 1 | K35: =SUM(F35:J35) -> 1 | L35: =+#REF! -> #REF! | M35: 17484 | N35: 3278 | O35: 4371 | P35: 830 | Q35: =SUM(L35:P35) -> #REF! | R35: =F35*Q35 -> #REF! | S35: =+G35*Q35 -> #REF! | T35: =+H35*Q35 -> #REF! | U35: =+I35*Q35 -> #REF! | V35: =+J35*Q35 -> #REF! | W35: =SUM(R35:V35) -> #REF! | X35: =+K35*M35 -> 17484 | Y35: =+K35*N35 -> 3278 | Z35: =+K35*O35 -> 4371 | AA35: =+K35*P35 -> 830
B36: 9 | C36: MANTENIMIENTO A LECHO DE SECADO DE LODOS CAPACIDAD 7 M3 LAVADO A PRESIÓN, CORRECCIÓN DE GRIETAS, REPOSICIÓN DE LECHO FILTRANTE. | D36: SERVICIO | E36: 1 | H36: 1 | K36: =SUM(F36:J36) -> 1 | L36: =+#REF! -> #REF! | M36: 77456 | N36: 14523 | O36: 19364 | P36: 3679 | Q36: =SUM(L36:P36) -> #REF! | R36: =F36*Q36 -> #REF! | S36: =+G36*Q36 -> #REF! | T36: =+H36*Q36 -> #REF! | U36: =+I36*Q36 -> #REF! | V36: =+J36*Q36 -> #REF! | W36: =SUM(R36:V36) -> #REF! | X36: =+K36*M36 -> 77456 | Y36: =+K36*N36 -> 14523 | Z36: =+K36*O36 -> 19364 | AA36: =+K36*P36 -> 3679
B37: 10 | C37: MANTENIMIENTO A TANQUE DE LODOS ACTIVADOS CAPACIDAD DE 100 M3, CONSISTENTE EN EXTRACCIÓN DE LODOS, LAVADO A PRESIÓN, CORRECCIÓN DE GRIETAS E IMPERMEABILIZACIÓN. | D37: SERVICIO | E37: 3 | H37: 1 | I37: 1 | K37: =SUM(F37:J37) -> 2 | L37: =+#REF! -> #REF! | M37: 268491 | N37: 50342 | O37: 67123 | P37: 12753 | Q37: =SUM(L37:P37) -> #REF! | R37: =F37*Q37 -> #REF! | S37: =+G37*Q37 -> #REF! | T37: =+H37*Q37 -> #REF! | U37: =+I37*Q37 -> #REF! | V37: =+J37*Q37 -> #REF! | W37: =SUM(R37:V37) -> #REF! | X37: =+K37*M37 -> 536982 | Y37: =+K37*N37 -> 100684 | Z37: =+K37*O37 -> 134246 | AA37: =+K37*P37 -> 25506
B38: 11 | C38: MANTENIMIENTO A TANQUE HOMOGENIZADOR CAPACIDAD DE 100 M3 CONSISTENTE EN EXTRACCIÓN DE LODOS, LAVADO A PRESIÓN, CORRECCIÓN DE GRIETAS E IMPERMEABILIZACIÓN. | D38: SERVICIO | E38: 2 | I38: 1 | J38: 1 | K38: =SUM(F38:J38) -> 2 | L38: =+#REF! -> #REF! | M38: 268491 | N38: 50342 | O38: 67123 | P38: 12753 | Q38: =SUM(L38:P38) -> #REF! | R38: =F38*Q38 -> #REF! | S38: =+G38*Q38 -> #REF! | T38: =+H38*Q38 -> #REF! | U38: =+I38*Q38 -> #REF! | V38: =+J38*Q38 -> #REF! | W38: =SUM(R38:V38) -> #REF! | X38: =+K38*M38 -> 536982 | Y38: =+K38*N38 -> 100684 | Z38: =+K38*O38 -> 134246 | AA38: =+K38*P38 -> 25506
B39: 12 | C39: MANTENIMIENTO BOMBA EYECTORA SUMERGIBLE. INSTALACIÓN Y PUESTA EN FUNCIONAMIENTO. A TODO COSTO- INCLUYE, TABLERO DE CONTROL Y ACCESORIOS CONEXIÓN A SISTEMA HIDRÁULICO Y ELÉCTRICO + SUMINISTRO E INSTALACIÓN Y PUESTA EN FUNCIONAMIENTO). | D39: UND | E39: 4 | G39: 1 | H39: 1 | I39: 1 | K39: =SUM(F39:J39) -> 3 | L39: =+#REF! -> #REF! | M39: 145696 | N39: 27316 | O39: 36424 | P39: 6921 | Q39: =SUM(L39:P39) -> #REF! | R39: =F39*Q39 -> #REF! | S39: =+G39*Q39 -> #REF! | T39: =+H39*Q39 -> #REF! | U39: =+I39*Q39 -> #REF! | V39: =+J39*Q39 -> #REF! | W39: =SUM(R39:V39) -> #REF! | X39: =+K39*M39 -> 437088 | Y39: =+K39*N39 -> 81948 | Z39: =+K39*O39 -> 109272 | AA39: =+K39*P39 -> 20763
B40: 13 | C40: MANTENIMIENTO DE CAJA DE INSPECCIÓN (INCLUYE RETIRO DE VEGETACIÓN, PIEDRAS Y/O SEDIMENTACIÓN). INCLUYE EL CAMBIO DE TAPA CORRESPONDIENTE A LAS CAJA DE INSPECCIÓN QUE POR SU DETERIORO LO REQUIERA. | D40: SERVICIO | E40: 1 | I40: 1 | K40: =SUM(F40:J40) -> 1 | L40: =+#REF! -> #REF! | M40: 56938 | N40: 10676 | O40: 14235 | P40: 2705 | Q40: =SUM(L40:P40) -> #REF! | R40: =F40*Q40 -> #REF! | S40: =+G40*Q40 -> #REF! | T40: =+H40*Q40 -> #REF! | U40: =+I40*Q40 -> #REF! | V40: =+J40*Q40 -> #REF! | W40: =SUM(R40:V40) -> #REF! | X40: =+K40*M40 -> 56938 | Y40: =+K40*N40 -> 10676 | Z40: =+K40*O40 -> 14235 | AA40: =+K40*P40 -> 2705
B41: 14 | C41: MANTENIMIENTO DE EQUIPO DE BOMBEO, INCLUYE VERIFICACIÓN Y SUPERVISIÓN DEL FUNCIONAMIENTO CORRECTO DEL MOTOR, CIRCUITO DE ALIMENTACIÓN, FRECUENCIA DE ENCENDIDO, ESTADO DE LOS TANQUES DE PRESIÓN; REVISIÓN Y AJUSTE DE LOS CONTROLADORES DE NIVEL, LIMPIEZA DE LOS CONTROLES DE ALIMENTACIÓN Y REVISIÓN DE LA INSTALACIÓN HIDRÁULICA EN EL CUARTO DE MÁQUINAS; REVISIÓN Y AJUSTES DE RELÉS, BREAKER Y PRESOSTATOS, ANÁLISIS DE FALLAS EN VARIADOR SEGÚN EL CASO, REPORTES VARIADOR SEGÚN EL CASO, PRESIÓN RANGO MÍNIMOS Y MÁXIMOS EN PSI, VOLTAJES POR FASE RANGO MÍNIMOS Y MÁXIMOS EN VOL., AMPERAJE RANGO MÍNIMOS Y MÁXIMOS EN AMP, REVISIÓN DE ALTERNACIÓN DE BOMBAS, REVISIÓN DE TEMPERATURA DE BOMBAS, REVISIÓN MANÓMETROS DE PRESIÓN - PSI CON VARIADOR, REVISIÓN DE RUIDOS DE BOMBAS, LIMPIEZA DE LAS BOMBAS Y TABLEROS (LIMPIEZA BÁSICA EXTERIOR), REVISIÓN DE FLOTADORES, REVISIÓN DE TABLERO, REVISIÓN DE SENTIDO DE GIRO, REVISIÓN DE ALINEAMIENTOS, VERIFICACIÓN DE EMPAQUES, ACOPLES Y BRIDAS, ESTADO DE RODAMIENTOS, LIMPIEZA DE TODOS LOS COMPONENTES Y LUBRICACIÓN REVISIÓN DE SOPORTES Y ANCLAJES DE BOMBAS, AJUSTE DE TORNILLERÍA, REVISIÓN GENERAL Y PROGRAMACIÓN DE VARIADOR, REVISIÓN DE SIRENAS, REVISIÓN DE SOPORTES Y AJUSTES EN VERTICALES Y HORIZONTALES, INFORME DE MANTENIMIENTO; (INCLUYE EL CAMBIO O INSTALACIÓN DE 1 CHEQUE HIDRO DE 1_1/2" X 150 PSI; 2 REGISTRO CORTINA DE 1_1/2"; Y 2 MANÓMETROS DE 100 PSI) - NO INCLUYE EL COSTO DE LOS REPUESTOS QUE SE NECESITAREN PARA EL BUEN FUNCIONAMIENTO DE LOS EQUIPOS, NI EL LAVADO DE TANQUES. | D41: SERVICIO | E41: 3 | H41: 1 | I41: 1 | K41: =SUM(F41:J41) -> 2 | L41: =+#REF! -> #REF! | M41: 137891 | N41: 25855 | O41: 34473 | P41: 6550 | Q41: =SUM(L41:P41) -> #REF! | R41: =F41*Q41 -> #REF! | S41: =+G41*Q41 -> #REF! | T41: =+H41*Q41 -> #REF! | U41: =+I41*Q41 -> #REF! | V41: =+J41*Q41 -> #REF! | W41: =SUM(R41:V41) -> #REF! | X41: =+K41*M41 -> 275782 | Y41: =+K41*N41 -> 51710 | Z41: =+K41*O41 -> 68946 | AA41: =+K41*P41 -> 13100
B42: 15 | C42: MANTENIMIENTO DE LECHO FILTRANTE EXTRACCIÓN DE SEDIMIENTOS Y LAVADO A PRESIÓN | D42: M3 | E42: 20 | I42: 7 | K42: =SUM(F42:J42) -> 7 | L42: =+#REF! -> #REF! | M42: 15863 | N42: 2973 | O42: 3966 | P42: 754 | Q42: =SUM(L42:P42) -> #REF! | R42: =F42*Q42 -> #REF! | S42: =+G42*Q42 -> #REF! | T42: =+H42*Q42 -> #REF! | U42: =+I42*Q42 -> #REF! | V42: =+J42*Q42 -> #REF! | W42: =SUM(R42:V42) -> #REF! | X42: =+K42*M42 -> 111041 | Y42: =+K42*N42 -> 20811 | Z42: =+K42*O42 -> 27762 | AA42: =+K42*P42 -> 5278
B43: 16 | C43: MANTENIMIENTO DE TABLERO ELÉCTRICO PARA ELECTROBOMBAS DE 5 HP, INCLUYENDO CONTACTORES Y PROTECCIONES TÉRMICAS, PROTECCIÓN CONTRA PICOS DE VOLTAJE, ARRANCADORES, INSTALACIÓN DE BREAKE TRIPOLAR. | D43: SERVICIO | E43: 2 | H43: 1 | I43: 1 | K43: =SUM(F43:J43) -> 2 | L43: =+#REF! -> #REF! | M43: 110217 | N43: 20666 | O43: 27554 | P43: 5235 | Q43: =SUM(L43:P43) -> #REF! | R43: =F43*Q43 -> #REF! | S43: =+G43*Q43 -> #REF! | T43: =+H43*Q43 -> #REF! | U43: =+I43*Q43 -> #REF! | V43: =+J43*Q43 -> #REF! | W43: =SUM(R43:V43) -> #REF! | X43: =+K43*M43 -> 220434 | Y43: =+K43*N43 -> 41332 | Z43: =+K43*O43 -> 55108 | AA43: =+K43*P43 -> 10470
B44: 17 | C44: MANTENIMIENTO DE TABLERO ELÉCTRICO PARA MOTOR SOPLADOR DE AIRE DE 11 HP Y MOTOBOMBA DE 2 HP, INCLUYENDO CONTACTORES Y PROTECCIONES TÉRMICAS, PROTECCIÓN CONTRA PICOS DE VOLTAJE, ARRANCADORES, INSTALACIÓN DE BREAKE TRIPOLAR. | D44: SERVICIO | E44: 2 | H44: 1 | I44: 1 | K44: =SUM(F44:J44) -> 2 | L44: =+#REF! -> #REF! | M44: 158472 | N44: 29713 | O44: 39618 | P44: 7527 | Q44: =SUM(L44:P44) -> #REF! | R44: =F44*Q44 -> #REF! | S44: =+G44*Q44 -> #REF! | T44: =+H44*Q44 -> #REF! | U44: =+I44*Q44 -> #REF! | V44: =+J44*Q44 -> #REF! | W44: =SUM(R44:V44) -> #REF! | X44: =+K44*M44 -> 316944 | Y44: =+K44*N44 -> 59426 | Z44: =+K44*O44 -> 79236 | AA44: =+K44*P44 -> 15054
B45: 18 | C45: MANTENIMIENTO GENERAL DE ELECTROBOMBA DE 5 HP CONSISTENTE EN CAMBIO DE RODAMIENTOS, SELLO, EMPAQUES. | D45: SERVICIO | E45: 3 | G45: 1 | H45: 2 | K45: =SUM(F45:J45) -> 3 | L45: =+#REF! -> #REF! | M45: 124708 | N45: 23382 | O45: 31177 | P45: 5924 | Q45: =SUM(L45:P45) -> #REF! | R45: =F45*Q45 -> #REF! | S45: =+G45*Q45 -> #REF! | T45: =+H45*Q45 -> #REF! | U45: =+I45*Q45 -> #REF! | V45: =+J45*Q45 -> #REF! | W45: =SUM(R45:V45) -> #REF! | X45: =+K45*M45 -> 374124 | Y45: =+K45*N45 -> 70146 | Z45: =+K45*O45 -> 93531 | AA45: =+K45*P45 -> 17772
B46: 19 | C46: MANTENIMIENTO GENERAL DE VÁLVULAS DEL MOTOR DE LA PLANTA DE TRATAMIENTO | D46: SERVICIO | E46: 1 | H46: 1 | K46: =SUM(F46:J46) -> 1 | L46: =+#REF! -> #REF! | M46: 50759 | N46: 9517 | O46: 12690 | P46: 2411 | Q46: =SUM(L46:P46) -> #REF! | R46: =F46*Q46 -> #REF! | S46: =+G46*Q46 -> #REF! | T46: =+H46*Q46 -> #REF! | U46: =+I46*Q46 -> #REF! | V46: =+J46*Q46 -> #REF! | W46: =SUM(R46:V46) -> #REF! | X46: =+K46*M46 -> 50759 | Y46: =+K46*N46 -> 9517 | Z46: =+K46*O46 -> 12690 | AA46: =+K46*P46 -> 2411
B47: 20 | C47: MANTENIMIENTO GENERAL DE VÁLVULAS. | D47: SERVICIO | E47: 2 | H47: 1 | I47: 1 | K47: =SUM(F47:J47) -> 2 | L47: =+#REF! -> #REF! | M47: 51861 | N47: 9724 | O47: 12965 | P47: 2463 | Q47: =SUM(L47:P47) -> #REF! | R47: =F47*Q47 -> #REF! | S47: =+G47*Q47 -> #REF! | T47: =+H47*Q47 -> #REF! | U47: =+I47*Q47 -> #REF! | V47: =+J47*Q47 -> #REF! | W47: =SUM(R47:V47) -> #REF! | X47: =+K47*M47 -> 103722 | Y47: =+K47*N47 -> 19448 | Z47: =+K47*O47 -> 25930 | AA47: =+K47*P47 -> 4926
B48: 21 | C48: MANTENIMIENTO LECHO DE SECADO DE LODOS. (INCLUYE CAMBIO DE TUBERÍA PERFORADA, MATERIAL FILTRANTE COMPUESTO POR GRAVA Y ARENA DE VARIAS GRANULOMETRÍAS Y LADRILLO SUPERPUESTO PARA PROTECCIÓN MATERIAL FILTRANTE). | D48: M2 | E48: 20 | I48: 8 | K48: =SUM(F48:J48) -> 8 | L48: =+#REF! -> #REF! | M48: 19200 | N48: 3600 | O48: 4800 | P48: 913 | Q48: =SUM(L48:P48) -> #REF! | R48: =F48*Q48 -> #REF! | S48: =+G48*Q48 -> #REF! | T48: =+H48*Q48 -> #REF! | U48: =+I48*Q48 -> #REF! | V48: =+J48*Q48 -> #REF! | W48: =SUM(R48:V48) -> #REF! | X48: =+K48*M48 -> 153600 | Y48: =+K48*N48 -> 28800 | Z48: =+K48*O48 -> 38400 | AA48: =+K48*P48 -> 7304
B49: 22 | C49: MANTENIMIENTO PREVENTIVO A ELECTROBOMBA AUTOCEBANTE DE 2 HP CONSISTENTE EN CAMBIO DE RODAMIENTOS, BALINERAS, SELLOS, CHEQUES, EMPAQUES Y PINTURA DE CORAZA. | D49: SERVICIO | E49: 1 | G49: 1 | K49: =SUM(F49:J49) -> 1 | L49: =+#REF! -> #REF! | M49: 114299 | N49: 21431 | O49: 28574 | P49: 5429 | Q49: =SUM(L49:P49) -> #REF! | R49: =F49*Q49 -> #REF! | S49: =+G49*Q49 -> #REF! | T49: =+H49*Q49 -> #REF! | U49: =+I49*Q49 -> #REF! | V49: =+J49*Q49 -> #REF! | W49: =SUM(R49:V49) -> #REF! | X49: =+K49*M49 -> 114299 | Y49: =+K49*N49 -> 21431 | Z49: =+K49*O49 -> 28574 | AA49: =+K49*P49 -> 5429
B50: 23 | C50: MANTENIMIENTO REJILLAS DE CRIBADO EN LA ESTRUCTURA DE ENTRADA A LA PLANTA QUE INCLUYE APLICACIÓN PINTURA ANTICORROSIVA. | D50: SERVICIO | E50: 2 | I50: 1 | J50: 1 | K50: =SUM(F50:J50) -> 2 | L50: =+#REF! -> #REF! | M50: 56040 | N50: 10508 | O50: 14010 | P50: 2663 | Q50: =SUM(L50:P50) -> #REF! | R50: =F50*Q50 -> #REF! | S50: =+G50*Q50 -> #REF! | T50: =+H50*Q50 -> #REF! | U50: =+I50*Q50 -> #REF! | V50: =+J50*Q50 -> #REF! | W50: =SUM(R50:V50) -> #REF! | X50: =+K50*M50 -> 112080 | Y50: =+K50*N50 -> 21016 | Z50: =+K50*O50 -> 28020 | AA50: =+K50*P50 -> 5326
B51: 24 | C51: REHABILITACIÓN Y MANTENIMIENTO DE CONJUNTO (MOTOR ELÉCTRICO 30HP + SOPLADOR) PARA AIREACIÓN DE PTAR, INCLUYE SUMINISTRO E INSTALACIÓN DE CORREAS, FILTROS PARA SOPLADOR. INCLUYE CAMBIO DE RODAMIENTOS , PINTURA Y BARNIZADA; SOPLADOR MECÁNICO INCLUYE DESMONTE, CAMBIO DE LUBRICANTE, REVISIÓN EQUIPO MECÁNICO, CAMBIO EMPAQUETADURA, SELLOS Y PINTURA. | D51: SERVICIO | E51: 3 | G51: 1 | H51: 1 | K51: =SUM(F51:J51) -> 2 | L51: =+#REF! -> #REF! | M51: 190241 | N51: 35670 | O51: 47560 | P51: 9035 | Q51: =SUM(L51:P51) -> #REF! | R51: =F51*Q51 -> #REF! | S51: =+G51*Q51 -> #REF! | T51: =+H51*Q51 -> #REF! | U51: =+I51*Q51 -> #REF! | V51: =+J51*Q51 -> #REF! | W51: =SUM(R51:V51) -> #REF! | X51: =+K51*M51 -> 380482 | Y51: =+K51*N51 -> 71340 | Z51: =+K51*O51 -> 95120 | AA51: =+K51*P51 -> 18070
B52: 25 | C52: REHABILITACIÓN Y MANTENIMIENTO GENERAL DEL TABLERO ELÉCTRICO DE LA PTAR, INCLUYE SUMINISTRO E INSTALACIÓN DE PUESTA A TIERRA, TERMINALES, PILOTOS, BALIZA, MEDIDOR MULTIFUNCIONAL, CABLEADO MANDO Y CONTROL, CAMBIO DE CONTACTORES, CORRECCIÓN GIRO MOTORES, AJUSTE DE FASES. | D52: SERVICIO | E52: 2 | G52: 1 | H52: 1 | K52: =SUM(F52:J52) -> 2 | L52: =+#REF! -> #REF! | M52: 120000 | N52: 22500 | O52: 30000 | P52: 5700 | Q52: =SUM(L52:P52) -> #REF! | R52: =F52*Q52 -> #REF! | S52: =+G52*Q52 -> #REF! | T52: =+H52*Q52 -> #REF! | U52: =+I52*Q52 -> #REF! | V52: =+J52*Q52 -> #REF! | W52: =SUM(R52:V52) -> #REF! | X52: =+K52*M52 -> 240000 | Y52: =+K52*N52 -> 45000 | Z52: =+K52*O52 -> 60000 | AA52: =+K52*P52 -> 11400
B53: 26 | C53: SUMINISTRO E INSTALACIÓN DE TUBERIAS 1", 3" Y 4 PULGADAS, ACCESORIOS PARA LOS DIFUSORES DE AIRE AIRLIFT | D53: M | E53: 10 | G53: 7 | K53: =SUM(F53:J53) -> 7 | L53: =+#REF! -> #REF! | M53: 19531 | N53: 3662 | O53: 4883 | P53: 928 | Q53: =SUM(L53:P53) -> #REF! | R53: =F53*Q53 -> #REF! | S53: =+G53*Q53 -> #REF! | T53: =+H53*Q53 -> #REF! | U53: =+I53*Q53 -> #REF! | V53: =+J53*Q53 -> #REF! | W53: =SUM(R53:V53) -> #REF! | X53: =+K53*M53 -> 136717 | Y53: =+K53*N53 -> 25634 | Z53: =+K53*O53 -> 34181 | AA53: =+K53*P53 -> 6496
B54: 27 | C54: INSTALACIÓN DE GEOMEMBRANA CAL 30 MILS 0.5 MM (incluye todo lo necesario para su funcionamiento) | D54: M2 | E54: 10 | G54: 5 | K54: =SUM(F54:J54) -> 5 | L54: =+#REF! -> #REF! | M54: 12388 | N54: 2323 | O54: 3098 | P54: 588 | Q54: =SUM(L54:P54) -> #REF! | R54: =F54*Q54 -> #REF! | S54: =+G54*Q54 -> #REF! | T54: =+H54*Q54 -> #REF! | U54: =+I54*Q54 -> #REF! | V54: =+J54*Q54 -> #REF! | W54: =SUM(R54:V54) -> #REF! | X54: =+K54*M54 -> 61940 | Y54: =+K54*N54 -> 11615 | Z54: =+K54*O54 -> 15490 | AA54: =+K54*P54 -> 2940
B55: 28 | C55: MANTENIMIENTO PREVENTIVO A MOTOR SOPLADOR DE AIRE DE 11 HP CONSISTENTE EN RECTIFICADO Y ENCAMISADO DE TAPAS, CAMBIO DE RODAMIENTOS, BALINERAS, SELLOS, CHEQUES, EMPAQUES Y PINTURA DE CORAZA, ENCAMISADO DE TAPAS. | D55: SERVICIO | E55: 2 | G55: 1 | I55: 1 | K55: =SUM(F55:J55) -> 2 | L55: =+#REF! -> #REF! | M55: 182189 | N55: 34160 | O55: 45547 | P55: 8654 | Q55: =SUM(L55:P55) -> #REF! | R55: =F55*Q55 -> #REF! | S55: =+G55*Q55 -> #REF! | T55: =+H55*Q55 -> #REF! | U55: =+I55*Q55 -> #REF! | V55: =+J55*Q55 -> #REF! | W55: =SUM(R55:V55) -> #REF! | X55: =+K55*M55 -> 364378 | Y55: =+K55*N55 -> 68320 | Z55: =+K55*O55 -> 91094 | AA55: =+K55*P55 -> 17308
B56: 29 | C56: SERVICIO DE MANTENIMIENTO, DE LA ELECTROBOMBA Y EQUIPO DE CIRCULACION DEL AGUA (INCLUYE REPUESTOS Y ACCESORIOS) | D56: SERVICIO | E56: 1 | G56: 1 | K56: =SUM(F56:J56) -> 1 | L56: =+#REF! -> #REF! | M56: 70514 | N56: 13222 | O56: 17629 | P56: 3350 | Q56: =SUM(L56:P56) -> #REF! | R56: =F56*Q56 -> #REF! | S56: =+G56*Q56 -> #REF! | T56: =+H56*Q56 -> #REF! | U56: =+I56*Q56 -> #REF! | V56: =+J56*Q56 -> #REF! | W56: =SUM(R56:V56) -> #REF! | X56: =+K56*M56 -> 70514 | Y56: =+K56*N56 -> 13222 | Z56: =+K56*O56 -> 17629 | AA56: =+K56*P56 -> 3350
B57: 30 | C57: MANTENIMIENTO DE TANQUE DE AGUA TRATADA 100 M3: LAVADO A PRESIÓN, RESANE Y SELLADO DE GRIETAS E IMPERMEABILIZACIÓN. | D57: SERVICIO | E57: 1 | G57: 1 | K57: =SUM(F57:J57) -> 1 | L57: =+#REF! -> #REF! | M57: 238126 | N57: 44649 | O57: 59531 | P57: 11311 | Q57: =SUM(L57:P57) -> #REF! | R57: =F57*Q57 -> #REF! | S57: =+G57*Q57 -> #REF! | T57: =+H57*Q57 -> #REF! | U57: =+I57*Q57 -> #REF! | V57: =+J57*Q57 -> #REF! | W57: =SUM(R57:V57) -> #REF! | X57: =+K57*M57 -> 238126 | Y57: =+K57*N57 -> 44649 | Z57: =+K57*O57 -> 59531 | AA57: =+K57*P57 -> 11311
B58: 31 | C58: MANTENIMIENTO TANQUE SÉPTICO 4.000 LTS EVACUACIÓN DE LODOS CON VACTOR Y POSTERIOR DISPOSICIÒN DE ACUERDO A LA REGLAMENTACIÒN VIGENTE, LAVADO CON HIDROLAVADORA, MANTENIMIENTO A REDES HIDRÁULICAS Y REINICIO DEL SISTEMA. | D58: SERVICIO | E58: 2 | I58: 1 | J58: 1 | K58: =SUM(F58:J58) -> 2 | L58: =+#REF! -> #REF! | M58: 160000 | N58: 30000 | O58: 40000 | P58: 7600 | Q58: =SUM(L58:P58) -> #REF! | R58: =F58*Q58 -> #REF! | S58: =+G58*Q58 -> #REF! | T58: =+H58*Q58 -> #REF! | U58: =+I58*Q58 -> #REF! | V58: =+J58*Q58 -> #REF! | W58: =SUM(R58:V58) -> #REF! | X58: =+K58*M58 -> 320000 | Y58: =+K58*N58 -> 60000 | Z58: =+K58*O58 -> 80000 | AA58: =+K58*P58 -> 15200
B59: 32 | C59: MANTENIMIENTO TANQUES SÉPTICOS 1.000 LTS EVACUACIÓN DE LODOS CON VACTOR Y POSTERIOR DISPOSICIÒN DE ACUERDO A LA REGLAMENTACIÒN VIGENTE, LAVADO CON HIDROLAVADORA, MANTENIMIENTO A REDES HIDRÁULICAS Y REINICIO DEL SISTEMA. | D59: SERVICIO | E59: 1 | I59: 1 | K59: =SUM(F59:J59) -> 1 | L59: =+#REF! -> #REF! | M59: 114349 | N59: 21440 | O59: 28587 | P59: 5432 | Q59: =SUM(L59:P59) -> #REF! | R59: =F59*Q59 -> #REF! | S59: =+G59*Q59 -> #REF! | T59: =+H59*Q59 -> #REF! | U59: =+I59*Q59 -> #REF! | V59: =+J59*Q59 -> #REF! | W59: =SUM(R59:V59) -> #REF! | X59: =+K59*M59 -> 114349 | Y59: =+K59*N59 -> 21440 | Z59: =+K59*O59 -> 28587 | AA59: =+K59*P59 -> 5432
B60: 33 | C60: MANTENIMIENTO, INSTALACIÓN Y PUESTA EN FUNCIONAMIENTO DE ESTACIÓN DE CLORACIÓN: BOMBA DOSIFICADORA PARA HIPOCLORITO DE SODIO, SULFATO DE ALUMINIO TIPO. B, SODA CAUSTICA, CON 50 MTS. DE MANGUERA DE 8MM, SUMINISTRO DE TANQUE DE 1000 LITROS, PARA PREPARACIÓN Y ALMACENAMIENTO DE SOLUCIÓN. | D60: SERVICIO | E60: 2 | G60: 1 | H60: 1 | K60: =SUM(F60:J60) -> 2 | L60: =+#REF! -> #REF! | M60: 202684 | N60: 38003 | O60: 50671 | P60: 9627 | Q60: =SUM(L60:P60) -> #REF! | R60: =F60*Q60 -> #REF! | S60: =+G60*Q60 -> #REF! | T60: =+H60*Q60 -> #REF! | U60: =+I60*Q60 -> #REF! | V60: =+J60*Q60 -> #REF! | W60: =SUM(R60:V60) -> #REF! | X60: =+K60*M60 -> 405368 | Y60: =+K60*N60 -> 76006 | Z60: =+K60*O60 -> 101342 | AA60: =+K60*P60 -> 19254
B61: 34 | C61: RECUBRIMIENTO EPÓXICO FLEXIBLE DE ALTO DESEMPEÑO SE COMPONE DE DOS COMPONENTES ALTA RESISTENCIA QUÍMICA. (INCLUYE 2 MANOS DE RECUBRIMIENTO, FILOS Y DILATACIONES). | D61: M2 | E61: 1 | H61: 1 | K61: =SUM(F61:J61) -> 1 | L61: =+#REF! -> #REF! | M61: 51704 | N61: 9695 | O61: 12926 | P61: 2456 | Q61: =SUM(L61:P61) -> #REF! | R61: =F61*Q61 -> #REF! | S61: =+G61*Q61 -> #REF! | T61: =+H61*Q61 -> #REF! | U61: =+I61*Q61 -> #REF! | V61: =+J61*Q61 -> #REF! | W61: =SUM(R61:V61) -> #REF! | X61: =+K61*M61 -> 51704 | Y61: =+K61*N61 -> 9695 | Z61: =+K61*O61 -> 12926 | AA61: =+K61*P61 -> 2456
B62: 35 | C62: REHABILITACIÓN Y MANTENIMIENTO DE ELECTROBOMBA SUMERGIBLE 3HP PARA BOMBEO DEL ESPESADOR DE LODO A LOS LECHOS DE SECADO, INCLUYE DESMONTE, REVISIÓN, CAMBIO DE RODAMIENTO 6206, SELLOS MECÁNICO 1'', CAMBIO DE ACEITE TIPO CAPELA, BARNIZADA Y PINTURA. | D62: SERVICIO | E62: 2 | H62: 1 | K62: =SUM(F62:J62) -> 1 | L62: =+#REF! -> #REF! | M62: 152450 | N62: 28584 | O62: 38112 | P62: 7241 | Q62: =SUM(L62:P62) -> #REF! | R62: =F62*Q62 -> #REF! | S62: =+G62*Q62 -> #REF! | T62: =+H62*Q62 -> #REF! | U62: =+I62*Q62 -> #REF! | V62: =+J62*Q62 -> #REF! | W62: =SUM(R62:V62) -> #REF! | X62: =+K62*M62 -> 152450 | Y62: =+K62*N62 -> 28584 | Z62: =+K62*O62 -> 38112 | AA62: =+K62*P62 -> 7241
B63: 36 | C63: SUMINISTRO E INSTALACIÓN DE ROSETÓN PLÁSTICO PARA LECHO FILTRANTE. | D63: UND | E63: 1 | I63: 1 | K63: =SUM(F63:J63) -> 1 | L63: =+#REF! -> #REF! | M63: 14523 | N63: 2723 | O63: 3631 | P63: 690 | Q63: =SUM(L63:P63) -> #REF! | R63: =F63*Q63 -> #REF! | S63: =+G63*Q63 -> #REF! | T63: =+H63*Q63 -> #REF! | U63: =+I63*Q63 -> #REF! | V63: =+J63*Q63 -> #REF! | W63: =SUM(R63:V63) -> #REF! | X63: =+K63*M63 -> 14523 | Y63: =+K63*N63 -> 2723 | Z63: =+K63*O63 -> 3631 | AA63: =+K63*P63 -> 690
F64: =SUM(F28:F63) -> 0 | G64: =SUM(G28:G63) -> 49 | H64: =SUM(H28:H63) -> 24 | I64: =SUM(I28:I63) -> 36 | J64: =SUM(J28:J63) -> 92 | K64: =SUM(K28:K63) -> 201 | L64: =SUM(L28:L63) -> #REF! | M64: =SUM(M28:M63) -> 3461746 | ... AA64: =SUM(AA28:AA63) -> 424557
F65: ok | G65: ok | H65: ok | I65: ok | J65: ok | X65: 8938040 | Y65: 1675882 | Z65: 2234510 | AA65: 424557
W66: =+W64+W22 -> #REF! | X66: =+X64-X65 -> 0 | Y66: =+Y64-Y65 -> 0 | Z66: =+Z64-Z65 -> 0 | AA66: =+AA64-AA65 -> 0

Sheet cantidad faltante
B2: MANTENIMIENTO PLANTAS DE TRATAMIENTO DE AGUA POTABLE (PTAP)
B3: CLASIFICADOR POR OBJETO DEL GASTO | D3: NOMBRE CUENTA
B4: A-02-02-02-005-004-02 | D4: SERVICIOS GENERALES DE CONSTRUCCIÓN DE OBRAS DE INGENIERÍA CIVIL
B5: ITEM | C5: DESCRIPCIÓN DEL BIEN Y/O SERVICIO | D5: UNIDAD MEDIDA | E5: NECESIDAD | F5: BASRO 48 | G5: BIREY | H5: BAACA 5 | I5: BAADA 2 | J5: BILUD | K5: TOTAL | L5: COSTO DIRECTO | M5: =+#REF! -> #REF! | N5: =+#REF! -> #REF! | O5: =+#REF! -> #REF! | P5: =+#REF! -> #REF! | Q5: PRECIO REFERENCIA | R5: BASRO 48 | S5: BIREY | T5: BAACA 5 | U5: BAADA 2 | V5: BILUD | W5: TOTAL
B6: 1 | C6: ADECUACIÓN DE SALIDAS DE LODOS Y SUCCIÓN BOMBA DE FILTRACIÓN, NIPLES ROSCADOS 2"X20 Ø 2" HG. | D6: SERVICIO | E6: 1 | F6: =+'cantidad original'!F6-'cantidad limitada'!F6 -> 0 | G6: =+'cantidad original'!G6-'cantidad limitada'!G6 -> 0 | H6: =+'cantidad original'!H6-'cantidad limitada'!H6 -> 0 | I6: =+'cantidad original'!I6-'cantidad limitada'!I6 -> 0 | J6: =+'cantidad original'!J6-'cantidad limitada'!J6 -> 0 | K6: =SUM(F6:J6) -> 0 | L6: =+#REF! -> #REF! | M6: 70255 | N6: 13172 | O6: 17564 | P6: 3337 | Q6: =SUM(L6:P6) -> #REF! | R6: =F6*Q6 -> #REF! | S6: =+G6*Q6 -> #REF! | T6: =+H6*Q6 -> #REF! | U6: =+I6*Q6 -> #REF! | V6: =+J6*Q6 -> #REF! | W6: =SUM(R6:V6) -> #REF!
B7: 2 | C7: CAMBIO DE LECHO FILTRANTE, 2 TON DE ARENA SILICE MALLA 16-30 2 TON DE ANTRACITA. | D7: SERVICIO | E7: 4 | F7: =+'cantidad original'!F7-'cantidad limitada'!F7 -> 1 | G7: =+'cantidad original'!G7-'cantidad limitada'!G7 -> 0 | H7: =+'cantidad original'!H7-'cantidad limitada'!H7 -> 0 | I7: =+'cantidad original'!I7-'cantidad limitada'!I7 -> 0 | J7: =+'cantidad original'!J7-'cantidad limitada'!J7 -> 0 | K7: =SUM(F7:J7) -> 1 | L7: =+#REF! -> #REF! | M7: 351238 | N7: 65857 | O7: 87808 | P7: 16684 | Q7: =SUM(L7:P7) -> #REF! | R7: =F7*Q7 -> #REF! | S7: =+G7*Q7 -> #REF! | T7: =+H7*Q7 -> #REF! | U7: =+I7*Q7 -> #REF! | V7: =+J7*Q7 -> #REF! | W7: =SUM(R7:V7) -> #REF!
B8: 3 | C8: EXTRACCIÓN LODOS POZO EYECTOR Y/O TANQUE SÉPTICO Y/O TANQUE DE SEDIMENTACIÓN EXISTENTE - MEDIANTE EQUIPO DE BOMBEO, INCLUYE DISPOSICIÓN FINAL CONTROLADA DE LOS LODOS EN SITIO AUTORIZADO POR LA AUTORIDAD AMBIENTAL COMPETENTE. INCLUYE MANEJO DE LODOS EN ACTIVIDADES DE COMPOSTAJE PARA REUTILIZACIÓN DE LOS MISMOS O SIMILAR. | D8: M3 | E8: 15 | F8: =+'cantidad original'!F8-'cantidad limitada'!F8 -> 0 | G8: =+'cantidad original'!G8-'cantidad limitada'!G8 -> 10 | H8: =+'cantidad original'!H8-'cantidad limitada'!H8 -> 0 | I8: =+'cantidad original'!I8-'cantidad limitada'!I8 -> 0 | J8: =+'cantidad original'!J8-'cantidad limitada'!J8 -> 0 | K8: =SUM(F8:J8) -> 10 | L8: =+#REF! -> #REF! | M8: 44030 | N8: 8257 | O8: 11007 | P8: 2091 | Q8: =SUM(L8:P8) -> #REF! | R8: =F8*Q8 -> #REF! | S8: =+G8*Q8 -> #REF! | T8: =+H8*Q8 -> #REF! | U8: =+I8*Q8 -> #REF! | V8: =+J8*Q8 -> #REF! | W8: =SUM(R8:V8) -> #REF!
B9: 4 | C9: MANTENIMIENTO A TANQUE DESARENADOR CAPACIDAD 7,5 M3 CONSISTENTE EN EXTRACCIÓN DE SEDIMENTOS, LAVADO A PRESIÓN, CORRECCIÓN DE GRIETAS IMPERMEABILIZACIÓN. | D9: SERVICIO | E9: 1 | F9: =+'cantidad original'!F9-'cantidad limitada'!F9 -> 0 | G9: =+'cantidad original'!G9-'cantidad limitada'!G9 -> 0 | H9: =+'cantidad original'!H9-'cantidad limitada'!H9 -> 0 | I9: =+'cantidad original'!I9-'cantidad limitada'!I9 -> 0 | J9: =+'cantidad original'!J9-'cantidad limitada'!J9 -> 0 | K9: =SUM(F9:J9) -> 0 | L9: =+#REF! -> #REF! | M9: 74318 | N9: 13934 | O9: 18579 | P9: 3530 | Q9: =SUM(L9:P9) -> #REF! | R9: =F9*Q9 -> #REF! | S9: =+G9*Q9 -> #REF! | T9: =+H9*Q9 -> #REF! | U9: =+I9*Q9 -> #REF! | V9: =+J9*Q9 -> #REF! | W9: =SUM(R9:V9) -> #REF!
B10: 5 | C10: MANTENIMIENTO A TORRE DE AIREACIÓN DE 05 BANDEJAS: LIMPIEZA GENERAL, APLICACIÓN DE PINTURA EPÓXICA APROPIADA PARA CONTACTO CON AGUA POTABLE. | D10: M2 | E10: 15 | F10: =+'cantidad original'!F10-'cantidad limitada'!F10 -> 0 | G10: =+'cantidad original'!G10-'cantidad limitada'!G10 -> 14 | H10: =+'cantidad original'!H10-'cantidad limitada'!H10 -> 0 | I10: =+'cantidad original'!I10-'cantidad limitada'!I10 -> 0 | J10: =+'cantidad original'!J10-'cantidad limitada'!J10 -> 0 | K10: =SUM(F10:J10) -> 14 | L10: =+#REF! -> #REF! | M10: 10802 | N10: 2025 | O10: 2701 | P10: 513 | Q10: =SUM(L10:P10) -> #REF! | R10: =F10*Q10 -> #REF! | S10: =+G10*Q10 -> #REF! | T10: =+H10*Q10 -> #REF! | U10: =+I10*Q10 -> #REF! | V10: =+J10*Q10 -> #REF! | W10: =SUM(R10:V10) -> #REF!
B11: 6 | C11: MANTENIMIENTO DE FILTRO DE FIBRA DE VIDRIO DE 36" CAPACIDAD 1,5 M3: RETIRO DE MATERIAL FILTRANTE, LAVADO A PRESIÓN, CAMBIO 10 M DE 1 PULGADA DE TUBERÍA INTERNA EN MAL ESTADO, TOBERAS. | D11: SERVICIO | E11: 1 | F11: =+'cantidad original'!F11-'cantidad limitada'!F11 -> 0 | G11: =+'cantidad original'!G11-'cantidad limitada'!G11 -> 0 | H11: =+'cantidad original'!H11-'cantidad limitada'!H11 -> 0 | I11: =+'cantidad original'!I11-'cantidad limitada'!I11 -> 0 | J11: =+'cantidad original'!J11-'cantidad limitada'!J11 -> 0 | K11: =SUM(F11:J11) -> 0 | L11: =+#REF! -> #REF! | M11: 137577 | N11: 25796 | O11: 34394 | P11: 6535 | Q11: =SUM(L11:P11) -> #REF! | R11: =F11*Q11 -> #REF! | S11: =+G11*Q11 -> #REF! | T11: =+H11*Q11 -> #REF! | U11: =+I11*Q11 -> #REF! | V11: =+J11*Q11 -> #REF! | W11: =SUM(R11:V11) -> #REF!
B12: 7 | C12: MANTENIMIENTO MEDIO FILTRANTE ADSORBENTE (INCLUYE EXTENDIDO Y NIVELACIÓN DE LA SUPERFICIE, LAVADO CON AGUA DESTILADA) INCLUYE EL SUMINISTRO E INSTALACIÓN DE CARBÓN COQUE TAMAÑOS ENTRE 1" A 2" (DENSIDAD > 1.50 G/CM3) | D12: M2 | E12: 5 | F12: =+'cantidad original'!F12-'cantidad limitada'!F12 -> 0 | G12: =+'cantidad original'!G12-'cantidad limitada'!G12 -> 2 | H12: =+'cantidad original'!H12-'cantidad limitada'!H12 -> 0 | I12: =+'cantidad original'!I12-'cantidad limitada'!I12 -> 0 | J12: =+'cantidad original'!J12-'cantidad limitada'!J12 -> 0 | K12: =SUM(F12:J12) -> 2 | L12: =+#REF! -> #REF! | M12: 42607 | N12: 7989 | O12: 10652 | P12: 2023 | Q12: =SUM(L12:P12) -> #REF! | R12: =F12*Q12 -> #REF! | S12: =+G12*Q12 -> #REF! | T12: =+H12*Q12 -> #REF! | U12: =+I12*Q12 -> #REF! | V12: =+J12*Q12 -> #REF! | W12: =SUM(R12:V12) -> #REF!
B13: 8 | C13: MANTENIMIENTO MEDIO FILTRANTE ADSORBENTE (INCLUYE EXTENDIDO Y NIVELACIÓN DE LA SUPERFICIE, LAVADO CON AGUA DESTILADA) INCLUYE SUMINISTRO E INSTALACIÓN DE CARBÓN VEGETAL TAMAÑOS ENTRE 1" A 2" (DENSIDAD > 0.50 G/CM3) | D13: M2 | E13: 5 | F13: =+'cantidad original'!F13-'cantidad limitada'!F13 -> 0 | G13: =+'cantidad original'!G13-'cantidad limitada'!G13 -> 3 | H13: =+'cantidad original'!H13-'cantidad limitada'!H13 -> 0 | I13: =+'cantidad original'!I13-'cantidad limitada'!I13 -> 0 | J13: =+'cantidad original'!J13-'cantidad limitada'!J13 -> 0 | K13: =SUM(F13:J13) -> 3 | L13: =+#REF! -> #REF! | M13: 40249 | N13: 7547 | O13: 10062 | P13: 1912 | Q13: =SUM(L13:P13) -> #REF! | R13: =F13*Q13 -> #REF! | S13: =+G13*Q13 -> #REF! | T13: =+H13*Q13 -> #REF! | U13: =+I13*Q13 -> #REF! | V13: =+J13*Q13 -> #REF! | W13: =SUM(R13:V13) -> #REF!
B14: 9 | C14: MANTENIMIENTO PREVENTIVO A ELECTROBOMBA AUTOCEBANTE DE 2 HP CONSISTENTE EN CAMBIO DE RODAMIENTOS, BALINERAS, SELLOS, CHEQUES, EMPAQUES Y PINTURA DE CORAZA. | D14: SERVICIO | E14: 3 | F14: =+'cantidad original'!F14-'cantidad limitada'!F14 -> 0 | G14: =+'cantidad original'!G14-'cantidad limitada'!G14 -> 0 | H14: =+'cantidad original'!H14-'cantidad limitada'!H14 -> 0 | I14: =+'cantidad original'!I14-'cantidad limitada'!I14 -> 0 | J14: =+'cantidad original'!J14-'cantidad limitada'!J14 -> 0 | K14: =SUM(F14:J14) -> 0 | L14: =+#REF! -> #REF! | M14: 122007 | N14: 22876 | O14: 30502 | P14: 5794 | Q14: =SUM(L14:P14) -> #REF! | R14: =F14*Q14 -> #REF! | S14: =+G14*Q14 -> #REF! | T14: =+H14*Q14 -> #REF! | U14: =+I14*Q14 -> #REF! | V14: =+J14*Q14 -> #REF! | W14: =SUM(R14:V14) -> #REF!
B15: 10 | C15: MANTENIMIENTO TANQUE DE AGUA TRATADA 100 M3: LAVADO A PRESIÓN, CORRECCIÓN DE GRIETAS E IMPERMEABILIZACIÓN. | D15: SERVICIO | E15: 1 | F15: =+'cantidad original'!F15-'cantidad limitada'!F15 -> 0 | G15: =+'cantidad original'!G15-'cantidad limitada'!G15 -> 0 | H15: =+'cantidad original'!H15-'cantidad limitada'!H15 -> 0 | I15: =+'cantidad original'!I15-'cantidad limitada'!I15 -> 0 | J15: =+'cantidad original'!J15-'cantidad limitada'!J15 -> 0 | K15: =SUM(F15:J15) -> 0 | L15: =+#REF! -> #REF! | M15: 187639 | N15: 35182 | O15: 46910 | P15: 8913 | Q15: =SUM(L15:P15) -> #REF! | R15: =F15*Q15 -> #REF! | S15: =+G15*Q15 -> #REF! | T15: =+H15*Q15 -> #REF! | U15: =+I15*Q15 -> #REF! | V15: =+J15*Q15 -> #REF! | W15: =SUM(R15:V15) -> #REF!
B16: 11 | C16: RECUBRIMIENTO EPÓXICO FLEXIBLE DE ALTO DESEMPEÑO SE COMPONE DE DOS COMPONENTES ALTA RESISTENCIA QUÍMICA. (INCLUYE 2 MANOS DE RECUBRIMIENTO, FILOS Y DILATACIONES). | D16: M2 | E16: 30 | F16: =+'cantidad original'!F16-'cantidad limitada'!F16 -> 3 | G16: =+'cantidad original'!G16-'cantidad limitada'!G16 -> 11 | H16: =+'cantidad original'!H16-'cantidad limitada'!H16 -> 0 | I16: =+'cantidad original'!I16-'cantidad limitada'!I16 -> 0 | J16: =+'cantidad original'!J16-'cantidad limitada'!J16 -> 0 | K16: =SUM(F16:J16) -> 14 | L16: =+#REF! -> #REF! | M16: 16115 | N16: 3021 | O16: 4029 | P16: 766 | Q16: =SUM(L16:P16) -> #REF! | R16: =F16*Q16 -> #REF! | S16: =+G16*Q16 -> #REF! | T16: =+H16*Q16 -> #REF! | U16: =+I16*Q16 -> #REF! | V16: =+J16*Q16 -> #REF! | W16: =SUM(R16:V16) -> #REF!
B17: 12 | C17: SUMINISTRO E INSTALACION DE FILTRO DE MEMBRANA HUECA DE DIAMETRO: DIÁMETRO INTERNO 15,5 CM, DIÁMETRO EXTERNO 18,5 CM, DIÁMETRO DE COLLAR 1.5 CM, LARGO 90 CM, ANCHO 15,5 CM. | D17: SERVICIO | E17: 3 | F17: =+'cantidad original'!F17-'cantidad limitada'!F17 -> 0 | G17: =+'cantidad original'!G17-'cantidad limitada'!G17 -> 0 | H17: =+'cantidad original'!H17-'cantidad limitada'!H17 -> 0 | I17: =+'cantidad original'!I17-'cantidad limitada'!I17 -> 0 | J17: =+'cantidad original'!J17-'cantidad limitada'!J17 -> 0 | K17: =SUM(F17:J17) -> 0 | L17: =+#REF! -> #REF! | M17: 173716 | N17: 32572 | O17: 43429 | P17: 8252 | Q17: =SUM(L17:P17) -> #REF! | R17: =F17*Q17 -> #REF! | S17: =+G17*Q17 -> #REF! | T17: =+H17*Q17 -> #REF! | U17: =+I17*Q17 -> #REF! | V17: =+J17*Q17 -> #REF! | W17: =SUM(R17:V17) -> #REF!
... B21: 16 | C21: PINTURA DE TANQUE CEDIMENTADOR CON PINTURA EPOXICA GRIS, Y EL RESTO DE LA PLANTA ( 02 FILTROS GRUESOS, 02 FILTROS FINOS Y 02 MTS DE TUBERIA DE 2" CON PINTURA A BASE DE ACEITE COLOR AZUL) INCLUYE , MATERIAL PARA LA RESPECTIVA PINTADA Y MANO DE OBRA | D21: SERVICIO | E21: 2 | F21: =+'cantidad original'!F21-'cantidad limitada'!F21 -> 0 | G21: =+'cantidad original'!G21-'cantidad limitada'!G21 -> 0 | H21: =+'cantidad original'!H21-'cantidad limitada'!H21 -> 0 | I21: =+'cantidad original'!I21-'cantidad limitada'!I21 -> 0 | J21: =+'cantidad original'!J21-'cantidad limitada'!J21 -> 0 | K21: =SUM(F21:J21) -> 0 | L21: =+#REF! -> #REF! | M21: 128000 | N21: 24000 | O21: 32000 | P21: 6080 | Q21: =SUM(L21:P21) -> #REF! | R21: =F21*Q21 -> #REF! | S21: =+G21*Q21 -> #REF! | T21: =+H21*Q21 -> #REF! | U21: =+I21*Q21 -> #REF! | V21: =+J21*Q21 -> #REF! | W21: =SUM(R21:V21) -> #REF!
F22: =SUM(F6:F21) -> 4 | G22: =SUM(G6:G21) -> 40 | H22: =SUM(H6:H21) -> 0 | I22: =SUM(I6:I21) -> 0 | J22: =SUM(J6:J21) -> 0 | K22: =SUM(K6:K21) -> 44 | L22: =SUM(L6:L21) -> #REF! | M22: =SUM(M6:M21) -> 1825760 | ... W22: =SUM(W6:W21) -> #REF!
B24: MANTENIMIENTO PLANTAS DE TRATAMIENTO DE AGUA RESIDUAL (PTAR)
B25: CLASIFICADOR POR OBJETO DEL GASTO | D25: NOMBRE CUENTA
B26: A-02-02-02-005-004-02 | D26: SERVICIOS GENERALES DE CONSTRUCCIÓN DE OBRAS DE INGENIERÍA CIVIL
B27: ITEM | C27: DESCRIPCIÓN DEL BIEN Y/O SERVICIO | D27: UNIDAD MEDIDA | E27: NECESIDAD | F27: BASRO 48 | G27: BIREY | H27: BAACA 5 | I27: BAADA 2 | J27: BILUD | K27: TOTAL | L27: COSTO DIRECTO | M27: =+#REF! -> #REF! | N27: =+#REF! -> #REF! | O27: =+#REF! -> #REF! | P27: =+#REF! -> #REF! | Q27: PRECIO REFERENCIA | R27: BASRO 48 | S27: BIREY | T27: BAACA 5 | U27: BAADA 2 | V27: BILUD | W27: TOTAL
B28: 1 | C28: ADECUACIÓN DE SALIDAS DE LODOS Y SUCCIÓN BOMBA DE FILTRACIÓN, NIPLES ROSCADOS 2"X20 Ø 2" HG. | D28: SERVICIO | E28: 2 | F28: =+'cantidad original'!F28-'cantidad limitada'!F28 -> 0 | G28: =+'cantidad original'!G28-'cantidad limitada'!G28 -> 0 | H28: =+'cantidad original'!H28-'cantidad limitada'!H28 -> 0 | I28: =+'cantidad original'!I28-'cantidad limitada'!I28 -> 0 | J28: =+'cantidad original'!J28-'cantidad limitada'!J28 -> 0 | K28: =SUM(F28:J28) -> 0 | L28: =+#REF! -> #REF! | M28: 70255 | N28: 13172 | O28: 17564 | P28: 3337 | Q28: =SUM(L28:P28) -> #REF! | R28: =F28*Q28 -> #REF! | S28: =+G28*Q28 -> #REF! | T28: =+H28*Q28 -> #REF! | U28: =+I28*Q28 -> #REF! | V28: =+J28*Q28 -> #REF! | W28: =SUM(R28:V28) -> #REF!
B29: 2 | C29: CAMBIO DE DIFUSORES DE BURBUJA FINA DE 12" QUE ESTÁN EN MAL ESTADO, POR NUEVOS DIFUSORES. QUE INCLUYE CAMBIO DE TUBERÍA DE 10 METROS DE 2 PULGADAS. | D29: SERVICIO | E29: 1 | F29: =+'cantidad original'!F29-'cantidad limitada'!F29 -> 0 | G29: =+'cantidad original'!G29-'cantidad limitada'!G29 -> 0 | H29: =+'cantidad original'!H29-'cantidad limitada'!H29 -> 0 | I29: =+'cantidad original'!I29-'cantidad limitada'!I29 -> 0 | J29: =+'cantidad original'!J29-'cantidad limitada'!J29 -> 0 | K29: =SUM(F29:J29) -> 0 | L29: =+#REF! -> #REF! | M29: 58688 | N29: 11004 | O29: 14672 | P29: 2788 | Q29: =SUM(L29:P29) -> #REF! | R29: =F29*Q29 -> #REF! | S29: =+G29*Q29 -> #REF! | T29: =+H29*Q29 -> #REF! | U29: =+I29*Q29 -> #REF! | V29: =+J29*Q29 -> #REF! | W29: =SUM(R29:V29) -> #REF!
B30: 3 | C30: CAMBIO DE FILTRO DE AIRE DEL MOTOR SOPLADOR. | D30: SERVICIO | E30: 3 | F30: =+'cantidad original'!F30-'cantidad limitada'!F30 -> 0 | G30: =+'cantidad original'!G30-'cantidad limitada'!G30 -> 0 | H30: =+'cantidad original'!H30-'cantidad limitada'!H30 -> 0 | I30: =+'cantidad original'!I30-'cantidad limitada'!I30 -> 0 | J30: =+'cantidad original'!J30-'cantidad limitada'!J30 -> 0 | K30: =SUM(F30:J30) -> 0 | L30: =+#REF! -> #REF! | M30: 52846 | N30: 9909 | O30: 13211 | P30: 2510 | Q30: =SUM(L30:P30) -> #REF! | R30: =F30*Q30 -> #REF! | S30: =+G30*Q30 -> #REF! | T30: =+H30*Q30 -> #REF! | U30: =+I30*Q30 -> #REF! | V30: =+J30*Q30 -> #REF! | W30: =SUM(R30:V30) -> #REF!
B31: 4 | C31: EXTRACCIÓN LODOS LAGUNA ESTABILIZACIÓN - MEDIANTE EQUIPO EQUIPO DE BOMBEO, INCLUYE DISPOSICIÓN FINAL CONTROLADA DE LOS LODOS A SITIO AUTORIZADO POR LA AUTORIDAD AMBIENTAL COMPETENTE (INCLUYE REMOCIÓN MECÁNICA DE LODOS) | D31: M3 | E31: 12 | F31: =+'cantidad original'!F31-'cantidad limitada'!F31 -> 0 | G31: =+'cantidad original'!G31-'cantidad limitada'!G31 -> 5 | H31: =+'cantidad original'!H31-'cantidad limitada'!H31 -> 0 | I31: =+'cantidad original'!I31-'cantidad limitada'!I31 -> 0 | J31: =+'cantidad original'!J31-'cantidad limitada'!J31 -> 0 | K31: =SUM(F31:J31) -> 5 | L31: =+#REF! -> #REF! | M31: 30491 | N31: 5717 | O31: 7623 | P31: 1448 | Q31: =SUM(L31:P31) -> #REF! | R31: =F31*Q31 -> #REF! | S31: =+G31*Q31 -> #REF! | T31: =+H31*Q31 -> #REF! | U31: =+I31*Q31 -> #REF! | V31: =+J31*Q31 -> #REF! | W31: =SUM(R31:V31) -> #REF!
B32: 5 | C32: EXTRACCIÓN LODOS POZO EYECTOR Y/O TANQUE SÉPTICO Y/O TANQUE DE SEDIMENTACIÓN EXISTENTE - MEDIANTE EQUIPO DE BOMBEO, INCLUYE DISPOSICIÓN FINAL CONTROLADA DE LOS LODOS EN SITIO AUTORIZADO POR LA AUTORIDAD AMBIENTAL COMPETENTE. INCLUYE MANEJO DE LODOS EN ACTIVIDADES DE COMPOSTAJE PARA REUTILIZACIÓN DE LOS MISMOS O SIMILAR. | D32: M3 | E32: 87 | F32: =+'cantidad original'!F32-'cantidad limitada'!F32 -> 0 | G32: =+'cantidad original'!G32-'cantidad limitada'!G32 -> 5 | H32: =+'cantidad original'!H32-'cantidad limitada'!H32 -> 1 | I32: =+'cantidad original'!I32-'cantidad limitada'!I32 -> 12 | J32: =+'cantidad original'!J32-'cantidad limitada'!J32 -> 8 | K32: =SUM(F32:J32) -> 26 | L32: =+#REF! -> #REF! | M32: 27561 | N32: 5168 | O32: 6890 | P32: 1309 | Q32: =SUM(L32:P32) -> #REF! | R32: =F32*Q32 -> #REF! | S32: =+G32*Q32 -> #REF! | T32: =+H32*Q32 -> #REF! | U32: =+I32*Q32 -> #REF! | V32: =+J32*Q32 -> #REF! | W32: =SUM(R32:V32) -> #REF!
B33: 6 | C33: INSTALACIÓN DE GEOMEMBRANA CAL 20 MILS DE 0,5 MM (incluye todo lo ncesario para su funcionamiento) | D33: M2 | E33: 32 | F33: =+'cantidad original'!F33-'cantidad limitada'!F33 -> 0 | G33: =+'cantidad original'!G33-'cantidad limitada'!G33 -> 25 | H33: =+'cantidad original'!H33-'cantidad limitada'!H33 -> 0 | I33: =+'cantidad original'!I33-'cantidad limitada'!I33 -> 0 | J33: =+'cantidad original'!J33-'cantidad limitada'!J33 -> 0 | K33: =SUM(F33:J33) -> 25 | L33: =+#REF! -> #REF! | M33: 8139 | N33: 1526 | O33: 2035 | P33: 387 | Q33: =SUM(L33:P33) -> #REF! | R33: =F33*Q33 -> #REF! | S33: =+G33*Q33 -> #REF! | T33: =+H33*Q33 -> #REF! | U33: =+I33*Q33 -> #REF! | V33: =+J33*Q33 -> #REF! | W33: =SUM(R33:V33) -> #REF!
B34: 7 | C34: LIMPIEZA MANUAL DE LAGUNA DE OXIDACIÓN (AGUAS RESIDUALES), INCLUYE: RECOGIDA Y BOTADA DE ESCOMBROS. | D34: M2 | E34: 87 | F34: =+'cantidad original'!F34-'cantidad limitada'!F34 -> 0 | G34: =+'cantidad original'!G34-'cantidad limitada'!G34 -> 20 | H34: =+'cantidad original'!H34-'cantidad limitada'!H34 -> 1 | I34: =+'cantidad original'!I34-'cantidad limitada'!I34 -> 0 | J34: =+'cantidad original'!J34-'cantidad limitada'!J34 -> 14 | K34: =SUM(F34:J34) -> 35 | L34: =+#REF! -> #REF! | M34: 11200 | N34: 2100 | O34: 2800 | P34: 532 | Q34: =SUM(L34:P34) -> #REF! | R34: =F34*Q34 -> #REF! | S34: =+G34*Q34 -> #REF! | T34: =+H34*Q34 -> #REF! | U34: =+I34*Q34 -> #REF! | V34: =+J34*Q34 -> #REF! | W34: =SUM(R34:V34) -> #REF!
B35: 8 | C35: MANTENIMIENTO A CANALETA PARCHAL CORRECCIÓN DE GRIETAS E IMPERMEABILIZACIÓN | D35: ML | E35: 1 | F35: =+'cantidad original'!F35-'cantidad limitada'!F35 -> 0 | G35: =+'cantidad original'!G35-'cantidad limitada'!G35 -> 0 | H35: =+'cantidad original'!H35-'cantidad limitada'!H35 -> 0 | I35: =+'cantidad original'!I35-'cantidad limitada'!I35 -> 0 | J35: =+'cantidad original'!J35-'cantidad limitada'!J35 -> 0 | K35: =SUM(F35:J35) -> 0 | L35: =+#REF! -> #REF! | M35: 17484 | N35: 3278 | O35: 4371 | P35: 830 | Q35: =SUM(L35:P35) -> #REF! | R35: =F35*Q35 -> #REF! | S35: =+G35*Q35 -> #REF! | T35: =+H35*Q35 -> #REF! | U35: =+I35*Q35 -> #REF! | V35: =+J35*Q35 -> #REF! | W35: =SUM(R35:V35) -> #REF!
B36: 9 | C36: MANTENIMIENTO A LECHO DE SECADO DE LODOS CAPACIDAD 7 M3 LAVADO A PRESIÓN, CORRECCIÓN DE GRIETAS, REPOSICIÓN DE LECHO FILTRANTE. | D36: SERVICIO | E36: 1 | F36: =+'cantidad original'!F36-'cantidad limitada'!F36 -> 0 | G36: =+'cantidad original'!G36-'cantidad limitada'!G36 -> 0 | H36: =+'cantidad original'!H36-'cantidad limitada'!H36 -> 0 | I36: =+'cantidad original'!I36-'cantidad limitada'!I36 -> 0 | J36: =+'cantidad original'!J36-'cantidad limitada'!J36 -> 0 | K36: =SUM(F36:J36) -> 0 | L36: =+#REF! -> #REF! | M36: 77456 | N36: 14523 | O36: 19364 | P36: 3679 | Q36: =SUM(L36:P36) -> #REF! | R36: =F36*Q36 -> #REF! | S36: =+G36*Q36 -> #REF! | T36: =+H36*Q36 -> #REF! | U36: =+I36*Q36 -> #REF! | V36: =+J36*Q36 -> #REF! | W36: =SUM(R36:V36) -> #REF!
B37: 10 | C37: MANTENIMIENTO A TANQUE DE LODOS ACTIVADOS CAPACIDAD DE 100 M3, CONSISTENTE EN EXTRACCIÓN DE LODOS, LAVADO A PRESIÓN, CORRECCIÓN DE GRIETAS E IMPERMEABILIZACIÓN. | D37: SERVICIO | E37: 3 | F37: =+'cantidad original'!F37-'cantidad limitada'!F37 -> 0 | G37: =+'cantidad original'!G37-'cantidad limitada'!G37 -> 0 | H37: =+'cantidad original'!H37-'cantidad limitada'!H37 -> 1 | I37: =+'cantidad original'!I37-'cantidad limitada'!I37 -> 0 | J37: =+'cantidad original'!J37-'cantidad limitada'!J37 -> 0 | K37: =SUM(F37:J37) -> 1 | L37: =+#REF! -> #REF! | M37: 268491 | N37: 50342 | O37: 67123 | P37: 12753 | Q37: =SUM(L37:P37) -> #REF! | R37: =F37*Q37 -> #REF! | S37: =+G37*Q37 -> #REF! | T37: =+H37*Q37 -> #REF! | U37: =+I37*Q37 -> #REF! | V37: =+J37*Q37 -> #REF! | W37: =SUM(R37:V37) -> #REF!
B38: 11 | C38: MANTENIMIENTO A TANQUE HOMOGENIZADOR CAPACIDAD DE 100 M3 CONSISTENTE EN EXTRACCIÓN DE LODOS, LAVADO A PRESIÓN, CORRECCIÓN DE GRIETAS E IMPERMEABILIZACIÓN. | D38: SERVICIO | E38: 2 | F38: =+'cantidad original'!F38-'cantidad limitada'!F38 -> 0 | G38: =+'cantidad original'!G38-'cantidad limitada'!G38 -> 0 | H38: =+'cantidad original'!H38-'cantidad limitada'!H38 -> 0 | I38: =+'cantidad original'!I38-'cantidad limitada'!I38 -> 0 | J38: =+'cantidad original'!J38-'cantidad limitada'!J38 -> 0 | K38: =SUM(F38:J38) -> 0 | L38: =+#REF! -> #REF! | M38: 268491 | N38: 50342 | O38: 67123 | P38: 12753 | Q38: =SUM(L38:P38) -> #REF! | R38: =F38*Q38 -> #REF! | S38: =+G38*Q38 -> #REF! | T38: =+H38*Q38 -> #REF! | U38: =+I38*Q38 -> #REF! | V38: =+J38*Q38 -> #REF! | W38: =SUM(R38:V38) -> #REF!
B39: 12 | C39: MANTENIMIENTO BOMBA EYECTORA SUMERGIBLE. INSTALACIÓN Y PUESTA EN FUNCIONAMIENTO. A TODO COSTO- INCLUYE, TABLERO DE CONTROL Y ACCESORIOS CONEXIÓN A SISTEMA HIDRÁULICO Y ELÉCTRICO + SUMINISTRO E INSTALACIÓN Y PUESTA EN FUNCIONAMIENTO). | D39: UND | E39: 4 | F39: =+'cantidad original'!F39-'cantidad limitada'!F39 -> 0 | G39: =+'cantidad original'!G39-'cantidad limitada'!G39 -> 0 | H39: =+'cantidad original'!H39-'cantidad limitada'!H39 -> 1 | I39: =+'cantidad original'!I39-'cantidad limitada'!I39 -> 0 | J39: =+'cantidad original'!J39-'cantidad limitada'!J39 -> 0 | K39: =SUM(F39:J39) -> 1 | L39: =+#REF! -> #REF! | M39: 145696 | N39: 27317 | O39: 36424 | P39: 6921 | Q39: =SUM(L39:P39) -> #REF! | R39: =F39*Q39 -> #REF! | S39: =+G39*Q39 -> #REF! | T39: =+H39*Q39 -> #REF! | U39: =+I39*Q39 -> #REF! | V39: =+J39*Q39 -> #REF! | W39: =SUM(R39:V39) -> #REF!
... B63: 36 | C63: SUMINISTRO E INSTALACIÓN DE ROSETÓN PLÁSTICO PARA LECHO FILTRANTE. | D63: UND | E63: 1 | F63: =+'cantidad original'!F63-'cantidad limitada'!F63 -> 0 | G63: =+'cantidad original'!G63-'cantidad limitada'!G63 -> 0 | H63: =+'cantidad original'!H63-'cantidad limitada'!H63 -> 0 | I63: =+'cantidad original'!I63-'cantidad limitada'!I63 -> 0 | J63: =+'cantidad original'!J63-'cantidad limitada'!J63 -> 0 | K63: =SUM(F63:J63) -> 0 | L63: =+#REF! -> #REF! | M63: 14523 | N63: 2723 | O63: 3631 | P63: 690 | Q63: =SUM(L63:P63) -> #REF! | R63: =F63*Q63 -> #REF! | S63: =+G63*Q63 -> #REF! | T63: =+H63*Q63 -> #REF! | U63: =+I63*Q63 -> #REF! | V63: =+J63*Q63 -> #REF! | W63: =SUM(R63:V63) -> #REF!
F64: =SUM(F28:F63) -> 0 | G64: =SUM(G28:G63) -> 63 | H64: =SUM(H28:H63) -> 7 | I64: =SUM(I28:I63) -> 37 | J64: =SUM(J28:J63) -> 22 | K64: =SUM(K28:K63) -> 129 | L64: =SUM(L28:L63) -> #REF! | M64: =SUM(M28:M63) -> 3461744 | ... W64: =SUM(W28:W63) -> #REF!

Sheet plan unificado
C1: CANTIDADES MÍNIMAS
A2: ADQUISICIÓN DE ELEMENTOS DE PROTECCIÓN PERSONAL PARA LAS UNIDADES CENTRALIZADAS ADMINISTRATIVAMENTE POR LA CENAC BUCARAMANGA. | E2: PTAP | H2: PTAR | O2: PTAP | R2: PTAR
A3: ITEM | B3: CÓDIGO DANE | C3: DESCRIPCIÓN DEL BIEN Y/O SERVICIO | D3: UNIDAD MEDIDA | E3: BASRO | F3: BIREY | G3: TOTAL | H3: BAACA5 | I3: BAADA2 | J3: BILUD | K3: BIREY | L3: TOTAL | M3: TOTAL NECESIDAD | N3: PRECIO DE REFERENCIA | O3: BASRO | P3: BIREY | Q3: TOTAL | R3: BAACA5 | S3: BAADA2 | T3: BILUD | U3: BIREY | V3: TOTAL | W3: TOTAL PPTO
A4: 1 | B4: 2823609 | C4: MANGAS EN CARNAZA: Cuero vacuno de calibre 2.4 MM, según NTC E-79 y cosidos con hilo 100% algodón según lo indicado en la NTC-1981, las costuras deben ser uniformes, no debe presentar pliegues ni fruncidos. | D4: UNIDAD | G4: =SUM(E4:F4) -> 0 | J4: 6 | L4: =H4+I4+J4+K4 -> 6 | M4: =+G4+L4 -> 6 | N4: =+#REF! -> #REF! | O4: =+E4*N4 -> #REF! | P4: =+F4*N4 -> #REF! | Q4: =SUM(O4:P4) -> #REF! | R4: =+H4*N4 -> #REF! | S4: =+I4*N4 -> #REF! | T4: =+J4*N4 -> #REF! | U4: =+K4*N4 -> #REF! | V4: =R4+S4+T4+U4 -> #REF! | W4: =+Q4+V4 -> #REF!
A5: 2 | B5: 2823610 | C5: OVEROL ENTERIZO: tela drill 100% algodón, manga larga, cremallera completa. x und. tallas de acuerdo a la necesidad de la unidad (s/m/l/xl) | D5: UNIDAD | G5: =SUM(E5:F5) -> 0 | H5: 4 | L5: =H5+I5+J5+K5 -> 4 | M5: =+G5+L5 -> 4 | N5: =+#REF! -> #REF! | O5: =+E5*N5 -> #REF! | P5: =+F5*N5 -> #REF! | Q5: =SUM(O5:P5) -> #REF! | R5: =+H5*N5 -> #REF! | S5: =+I5*N5 -> #REF! | T5: =+J5*N5 -> #REF! | U5: =+K5*N5 -> #REF! | V5: =R5+S5+T5+U5 -> #REF! | W5: =+Q5+V5 -> #REF!
A6: 3 | B6: 2823610 | C6: OVEROL IMPERMEABLE DE 2 PIEZAS: Tipo industrial calibre 18. Tallas de acuerdo a la necesidad de la unidad (S/M/L/XL) | D6: UNIDAD | F6: 1 | G6: =SUM(E6:F6) -> 1 | I6: 2 | J6: 3 | K6: 1 | L6: =H6+I6+J6+K6 -> 6 | M6: =+G6+L6 -> 7 | N6: =+#REF! -> #REF! | O6: =+E6*N6 -> #REF! | P6: =+F6*N6 -> #REF! | Q6: =SUM(O6:P6) -> #REF! | R6: =+H6*N6 -> #REF! | S6: =+I6*N6 -> #REF! | T6: =+J6*N6 -> #REF! | U6: =+K6*N6 -> #REF! | V6: =R6+S6+T6+U6 -> #REF! | W6: =+Q6+V6 -> #REF!
A7: 4 | B7: 2823610 | C7: OVEROL TIPO PILOTO (overol completo modelo piloto (12 cremalleras) en ristok milimetrado color verde militar, con cierre frontal doble carro nylon. 100% algodón cuello ajustado con cierre de contacto. dos bolsillos (centrados) en pecho con dimensiones de 14 centímetros de ancho por 22 centímetros de alto con cierres diagonales y cremallera en nylon. bolsillo portalápices en pecho izquierdo de 3.81 centímetros de ancho y 12.7 centímetros de largo. mangas con puños rectos ajustados con cierre en cremallera de 13.78 centímetros de largo. piernas rectas con cierre cremallera en nylon de 15.32 centímetros de largo. dos bolsillos de parche en la parte trasera de 14 centímetros de ancho por 22 centímetros de alto con cierres en cremallera nylon, espalda con fuelle y cintura elasticada. refuerzos acolchados (guata 500 x 2) en codos y rodillas de tipo rectangular de 20.32 centímetros, un bolsillo interior lateral a cada lado. dos bolsillos laterales en muslos de 14 centímetros de ancho por 22 centímetros de alto con cierres en cremallera nylon. tallas s – m – l – xl,) | D7: UNIDAD | E7: 1 | F7: 3 | G7: =SUM(E7:F7) -> 4 | K7: 3 | L7: =H7+I7+J7+K7 -> 3 | M7: =+G7+L7 -> 7 | N7: =+#REF! -> #REF! | O7: =+E7*N7 -> #REF! | P7: =+F7*N7 -> #REF! | Q7: =SUM(O7:P7) -> #REF! | R7: =+H7*N7 -> #REF! | S7: =+I7*N7 -> #REF! | T7: =+J7*N7 -> #REF! | U7: =+K7*N7 -> #REF! | V7: =R7+S7+T7+U7 -> #REF! | W7: =+Q7+V7 -> #REF!
A8: 5 | B8: 2823610 | C8: TRAJE ENTERIZO CON CAPOTA O CAPUCHA, CON BOTAS ADHERIDAS AL TRAJE (VULCANIZADAS) Overol tipo fontanero fabricado bajo norma NTC 4615 en tela vinílica compacta con soporte textil en poliéster. Elaborado por proceso de electro sellado de alta frecuencia. Con bota integrada en PVC y con puntera. Color de bota Amarillo. Talla de acuerdo a la necesidad de la unidad (S/M/L/XL) | D8: UNIDAD | E8: 1 | G8: =SUM(E8:F8) -> 1 | H8: 2 | J8: 2 | L8: =H8+I8+J8+K8 -> 4 | M8: =+G8+L8 -> 5 | N8: =+#REF! -> #REF! | O8: =+E8*N8 -> #REF! | P8: =+F8*N8 -> #REF! | Q8: =SUM(O8:P8) -> #REF! | R8: =+H8*N8 -> #REF! | S8: =+I8*N8 -> #REF! | T8: =+J8*N8 -> #REF! | U8: =+K8*N8 -> #REF! | V8: =R8+S8+T8+U8 -> #REF! | W8: =+Q8+V8 -> #REF!
A9: 6 | B9: 2823611 | C9: DELANTAL PARA SUSTANCIAS QUÍMICAS: sujeción de cuatro puntos, 2 cuello y 2 cintura. en poliéster recubierto pvc calibre 25 (0,58mm) sistema electro sellado. 82cm largo x 115cm ancho. materiales bajo norma astm, ntc3583, iso 9001. x und. tallas de acuerdo a la necesidad de la unidad (S/M/L/XL) | D9: UNIDAD | F9: 1 | G9: =SUM(E9:F9) -> 1 | K9: 1 | L9: =H9+I9+J9+K9 -> 1 | M9: =+G9+L9 -> 2 | N9: =+#REF! -> #REF! | O9: =+E9*N9 -> #REF! | P9: =+F9*N9 -> #REF! | Q9: =SUM(O9:P9) -> #REF! | R9: =+H9*N9 -> #REF! | S9: =+I9*N9 -> #REF! | T9: =+J9*N9 -> #REF! | U9: =+K9*N9 -> #REF! | V9: =R9+S9+T9+U9 -> #REF! | W9: =+Q9+V9 -> #REF!
A10: 7 | B10: 2823611 | C10: DELANTAL IMPERMEABLE RESISTENCIA QUIMICA: Delantal impermeable de PVC , material vinílico con soporte textil, electrosellado que hace de la prenda impermeable, tiras de sujeción en el cuello y la cintura. Protege la zona pectoral y ventral de salpicaduras y sprays de productos químicos. Protección contra productos químicos líquidos en forma de pulverización. Ideal para manipulación de químicos y limpiezas industriales. Muy alta resistencia mecánica y alta durabilidad. tallas de acuerdo a la necesidad de la unidad. | D10: UNIDAD | F10: 1 | G10: =SUM(E10:F10) -> 1 | J10: 5 | K10: 1 | L10: =H10+I10+J10+K10 -> 6 | M10: =+G10+L10 -> 7 | N10: =+#REF! -> #REF! | O10: =+E10*N10 -> #REF! | P10: =+F10*N10 -> #REF! | Q10: =SUM(O10:P10) -> #REF! | R10: =+H10*N10 -> #REF! | S10: =+I10*N10 -> #REF! | T10: =+J10*N10 -> #REF! | U10: =+K10*N10 -> #REF! | V10: =R10+S10+T10+U10 -> #REF! | W10: =+Q10+V10 -> #REF!
A11: 8 | B11: 2824401 | C11: GUANTES QUÍMICOS DE NITRILO resistentes a quimicos que proporcionan proteccion de las manos cuando es necesario entrar en contacto con solventes combustibles y grasas Con un recubrimiento externo en nitrilo verde que proporciona la barrera contra la penetracion de sustancias quimicas Los guates son texturizados en la punta de los dedos y en la palma para brindar mayor agarre en seco y en humedo y son lisos en las demas areas para evitar la acumulacion de sustancias que puedan degradarlos en el tiempo Estos elementos de proteccion de manos estan libres de costuras para mayor destreza y comodidad y no tienen latex ni siliconas en su composicion Minimo 18 de longitud Espesor maximo 22 milesimas Tallas sujetas a las necesidades de la Unidad | D11: PAR | F11: 2 | G11: =SUM(E11:F11) -> 2 | H11: 4 | J11: 14 | K11: 2 | L11: =H11+I11+J11+K11 -> 20 | M11: =+G11+L11 -> 22 | N11: =+#REF! -> #REF! | O11: =+E11*N11 -> #REF! | P11: =+F11*N11 -> #REF! | Q11: =SUM(O11:P11) -> #REF! | R11: =+H11*N11 -> #REF! | S11: =+I11*N11 -> #REF! | T11: =+J11*N11 -> #REF! | U11: =+K11*N11 -> #REF! | V11: =R11+S11+T11+U11 -> #REF! | W11: =+Q11+V11 -> #REF!
A12: 9 | B12: 28224401 | C12: Guante de nitrilo Largo: El guante está fabricado con una capa de 15 mils (milésimas de pulgada) de nitrilo y tiene una longitud de 13”. Los guantes deben de utilizarse para manipular los productos químicos ALTAQ evitando el contacto directo con la mano, así prevenimos cualquier alergia, irritación o quemadura. El interior del guante tiene un revestimiento de algodón que brinda mayor comodidad y facilita la postu ra y remoción del mismo. La punta de los dedos son texturizadas con un patrón en forma de rombos para darle más agarre tanto en húmedo como en seco. El resto del guante es liso, para evitar acumulación de químicos que puedan con el tiempo degradar el guante. Norma EN 420:2003 CAJA X 100 UNIDADES | D12: CAJA | E12: 10 | G12: =SUM(E12:F12) -> 10 | L12: =H12+I12+J12+K12 -> 0 | M12: =+G12+L12 -> 10 | N12: =+#REF! -> #REF! | O12: =+E12*N12 -> #REF! | P12: =+F12*N12 -> #REF! | Q12: =SUM(O12:P12) -> #REF! | R12: =+H12*N12 -> #REF! | S12: =+I12*N12 -> #REF! | T12: =+J12*N12 -> #REF! | U12: =+K12*N12 -> #REF! | V12: =R12+S12+T12+U12 -> #REF! | W12: =+Q12+V12 -> #REF!
A13: 10 | B13: 28244 | C13: BOTAS DE CAUCHO (NEGRO): Bota fabricada a mano en 100% caucho vulcanizado, impermeable. Proceso: Armado por pieza, vulcanizados en autoclave Forro: 100% algodón, super absorbente Plantilla: en espuma de caucho, forrada 100% algodón Suela: antideslizantes, resistentes a la abrasión Refuerzos: en capellada y contrafuerte Caña: reforzada Impermeabilidad: 100% Uso: industrial de construcción y uso general con suela antideslizante. Talla de acuerdo a la necesidad de la unidad | D13: PAR | G13: =SUM(E13:F13) -> 0 | J13: 5 | L13: =H13+I13+J13+K13 -> 5 | M13: =+G13+L13 -> 5 | N13: =+#REF! -> #REF! | O13: =+E13*N13 -> #REF! | P13: =+F13*N13 -> #REF! | Q13: =SUM(O13:P13) -> #REF! | R13: =+H13*N13 -> #REF! | S13: =+I13*N13 -> #REF! | T13: =+J13*N13 -> #REF! | U13: =+K13*N13 -> #REF! | V13: =R13+S13+T13+U13 -> #REF! | W13: =+Q13+V13 -> #REF!
A14: 11 | B14: 28244 | C14: BOTAS DE SEGURIDAD: Bota de seguridad: Caña alta de 8" , fabricado en cuero con puntera reforzada. NTC 2396 Botas seguridad. Tallas de acuerdo a la necesidad de la unidad | D14: PAR | F14: 3 | G14: =SUM(E14:F14) -> 3 | I14: 2 | J14: 3 | K14: 3 | L14: =H14+I14+J14+K14 -> 8 | M14: =+G14+L14 -> 11 | N14: =+#REF! -> #REF! | O14: =+E14*N14 -> #REF! | P14: =+F14*N14 -> #REF! | Q14: =SUM(O14:P14) -> #REF! | R14: =+H14*N14 -> #REF! | S14: =+I14*N14 -> #REF! | T14: =+J14*N14 -> #REF! | U14: =+K14*N14 -> #REF! | V14: =R14+S14+T14+U14 -> #REF! | W14: =+Q14+V14 -> #REF!
A15: 12 | B15: 2824202 | C15: GUANTES elaborados en carnaza y cuero vaqueta de calibre 2.4 mm cosidos con hilo 100 algodon refuerzo en palma y dedos amplios de facil manejo puño corto de 7 cm Color Gris | D15: PAR | G15: =SUM(E15:F15) -> 0 | H15: 4 | J15: 2 | L15: =H15+I15+J15+K15 -> 6 | M15: =+G15+L15 -> 6 | N15: =+#REF! -> #REF! | O15: =+E15*N15 -> #REF! | P15: =+F15*N15 -> #REF! | Q15: =SUM(O15:P15) -> #REF! | R15: =+H15*N15 -> #REF! | S15: =+I15*N15 -> #REF! | T15: =+J15*N15 -> #REF! | U15: =+K15*N15 -> #REF! | V15: =R15+S15+T15+U15 -> #REF! | W15: =+Q15+V15 -> #REF!
A16: 13 | B16: 2824401 | C16: GUANTES DE LATEX: seguridad biológica, evita el contagio de enfermedades, caucho natural, ambidiestros, borde enrollado, desechables con talco, guantes anatómicos 12 x 21.5 cm. caja x 100 und. | D16: CAJA | G16: =SUM(E16:F16) -> 0 | J16: 4 | L16: =H16+I16+J16+K16 -> 4 | M16: =+G16+L16 -> 4 | N16: =+#REF! -> #REF! | O16: =+E16*N16 -> #REF! | P16: =+F16*N16 -> #REF! | Q16: =SUM(O16:P16) -> #REF! | R16: =+H16*N16 -> #REF! | S16: =+I16*N16 -> #REF! | T16: =+J16*N16 -> #REF! | U16: =+K16*N16 -> #REF! | V16: =R16+S16+T16+U16 -> #REF! | W16: =+Q16+V16 -> #REF!
A17: 14 | B17: 28243 | C17: GUANTE DE CAUCHO NEGRO INDUSTRIAL Fabricado en PVC calibre 35, NTC 444 - 445 - 446 tallas 7- 8-9 | D17: PAR | E17: 20 | G17: =SUM(E17:F17) -> 20 | I17: 5 | J17: 6 | L17: =H17+I17+J17+K17 -> 11 | M17: =+G17+L17 -> 31 | N17: =+#REF! -> #REF! | O17: =+E17*N17 -> #REF! | P17: =+F17*N17 -> #REF! | Q17: =SUM(O17:P17) -> #REF! | R17: =+H17*N17 -> #REF! | S17: =+I17*N17 -> #REF! | T17: =+J17*N17 -> #REF! | U17: =+K17*N17 -> #REF! | V17: =R17+S17+T17+U17 -> #REF! | W17: =+Q17+V17 -> #REF!
A18: 15 | B18: 2823611 | C18: DELANTAL DE SOLDADOR: Espesor con refuerzo 2,30 cm, dimensiones totales 60 x 120 cm, material cuero vacuno | D18: UNIDAD | G18: =SUM(E18:F18) -> 0 | I18: 2 | L18: =H18+I18+J18+K18 -> 2 | M18: =+G18+L18 -> 2 | N18: =+#REF! -> #REF! | O18: =+E18*N18 -> #REF! | P18: =+F18*N18 -> #REF! | Q18: =SUM(O18:P18) -> #REF! | R18: =+H18*N18 -> #REF! | S18: =+I18*N18 -> #REF! | T18: =+J18*N18 -> #REF! | U18: =+K18*N18 -> #REF! | V18: =R18+S18+T18+U18 -> #REF! | W18: =+Q18+V18 -> #REF!
A19: 16 | B19: 2823610 | C19: OVEROL DE 2 PIEZAS: Tela drill verde oliva en tejido diagonal 3x1 vulcano. La mezcla de hilo en trama y urdimbre. color verde oliva para botones, cremalleras, hilos y velcros. La camisa Debe llevar parche que cubra todo el ancho de la parte del codo, con sistema de cierre botones. Debe llevar 2 cintas reflectoras color gris plata compuesta de lentes expuestos de gran ángulo reflectivo, adheridos en las mangas en la parte delantera debe llevar porta presillas confeccionadas en forma rectangular terminada en punta con ojal, ubicada en los hombros. El pantalón simétrico, bota recta, con pretina con 7 pasadores para ajuste en la cintura, la cual tiene como sistema de cierre un botón. El pantalón lleva cinta reflectora en forma simétrica ubicadas a la altura de la rodilla. Tallas de acuerdo a la necesidad de la unidad. | D19: UNIDAD | G19: =SUM(E19:F19) -> 0 | I19: 2 | J19: 2 | L19: =H19+I19+J19+K19 -> 4 | M19: =+G19+L19 -> 4 | N19: =+#REF! -> #REF! | O19: =+E19*N19 -> #REF! | P19: =+F19*N19 -> #REF! | Q19: =SUM(O19:P19) -> #REF! | R19: =+H19*N19 -> #REF! | S19: =+I19*N19 -> #REF! | T19: =+J19*N19 -> #REF! | U19: =+K19*N19 -> #REF! | V19: =R19+S19+T19+U19 -> #REF! | W19: =+Q19+V19 -> #REF!
E20: =SUM(E4:E19) -> 32 | F20: =SUM(F4:F19) -> 11 | G20: =SUM(G4:G19) -> 43 | H20: =SUM(H4:H19) -> 14 | I20: =SUM(I4:I19) -> 13 | J20: =SUM(J4:J19) -> 52 | K20: =SUM(K4:K19) -> 11 | L20: =SUM(L4:L19) -> 90 | ... W20: =SUM(W4:W19) -> #REF!
C28: ORIGINAL
A29: ADQUISICIÓN DE ELEMENTOS DE PROTECCIÓN PERSONAL PARA LAS UNIDADES CENTRALIZADAS ADMINISTRATIVAMENTE POR LA CENAC BUCARAMANGA. | E29: PTAP | H29: PTAR | O29: PTAP | R29: PTAR
A30: ITEM | B30: CÓDIGO DANE | C30: DESCRIPCIÓN DEL BIEN Y/O SERVICIO | D30: UNIDAD MEDIDA | E30: BASRO | F30: BIREY | G30: TOTAL | H30: BAACA5 | I30: BAADA2 | J30: BILUD | K30: BIREY | L30: TOTAL | M30: TOTAL NECESIDAD | N30: PRECIO DE REFERENCIA | O30: BASRO | P30: BIREY | Q30: TOTAL | R30: BAACA5 | S30: BAADA2 | T30: BILUD | U30: BIREY | V30: TOTAL | W30: TOTAL PPTO
A31: 1 | B31: 2823609 | C31: MANGAS EN CARNAZA: Cuero vacuno de calibre 2.4 MM, según NTC E-79 y cosidos con hilo 100% algodón según lo indicado en la NTC-1981, las costuras deben ser uniformes, no debe presentar pliegues ni fruncidos. | D31: UNIDAD | G31: =SUM(E31:F31) -> 0 | J31: 6 | L31: =H31+I31+J31+K31 -> 6 | M31: =+G31+L31 -> 6 | N31: =+#REF! -> #REF! | O31: =+E31*N31 -> #REF! | P31: =+F31*N31 -> #REF! | Q31: =SUM(O31:P31) -> #REF! | R31: =+H31*N31 -> #REF! | S31: =+I31*N31 -> #REF! | T31: =+J31*N31 -> #REF! | U31: =+K31*N31 -> #REF! | V31: =R31+S31+T31+U31 -> #REF! | W31: =+Q31+V31 -> #REF!
A32: 2 | B32: 2823610 | C32: OVEROL ENTERIZO: tela drill 100% algodón, manga larga, cremallera completa. x und. tallas de acuerdo a la necesidad de la unidad (s/m/l/xl) | D32: UNIDAD | G32: =SUM(E32:F32) -> 0 | H32: 4 | L32: =H32+I32+J32+K32 -> 4 | M32: =+G32+L32 -> 4 | N32: =+#REF! -> #REF! | O32: =+E32*N32 -> #REF! | P32: =+F32*N32 -> #REF! | Q32: =SUM(O32:P32) -> #REF! | R32: =+H32*N32 -> #REF! | S32: =+I32*N32 -> #REF! | T32: =+J32*N32 -> #REF! | U32: =+K32*N32 -> #REF! | V32: =R32+S32+T32+U32 -> #REF! | W32: =+Q32+V32 -> #REF!
A33: 3 | B33: 2823610 | C33: OVEROL IMPERMEABLE DE 2 PIEZAS: Tipo industrial calibre 18. Tallas de acuerdo a la necesidad de la unidad (S/M/L/XL) | D33: UNIDAD | F33: 1 | G33: =SUM(E33:F33) -> 1 | I33: 2 | J33: 3 | K33: 1 | L33: =H33+I33+J33+K33 -> 6 | M33: =+G33+L33 -> 7 | N33: =+#REF! -> #REF! | O33: =+E33*N33 -> #REF! | P33: =+F33*N33 -> #REF! | Q33: =SUM(O33:P33) -> #REF! | R33: =+H33*N33 -> #REF! | S33: =+I33*N33 -> #REF! | T33: =+J33*N33 -> #REF! | U33: =+K33*N33 -> #REF! | V33: =R33+S33+T33+U33 -> #REF! | W33: =+Q33+V33 -> #REF!
A34: 4 | B34: 2823610 | C34: OVEROL TIPO PILOTO (overol completo modelo piloto (12 cremalleras) en ristok milimetrado color verde militar, con cierre frontal doble carro nylon. 100% algodón cuello ajustado con cierre de contacto. dos bolsillos (centrados) en pecho con dimensiones de 14 centímetros de ancho por 22 centímetros de alto con cierres diagonales y cremallera en nylon. bolsillo portalápices en pecho izquierdo de 3.81 centímetros de ancho y 12.7 centímetros de largo. mangas con puños rectos ajustados con cierre en cremallera de 13.78 centímetros de largo. piernas rectas con cierre cremallera en nylon de 15.32 centímetros de largo. dos bolsillos de parche en la parte trasera de 14 centímetros de ancho por 22 centímetros de alto con cierres en cremallera nylon, espalda con fuelle y cintura elasticada. refuerzos acolchados (guata 500 x 2) en codos y rodillas de tipo rectangular de 20.32 centímetros, un bolsillo interior lateral a cada lado. dos bolsillos laterales en muslos de 14 centímetros de ancho por 22 centímetros de alto con cierres en cremallera nylon. tallas s – m – l – xl,) | D34: UNIDAD | E34: 2 | F34: 3 | G34: =SUM(E34:F34) -> 5 | K34: 3 | L34: =H34+I34+J34+K34 -> 3 | M34: =+G34+L34 -> 8 | N34: =+#REF! -> #REF! | O34: =+E34*N34 -> #REF! | P34: =+F34*N34 -> #REF! | Q34: =SUM(O34:P34) -> #REF! | R34: =+H34*N34 -> #REF! | S34: =+I34*N34 -> #REF! | T34: =+J34*N34 -> #REF! | U34: =+K34*N34 -> #REF! | V34: =R34+S34+T34+U34 -> #REF! | W34: =+Q34+V34 -> #REF!
A35: 5 | B35: 2823610 | C35: TRAJE ENTERIZO CON CAPOTA O CAPUCHA, CON BOTAS ADHERIDAS AL TRAJE (VULCANIZADAS) Overol tipo fontanero fabricado bajo norma NTC 4615 en tela vinílica compacta con soporte textil en poliéster. Elaborado por proceso de electro sellado de alta frecuencia. Con bota integrada en PVC y con puntera. Color de bota Amarillo. Talla de acuerdo a la necesidad de la unidad (S/M/L/XL) | D35: UNIDAD | E35: 2 | G35: =SUM(E35:F35) -> 2 | H35: 2 | J35: 2 | L35: =H35+I35+J35+K35 -> 4 | M35: =+G35+L35 -> 6 | N35: =+#REF! -> #REF! | O35: =+E35*N35 -> #REF! | P35: =+F35*N35 -> #REF! | Q35: =SUM(O35:P35) -> #REF! | R35: =+H35*N35 -> #REF! | S35: =+I35*N35 -> #REF! | T35: =+J35*N35 -> #REF! | U35: =+K35*N35 -> #REF! | V35: =R35+S35+T35+U35 -> #REF! | W35: =+Q35+V35 -> #REF!
A36: 6 | B36: 2823611 | C36: DELANTAL PARA SUSTANCIAS QUÍMICAS: sujeción de cuatro puntos, 2 cuello y 2 cintura. en poliéster recubierto pvc calibre 25 (0,58mm) sistema electro sellado. 82cm largo x 115cm ancho. materiales bajo norma astm, ntc3583, iso 9001. x und. tallas de acuerdo a la necesidad de la unidad (S/M/L/XL) | D36: UNIDAD | F36: 1 | G36: =SUM(E36:F36) -> 1 | K36: 1 | L36: =H36+I36+J36+K36 -> 1 | M36: =+G36+L36 -> 2 | N36: =+#REF! -> #REF! | O36: =+E36*N36 -> #REF! | P36: =+F36*N36 -> #REF! | Q36: =SUM(O36:P36) -> #REF! | R36: =+H36*N36 -> #REF! | S36: =+I36*N36 -> #REF! | T36: =+J36*N36 -> #REF! | U36: =+K36*N36 -> #REF! | V36: =R36+S36+T36+U36 -> #REF! | W36: =+Q36+V36 -> #REF!
A37: 7 | B37: 2823611 | C37: DELANTAL IMPERMEABLE RESISTENCIA QUIMICA: Delantal impermeable de PVC , material vinílico con soporte textil, electrosellado que hace de la prenda impermeable, tiras de sujeción en el cuello y la cintura. Protege la zona pectoral y ventral de salpicaduras y sprays de productos químicos. Protección contra productos químicos líquidos en forma de pulverización. Ideal para manipulación de químicos y limpiezas industriales. Muy alta resistencia mecánica y alta durabilidad. tallas de acuerdo a la necesidad de la unidad. | D37: UNIDAD | F37: 1 | G37: =SUM(E37:F37) -> 1 | J37: 5 | K37: 1 | L37: =H37+I37+J37+K37 -> 6 | M37: =+G37+L37 -> 7 | N37: =+#REF! -> #REF! | O37: =+E37*N37 -> #REF! | P37: =+F37*N37 -> #REF! | Q37: =SUM(O37:P37) -> #REF! | R37: =+H37*N37 -> #REF! | S37: =+I37*N37 -> #REF! | T37: =+J37*N37 -> #REF! | U37: =+K37*N37 -> #REF! | V37: =R37+S37+T37+U37 -> #REF! | W37: =+Q37+V37 -> #REF!
A38: 8 | B38: 2824401 | C38: GUANTES QUÍMICOS DE NITRILO resistentes a quimicos que proporcionan proteccion de las manos cuando es necesario entrar en contacto con solventes combustibles y grasas Con un recubrimiento externo en nitrilo verde que proporciona la barrera contra la penetracion de sustancias quimicas Los guates son texturizados en la punta de los dedos y en la palma para brindar mayor agarre en seco y en humedo y son lisos en las demas areas para evitar la acumulacion de sustancias que puedan degradarlos en el tiempo Estos elementos de proteccion de manos estan libres de costuras para mayor destreza y comodidad y no tienen latex ni siliconas en su composicion Minimo 18 de longitud Espesor maximo 22 milesimas Tallas sujetas a las necesidades de la Unidad | D38: PAR | F38: 2 | G38: =SUM(E38:F38) -> 2 | H38: 4 | J38: 14 | K38: 2 | L38: =H38+I38+J38+K38 -> 20 | M38: =+G38+L38 -> 22 | N38: =+#REF! -> #REF! | O38: =+E38*N38 -> #REF! | P38: =+F38*N38 -> #REF! | Q38: =SUM(O38:P38) -> #REF! | R38: =+H38*N38 -> #REF! | S38: =+I38*N38 -> #REF! | T38: =+J38*N38 -> #REF! | U38: =+K38*N38 -> #REF! | V38: =R38+S38+T38+U38 -> #REF! | W38: =+Q38+V38 -> #REF!
A39: 9 | B39: 28224401 | C39: Guante de nitrilo Largo: El guante está fabricado con una capa de 15 mils (milésimas de pulgada) de nitrilo y tiene una longitud de 13”. Los guantes deben de utilizarse para manipular los productos químicos ALTAQ evitando el contacto directo con la mano, así prevenimos cualquier alergia, irritación o quemadura. El interior del guante tiene un revestimiento de algodón que brinda mayor comodidad y facilita la postu ra y remoción del mismo. La punta de los dedos son texturizadas con un patrón en forma de rombos para darle más agarre tanto en húmedo como en seco. El resto del guante es liso, para evitar acumulación de químicos que puedan con el tiempo degradar el guante. Norma EN 420:2003 CAJA X 100 UNIDADES | D39: CAJA | E39: 10 | G39: =SUM(E39:F39) -> 10 | L39: =H39+I39+J39+K39 -> 0 | M39: =+G39+L39 -> 10 | N39: =+#REF! -> #REF! | O39: =+E39*N39 -> #REF! | P39: =+F39*N39 -> #REF! | Q39: =SUM(O39:P39) -> #REF! | R39: =+H39*N39 -> #REF! | S39: =+I39*N39 -> #REF! | T39: =+J39*N39 -> #REF! | U39: =+K39*N39 -> #REF! | V39: =R39+S39+T39+U39 -> #REF! | W39: =+Q39+V39 -> #REF!
A40: 10 | B40: 28244 | C40: BOTAS DE CAUCHO (NEGRO): Bota fabricada a mano en 100% caucho vulcanizado, impermeable. Proceso: Armado por pieza, vulcanizados en autoclave Forro: 100% algodón, super absorbente Plantilla: en espuma de caucho, forrada 100% algodón Suela: antideslizantes, resistentes a la abrasión Refuerzos: en capellada y contrafuerte Caña: reforzada Impermeabilidad: 100% Uso: industrial de construcción y uso general con suela antideslizante. Talla de acuerdo a la necesidad de la unidad | D40: PAR | G40: =SUM(E40:F40) -> 0 | J40: 5 | L40: =H40+I40+J40+K40 -> 5 | M40: =+G40+L40 -> 5 | N40: =+#REF! -> #REF! | O40: =+E40*N40 -> #REF! | P40: =+F40*N40 -> #REF! | Q40: =SUM(O40:P40) -> #REF! | R40: =+H40*N40 -> #REF! | S40: =+I40*N40 -> #REF! | T40: =+J40*N40 -> #REF! | U40: =+K40*N40 -> #REF! | V40: =R40+S40+T40+U40 -> #REF! | W40: =+Q40+V40 -> #REF!
A41: 11 | B41: 28244 | C41: BOTAS DE SEGURIDAD: Bota de seguridad: Caña alta de 8" , fabricado en cuero con puntera reforzada. NTC 2396 Botas seguridad. Tallas de acuerdo a la necesidad de la unidad | D41: PAR | F41: 3 | G41: =SUM(E41:F41) -> 3 | I41: 2 | J41: 3 | K41: 3 | L41: =H41+I41+J41+K41 -> 8 | M41: =+G41+L41 -> 11 | N41: =+#REF! -> #REF! | O41: =+E41*N41 -> #REF! | P41: =+F41*N41 -> #REF! | Q41: =SUM(O41:P41) -> #REF! | R41: =+H41*N41 -> #REF! | S41: =+I41*N41 -> #REF! | T41: =+J41*N41 -> #REF! | U41: =+K41*N41 -> #REF! | V41: =R41+S41+T41+U41 -> #REF! | W41: =+Q41+V41 -> #REF!
A42: 12 | B42: 2824202 | C42: GUANTES elaborados en carnaza y cuero vaqueta de calibre 2.4 mm cosidos con hilo 100 algodon refuerzo en palma y dedos amplios de facil manejo puño corto de 7 cm Color Gris | D42: PAR | G42: =SUM(E42:F42) -> 0 | H42: 4 | J42: 2 | L42: =H42+I42+J42+K42 -> 6 | M42: =+G42+L42 -> 6 | N42: =+#REF! -> #REF! | O42: =+E42*N42 -> #REF! | P42: =+F42*N42 -> #REF! | Q42: =SUM(O42:P42) -> #REF! | R42: =+H42*N42 -> #REF! | S42: =+I42*N42 -> #REF! | T42: =+J42*N42 -> #REF! | U42: =+K42*N42 -> #REF! | V42: =R42+S42+T42+U42 -> #REF! | W42: =+Q42+V42 -> #REF!
A43: 13 | B43: 2824401 | C43: GUANTES DE LATEX: seguridad biológica, evita el contagio de enfermedades, caucho natural, ambidiestros, borde enrollado, desechables con talco, guantes anatómicos 12 x 21.5 cm. caja x 100 und. | D43: CAJA | G43: =SUM(E43:F43) -> 0 | J43: 4 | L43: =H43+I43+J43+K43 -> 4 | M43: =+G43+L43 -> 4 | N43: =+#REF! -> #REF! | O43: =+E43*N43 -> #REF! | P43: =+F43*N43 -> #REF! | Q43: =SUM(O43:P43) -> #REF! | R43: =+H43*N43 -> #REF! | S43: =+I43*N43 -> #REF! | T43: =+J43*N43 -> #REF! | U43: =+K43*N43 -> #REF! | V43: =R43+S43+T43+U43 -> #REF! | W43: =+Q43+V43 -> #REF!
A44: 14 | B44: 28243 | C44: GUANTE DE CAUCHO NEGRO INDUSTRIAL Fabricado en PVC calibre 35, NTC 444 - 445 - 446 tallas 7- 8-9 | D44: PAR | E44: 20 | G44: =SUM(E44:F44) -> 20 | I44: 5 | J44: 6 | L44: =H44+I44+J44+K44 -> 11 | M44: =+G44+L44 -> 31 | N44: =+#REF! -> #REF! | O44: =+E44*N44 -> #REF! | P44: =+F44*N44 -> #REF! | Q44: =SUM(O44:P44) -> #REF! | R44: =+H44*N44 -> #REF! | S44: =+I44*N44 -> #REF! | T44: =+J44*N44 -> #REF! | U44: =+K44*N44 -> #REF! | V44: =R44+S44+T44+U44 -> #REF! | W44: =+Q44+V44 -> #REF!
A45: 15 | B45: 2823611 | C45: DELANTAL DE SOLDADOR: Espesor con refuerzo 2,30 cm, dimensiones totales 60 x 120 cm, material cuero vacuno | D45: UNIDAD | G45: =SUM(E45:F45) -> 0 | I45: 2 | L45: =H45+I45+J45+K45 -> 2 | M45: =+G45+L45 -> 2 | N45: =+#REF! -> #REF! | O45: =+E45*N45 -> #REF! | P45: =+F45*N45 -> #REF! | Q45: =SUM(O45:P45) -> #REF! | R45: =+H45*N45 -> #REF! | S45: =+I45*N45 -> #REF! | T45: =+J45*N45 -> #REF! | U45: =+K45*N45 -> #REF! | V45: =R45+S45+T45+U45 -> #REF! | W45: =+Q45+V45 -> #REF!
A46: 16 | B46: 2823610 | C46: OVEROL DE 2 PIEZAS: Tela drill verde oliva en tejido diagonal 3x1 vulcano. La mezcla de hilo en trama y urdimbre. color verde oliva para botones, cremalleras, hilos y velcros. La camisa Debe llevar parche que cubra todo el ancho de la parte del codo, con sistema de cierre botones. Debe llevar 2 cintas reflectoras color gris plata compuesta de lentes expuestos de gran ángulo reflectivo, adheridos en las mangas en la parte delantera debe llevar porta presillas confeccionadas en forma rectangular terminada en punta con ojal, ubicada en los hombros. El pantalón simétrico, bota recta, con pretina con 7 pasadores para ajuste en la cintura, la cual tiene como sistema de cierre un botón. El pantalón lleva cinta reflectora en forma simétrica ubicadas a la altura de la rodilla. Tallas de acuerdo a la necesidad de la unidad. | D46: UNIDAD | G46: =SUM(E46:F46) -> 0 | I46: 2 | J46: 2 | L46: =H46+I46+J46+K46 -> 4 | M46: =+G46+L46 -> 4 | N46: =+#REF! -> #REF! | O46: =+E46*N46 -> #REF! | P46: =+F46*N46 -> #REF! | Q46: =SUM(O46:P46) -> #REF! | R46: =+H46*N46 -> #REF! | S46: =+I46*N46 -> #REF! | T46: =+J46*N46 -> #REF! | U46: =+K46*N46 -> #REF! | V46: =R46+S46+T46+U46 -> #REF! | W46: =+Q46+V46 -> #REF!
E47: =SUM(E31:E46) -> 34 | F47: =SUM(F31:F46) -> 11 | G47: =SUM(G31:G46) -> 45 | H47: =SUM(H31:H46) -> 14 | I47: =SUM(I31:I46) -> 13 | J47: =SUM(J31:J46) -> 52 | K47: =SUM(K31:K46) -> 11 | L47: =SUM(L31:L46) -> 90 | ... W47: =SUM(W31:W46) -> #REF!

Sheet ANEXO A CUBRIMIENTO NECESIDAD
C2: CLASIFICADOR POR OBJETO DEL GASTO | D2: NOMBRE CUENTA | E2: DOTACIÓN PTAP - PTAR
C3: 02-02-01-002-008-002 | D3: Prendas de vestir (excepto prendas de piel) | H3: BASRO | L3: BIREY | P3: BAACA5 | T3: BAADA2 | X3: BILUD | AB3: BIREY
B4: ITEM | C4: DESCRIPCIÓN DEL BIEN Y/O SERVICIO | D4: UNIDAD MEDIDA | E4: NECESIDAD TOTAL | F4: VALOR UNITARIO (INCLUIDO IVA CUANDO APLIQUE) | G4: CANTIDADES A ADQUIRIR | H4: TOTAL NEC | I4: CAN MIN | J4: LIMITACION | K4: VALOR PTO POR ITEM | L4: TOTAL NEC | M4: CAN MIN | N4: LIMITACION | O4: VALOR PTO POR ITEM | P4: TOTAL NEC | Q4: CAN MIN | R4: LIMITACION | S4: VALOR PTO POR ITEM | T4: TOTAL NEC | U4: CAN MIN | V4: LIMITACION | W4: VALOR PTO POR ITEM | X4: TOTAL NEC | Y4: CAN MIN | Z4: LIMITACION | AA4: VALOR PTO POR ITEM | AB4: TOTAL NEC | AC4: CAN MIN | AD4: LIMITACION | AE4: VALOR PTO POR ITEM
B5: 1 | C5: MANGAS EN CARNAZA: Cuero vacuno de calibre 2.4 MM, según NTC E-79 y cosidos con hilo 100% algodón según lo indicado en la NTC-1981, las costuras deben ser uniformes, no debe presentar pliegues ni fruncidos. | D5: UNIDAD | E5: 6 | F5: 31410 | G5: 1 | J5: 0 | K5: 0 | M5: 0 | N5: 0 | O5: 0 | Q5: 0 | R5: 0 | S5: 0 | U5: 0 | V5: 0 | W5: 0 | X5: 6 | Y5: 1 | Z5: 5 | AA5: 31410 | AC5: 0 | AD5: 0 | AE5: 0
B6: 2 | C6: OVEROL ENTERIZO: tela drill 100% algodón, manga larga, cremallera completa. x und. tallas de acuerdo a la necesidad de la unidad (s/m/l/xl) | D6: UNIDAD | E6: 4 | F6: 112783 | G6: 1 | J6: 0 | K6: 0 | M6: 0 | N6: 0 | O6: 0 | P6: 4 | Q6: 1 | R6: 3 | S6: 112783 | U6: 0 | V6: 0 | W6: 0 | Y6: 0 | Z6: 0 | AA6: 0 | AC6: 0 | AD6: 0 | AE6: 0
B7: 3 | C7: OVEROL IMPERMEABLE DE 2 PIEZAS: Tipo industrial calibre 18. Tallas de acuerdo a la necesidad de la unidad (S/M/L/XL) | D7: UNIDAD | E7: 7 | F7: 100724 | G7: 4 | J7: 0 | K7: 0 | L7: 1 | M7: 1 | N7: 0 | O7: 100724 | Q7: 0 | R7: 0 | S7: 0 | T7: 2 | U7: 1 | V7: 1 | W7: 100724 | X7: 3 | Y7: 1 | Z7: 2 | AA7: 100724 | AB7: 1 | AC7: 1 | AD7: 0 | AE7: 100724
B8: 4 | C8: OVEROL TIPO PILOTO (overol completo modelo piloto (12 cremalleras) en ristok milimetrado color verde militar, con cierre frontal doble carro nylon. 100% algodón cuello ajustado con cierre de contacto. dos bolsillos (centrados) en pecho con dimensiones de 14 centímetros de ancho por 22 centímetros de alto con cierres diagonales y cremallera en nylon. bolsillo portalápices en pecho izquierdo de 3.81 centímetros de ancho y 12.7 centímetros de largo. mangas con puños rectos ajustados con cierre en cremallera de 13.78 centímetros de largo. piernas rectas con cierre cremallera en nylon de 15.32 centímetros de largo. dos bolsillos de parche en la parte trasera de 14 centímetros de ancho por 22 centímetros de alto con cierres en cremallera nylon, espalda con fuelle y cintura elasticada. refuerzos acolchados (guata 500 x 2) en codos y rodillas de tipo rectangular de 20.32 centímetros, un bolsillo interior lateral a cada lado. dos bolsillos laterales en muslos de 14 centímetros de ancho por 22 centímetros de alto con cierres en cremallera nylon. tallas s – m – l – xl,) | D8: UNIDAD | E8: 8 | F8: 156546 | G8: 2 | H8: 2 | I8: 1 | J8: 1 | K8: 156546 | L8: 3 | M8: 1 | N8: 2 | O8: 156546 | Q8: 0 | R8: 0 | S8: 0 | U8: 0 | V8: 0 | W8: 0 | Y8: 0 | Z8: 0 | AA8: 0 | AB8: 3 | AC8: 0 | AD8: 3 | AE8: 0
B9: 5 | C9: TRAJE ENTERIZO CON CAPOTA O CAPUCHA, CON BOTAS ADHERIDAS AL TRAJE (VULCANIZADAS) Overol tipo fontanero fabricado bajo norma NTC 4615 en tela vinílica compacta con soporte textil en poliéster. Elaborado por proceso de electro sellado de alta frecuencia. Con bota integrada en PVC y con puntera. Color de bota Amarillo. Talla de acuerdo a la necesidad de la unidad (S/M/L/XL) | D9: UNIDAD | E9: 6 | F9: 249502 | G9: 3 | H9: 2 | I9: 1 | J9: 1 | K9: 249502 | M9: 0 | N9: 0 | O9: 0 | P9: 2 | Q9: 1 | R9: 1 | S9: 249502 | U9: 0 | V9: 0 | W9: 0 | X9: 2 | Y9: 1 | Z9: 1 | AA9: 249502 | AC9: 0 | AD9: 0 | AE9: 0
B10: 6 | C10: DELANTAL PARA SUSTANCIAS QUÍMICAS: sujeción de cuatro puntos, 2 cuello y 2 cintura. en poliéster recubierto pvc calibre 25 (0,58mm) sistema electro sellado. 82cm largo x 115cm ancho. materiales bajo norma astm, ntc3583, iso 9001. x und. tallas de acuerdo a la necesidad de la unidad (S/M/L/XL) | D10: UNIDAD | E10: 2 | F10: 51737 | G10: 2 | I10: 0 | J10: 0 | K10: 0 | L10: 1 | M10: 1 | N10: 0 | O10: 51737 | Q10: 0 | R10: 0 | S10: 0 | U10: 0 | V10: 0 | W10: 0 | Y10: 0 | Z10: 0 | AA10: 0 | AB10: 1 | AC10: 1 | AD10: 0 | AE10: 51737
B11: 7 | C11: DELANTAL IMPERMEABLE RESISTENCIA QUIMICA: Delantal impermeable de PVC , material vinílico con soporte textil, electrosellado que hace de la prenda impermeable, tiras de sujeción en el cuello y la cintura. Protege la zona pectoral y ventral de salpicaduras y sprays de productos químicos. Protección contra productos químicos líquidos en forma de pulverización. Ideal para manipulación de químicos y limpiezas industriales. Muy alta resistencia mecánica y alta durabilidad. tallas de acuerdo a la necesidad de la unidad. | D11: UNIDAD | E11: 7 | F11: 63884 | G11: 3 | I11: 0 | J11: 0 | K11: 0 | L11: 1 | M11: 1 | N11: 0 | O11: 63884 | Q11: 0 | R11: 0 | S11: 0 | U11: 0 | V11: 0 | W11: 0 | X11: 5 | Y11: 1 | Z11: 4 | AA11: 63884 | AB11: 1 | AC11: 1 | AD11: 0 | AE11: 63884
B12: 8 | C12: GUANTES QUÍMICOS DE NITRILO resistentes a quimicos que proporcionan proteccion de las manos cuando es necesario entrar en contacto con solventes combustibles y grasas Con un recubrimiento externo en nitrilo verde que proporciona la barrera contra la penetracion de sustancias quimicas Los guates son texturizados en la punta de los dedos y en la palma para brindar mayor agarre en seco y en humedo y son lisos en las demas areas para evitar la acumulacion de sustancias que puedan degradarlos en el tiempo Estos elementos de proteccion de manos estan libres de costuras para mayor destreza y comodidad y no tienen latex ni siliconas en su composicion Minimo 18 de longitud Espesor maximo 22 milesimas Tallas sujetas a las necesidades de la Unidad | D12: PAR | E12: 22 | F12: 40703 | G12: 5 | I12: 0 | J12: 0 | K12: 0 | L12: 2 | M12: 1 | N12: 1 | O12: 40703 | P12: 4 | Q12: 1 | R12: 3 | S12: 40703 | U12: 0 | V12: 0 | W12: 0 | X12: 14 | Y12: 1 | Z12: 13 | AA12: 40703 | AB12: 2 | AC12: 2 | AD12: 0 | AE12: 81406
B13: 9 | C13: Guante de nitrilo Largo: El guante está fabricado con una capa de 15 mils (milésimas de pulgada) de nitrilo y tiene una longitud de 13”. Los guantes deben de utilizarse para manipular los productos químicos ALTAQ evitando el contacto directo con la mano, así prevenimos cualquier alergia, irritación o quemadura. El interior del guante tiene un revestimiento de algodón que brinda mayor comodidad y facilita la postu ra y remoción del mismo. La punta de los dedos son texturizadas con un patrón en forma de rombos para darle más agarre tanto en húmedo como en seco. El resto del guante es liso, para evitar acumulación de químicos que puedan con el tiempo degradar el guante. Norma EN 420:2003 CAJA X 100 UNIDADES | D13: CAJA | E13: 10 | F13: 27218 | G13: 1 | H13: 10 | I13: 1 | J13: 9 | K13: 27218 | M13: 0 | N13: 0 | O13: 0 | Q13: 0 | R13: 0 | S13: 0 | U13: 0 | V13: 0 | W13: 0 | Y13: 0 | Z13: 0 | AA13: 0 | AC13: 0 | AD13: 0 | AE13: 0
B14: 10 | C14: BOTAS DE CAUCHO (NEGRO): Bota fabricada a mano en 100% caucho vulcanizado, impermeable. Proceso: Armado por pieza, vulcanizados en autoclave Forro: 100% algodón, super absorbente Plantilla: en espuma de caucho, forrada 100% algodón Suela: antideslizantes, resistentes a la abrasión Refuerzos: en capellada y contrafuerte Caña: reforzada Impermeabilidad: 100% Uso: industrial de construcción y uso general con suela antideslizante. Talla de acuerdo a la necesidad de la unidad | D14: PAR | E14: 5 | F14: 80953 | G14: 1 | I14: 0 | J14: 0 | K14: 0 | M14: 0 | N14: 0 | O14: 0 | Q14: 0 | R14: 0 | S14: 0 | U14: 0 | V14: 0 | W14: 0 | X14: 5 | Y14: 1 | Z14: 4 | AA14: 80953 | AC14: 0 | AD14: 0 | AE14: 0
B15: 11 | C15: BOTAS DE SEGURIDAD: Bota de seguridad: Caña alta de 8" , fabricado en cuero con puntera reforzada. NTC 2396 Botas seguridad. Tallas de acuerdo a la necesidad de la unidad | D15: PAR | E15: 11 | F15: 165519 | G15: 3 | I15: 0 | J15: 0 | K15: 0 | L15: 3 | M15: 0 | N15: 3 | O15: 0 | Q15: 0 | R15: 0 | S15: 0 | T15: 2 | U15: 1 | V15: 1 | W15: 165519 | X15: 3 | Y15: 1 | Z15: 2 | AA15: 165519 | AB15: 3 | AC15: 1 | AD15: 2 | AE15: 165519
B16: 12 | C16: GUANTES elaborados en carnaza y cuero vaqueta de calibre 2.4 mm cosidos con hilo 100 algodon refuerzo en palma y dedos amplios de facil manejo puño corto de 7 cm Color Gris | D16: PAR | E16: 6 | F16: 16489 | G16: 5 | I16: 0 | J16: 0 | K16: 0 | M16: 0 | N16: 0 | O16: 0 | P16: 4 | Q16: 3 | R16: 1 | S16: 49467 | U16: 0 | V16: 0 | W16: 0 | X16: 2 | Y16: 2 | Z16: 0 | AA16: 32978 | AC16: 0 | AD16: 0 | AE16: 0
B17: 13 | C17: GUANTES DE LATEX: seguridad biológica, evita el contagio de enfermedades, caucho natural, ambidiestros, borde enrollado, desechables con talco, guantes anatómicos 12 x 21.5 cm. caja x 100 und. | D17: CAJA | E17: 4 | F17: 31164 | G17: 4 | I17: 0 | J17: 0 | K17: 0 | M17: 0 | N17: 0 | O17: 0 | Q17: 0 | R17: 0 | S17: 0 | U17: 0 | V17: 0 | W17: 0 | X17: 4 | Y17: 4 | Z17: 0 | AA17: 124656 | AC17: 0 | AD17: 0 | AE17: 0
B18: 14 | C18: GUANTE DE CAUCHO NEGRO INDUSTRIAL Fabricado en PVC calibre 35, NTC 444 - 445 - 446 tallas 7- 8-9 | D18: PAR | E18: 31 | F18: 12081 | G18: 7 | H18: 20 | I18: 2 | J18: 18 | K18: 24162 | M18: 0 | N18: 0 | O18: 0 | Q18: 0 | R18: 0 | S18: 0 | T18: 5 | U18: 1 | V18: 4 | W18: 12081 | X18: 6 | Y18: 4 | Z18: 2 | AA18: 48324 | AC18: 0 | AD18: 0 | AE18: 0
B19: 15 | C19: DELANTAL DE SOLDADOR: Espesor con refuerzo 2,30 cm, dimensiones totales 60 x 120 cm, material cuero vacuno | D19: UNIDAD | E19: 2 | F19: 43278 | G19: 1 | I19: 0 | J19: 0 | K19: 0 | M19: 0 | N19: 0 | O19: 0 | Q19: 0 | R19: 0 | S19: 0 | T19: 2 | U19: 1 | V19: 1 | W19: 43278 | Y19: 0 | Z19: 0 | AA19: 0 | AC19: 0 | AD19: 0 | AE19: 0
B20: 16 | C20: OVEROL DE 2 PIEZAS: Tela drill verde oliva en tejido diagonal 3x1 vulcano. La mezcla de hilo en trama y urdimbre. color verde oliva para botones, cremalleras, hilos y velcros. La camisa Debe llevar parche que cubra todo el ancho de la parte del codo, con sistema de cierre botones. Debe llevar 2 cintas reflectoras color gris plata compuesta de lentes expuestos de gran ángulo reflectivo, adheridos en las mangas en la parte delantera debe llevar porta presillas confeccionadas en forma rectangular terminada en punta con ojal, ubicada en los hombros. El pantalón simétrico, bota recta, con pretina con 7 pasadores para ajuste en la cintura, la cual tiene como sistema de cierre un botón. El pantalón lleva cinta reflectora en forma simétrica ubicadas a la altura de la rodilla. Tallas de acuerdo a la necesidad de la unidad. | D20: UNIDAD | E20: 4 | F20: 143946 | G20: 3 | I20: 0 | J20: 0 | K20: 0 | M20: 0 | N20: 0 | O20: 0 | Q20: 0 | R20: 0 | S20: 0 | T20: 2 | U20: 1 | V20: 1 | W20: 143946 | X20: 2 | Y20: 2 | Z20: 0 | AA20: 287892 | AC20: 0 | AD20: 0 | AE20: 0
H21: 34 | I21: 5 | J21: 29 | K21: 457428 | L21: 11 | M21: 5 | N21: 6 | O21: 413594 | P21: 14 | Q21: 6 | R21: 8 | S21: 452455 | T21: 13 | U21: 5 | V21: 8 | W21: 465548 | X21: 52 | Y21: 19 | Z21: 33 | AA21: 1226545 | AB21: 11 | AC21: 6 | AD21: 5 | AE21: 463270 | AF21: =K21+O21+S21+W21+AA21+AE21 -> 3478840
J22: PPTO | K22: 466111 | N22: PPTO | O22: 466111 | R22: PPTO | S22: 466111 | V22: PPTO | W22: 466111 | Z22: PPTO | AA22: 1237682 | AD22: PPTO | AE22: 466111
J23: SALDO | K23: 8683 | N23: SALDO | O23: 52517 | R23: SALDO | S23: 13656 | V23: SALDO | W23: 563 | Z23: SALDO | AA23: 11137 | AD23: SALDO | AE23: 2841
H26: BASRO | L26: BIREY | P26: BAACA5 | T26: BAADA2 | X26: BILUD | AB26: BIREY
B31: -

Sheet PRESUPUESTO POR UNIDAD
B5: DOTACIÓN EPP OPERADORES PLANTAS DE TRATAMIENTO DE AGUA RESIDUAL
B6: ARTICULO PRESUPUESTAL (SIIF NACIÓN) | C6: RECURSO | D6: DESCRIPCIÓN DEL RUBRO | E6: UNIDAD BENEFICIADA | F6: PRESUPUESTO ASIGNADO MEDIANTE CDP | G6: PRESUPUESTO ADJUDICADO | H6: SALDO
B7: A-02-02-01-002-008 | C7: 10 | D7: DOTACIÓN (PRENDAS DE VESTIR Y CALZADO) | E7: BAACA 5 | F7: 466111 | G7: 452455 | H7: =F7-G7 -> 13656
E8: BAADA 2 | F8: 466111 | G8: 465548 | H8: =F8-G8 -> 563
E9: BILUD | F9: 1237682 | G9: 1226545 | H9: =F9-G9 -> 11137
E10: BIREY | F10: 466111 | G10: 463270 | H10: =F10-G10 -> 2841
B11: TOTAL PRESUPUESTO DOTACIÓN EPP PTAR | F11: =SUM(F7:F10) -> 2636015 | G11: =SUM(G7:G10) -> 2607818 | H11: =SUM(H7:H10) -> 28197
B13: DOTACIÓN EPP OPERADORES PLANTAS DE TRATAMIENTO DE AGUA POTABLE
B14: ARTICULO PRESUPUESTAL (SIIF NACIÓN) | C14: RECURSO | D14: DESCRIPCIÓN DEL RUBRO | E14: UNIDAD BENEFICIADA | F14: PRESUPUESTO ASIGNADO MEDIANTE CDP | G14: PRESUPUESTO ADJUDICADO | H14: SALDO
B15: A-02-02-01-002-008 | C15: 10 | D15: DOTACIÓN (PRENDAS DE VESTIR Y CALZADO) | E15: BASRO 48 | F15: 466111 | G15: 457428 | H15: =F15-G15 -> 8683
E16: BIREY | F16: 466111 | G16: 413594 | H16: =F16-G16 -> 52517
B17: TOTAL PRESUPUESTO DOTACIÓN EPP PTAP | F17: =SUM(F15:F16) -> 932222 | G17: =SUM(G15:G16) -> 871022 | H17: =SUM(H15:H16) -> 61200
B19: TOTAL PRESUPUESTO | F19: =+F11+F17 -> 3568237 | G19: =G11+G17 -> 3478840 | H19: =H11+H17 -> 89397

Sheet antecedentes
C2: OBJETO DEL CONTRATO Y NUMERO DE CONTRATO Y VIGENCIA | D2: MODALIDAD DE SELECCIÓN | E2: CANTIDAD DEL BIEN O SERVICIO | G2: VALOR UNITARIO INCLUIDO IVA (PARA LOS CASOS QUE APLIQUE) | H2: VALOR TOTAL DEL ITEM EN EL CONTRATO INCLUIDO IVA(PARA LOS CASOS QUE APLIQUE | I2: FORMA DE PAGO (DESCRITA EN PORCENTAJE) | J2: RUBRO PRESUPUESTAL Y VIGENCIA | K2: POFERENTES PARTICIPANTES EN EL PROCESO | L2: COMPORTAMIENTO DE LOS CONTRATISTAS (IMPOSICIÓN DE SANCIONES O PRORROGAS ) | M2: FECHA DE FIRMA DEL CONTRATO, LUGAR DE ENTREGA Y FECHA DE ENTREGA DEL BIEN O SERVICIO | P2: GARATIAS EXIGIDAS EN EL PROCESO
E3: ELEMENTO | F3: CANTIDAD | M3: FECHA DE FIRMA DEL CONTRATO | N3: LUGAR DE ENTREGA | O3: FECHA DE ENTREGA
C4: COMUNICACIÓN DE ACEPTACIÓN DE OFERTA No. 026 CENAC REGIONAL POPAYÁN 2023, PROCESO DE MÍNIMA CUANTÍA N°. 026 CENAC REGIONAL POPAYÁN 2023, CUYO OBJETO ES “PRESTACIÓN DE SERVICIO PARA EL MANTENIMIENTO DE LOS AIRES ACONDICIONADOS DE LAS UNIDADES CENTRALIZADAS POR LA CENAC REGIONAL POPAYAN PARA LAVIGENCIA 2023” | D4: MINIMA CUANTIA | E4: MANTENIMIENTO AIRES ACONDICIONADOS | F4: SEGÚN NECESIDAD | G4: 1356600 | H4: 1356600 | I4: MEDIANTE PAGO UNICO DE ACUERDO A LOS INFORMES PRESENTADOS POR EL CONTRATISTA DENTRO DE LOS SESENTA (60) DIAS SIGUIENTES A LA PRESENTACIÓN DE LA FACTURA,PREVIOCUMPLIMIENTO DE LOS REQUISITOS EXIGIDOS POR LA ENTIDAD | J4: A-02-02-02-008-007 SERVICIOS DE MANTENIMIENTO, REPARACIÓN E INSTALACIÓN (EXCEPTO SERVICIOS DECONSTRUCCIÓN) | K4: SANTIAGO FERNANDO ORTEGA SEGURA | L4: NINGUNA | M4: 25 DE JULIO DE 2022 | N4: Batallón de Apoyo y Servicio para el Combate N°. 29auca | O4: SEGÚN NECESIDAD | P4: POLIZAS
